Workbook
Name __xlnm.Print_Area: Betrieb!$A$1:$D$20
Name __xlnm.Print_Area: Ergebnis!$A$1:$F$55
Name __xlnm.Print_Area: Hofdung!$A$1:$P$34
Name __xlnm.Print_Area: Info!$A$1:$C$37
Name __xlnm.Print_Area: Mineral!$A$1:$J$28
Name __xlnm.Print_Area: N_Bedarf!$C$1:$S$31
Name __xlnm.Print_Area: Organ__Dü!$B$1:$N$27
Name __xlnm.Print_Area: Pfl_Schutz!$A$1:$F$36
Name __xlnm.Print_Area: PSM_Bestände!#REF!
Name __xlnm.Print_Area: Schw_Geflügel!$A$1:$D$103
Name __xlnm.Print_Area: 'System I'!$A$1:$U$22
Name __xlnm.Print_Area: Tiere!$B$1:$X$35
Name __xlnm.Print_Area: Betrieb!$A$1:$D$19
Name __xlnm.Print_Area_3: Ergebnis!$B$1:$F$51
Name __xlnm.Print_Area_5: Hofdung!$A$1:$P$34
Name __xlnm.Print_Area_6: Info!$A$1:$C$37
Name __xlnm.Print_Area_8: Mineral!$A$1:$J$28
Name __xlnm.Print_Area_9: N_Bedarf!$C$1:$S$32
Name _19: INDEX(PSM_Bestände!$Z$4:INDIRECT("Z"&COUNTA(PFL_Schutz_Drop_Down56[19])-COUNTBLANK(PFL_Schutz_Drop_Down56[19])+3),0,1)
Name _21: INDEX(PSM_Bestände!$Y$4:INDIRECT("Y"&COUNTA(PFL_Schutz_Drop_Down56[21])-COUNTBLANK(PFL_Schutz_Drop_Down56[21])+3),0,1)
Name _23: INDEX(PSM_Bestände!$Z$4:INDIRECT("Z"&COUNTA(PFL_Schutz_Drop_Down56[23])-COUNTBLANK(PFL_Schutz_Drop_Down56[23])+1),0,1)
Name _25: INDEX(PSM_Bestände!$AA$4:INDIRECT("AA"&COUNTA(PFL_Schutz_Drop_Down56[25])-COUNTBLANK(PFL_Schutz_Drop_Down56[25])+3),0,1)
Name _27: INDEX(PSM_Bestände!$AB$4:INDIRECT("AB"&COUNTA(PFL_Schutz_Drop_Down56[27])-COUNTBLANK(PFL_Schutz_Drop_Down56[27])+3),0,1)
Name _29: INDEX(PSM_Bestände!$AC$4:INDIRECT("AC"&COUNTA(PFL_Schutz_Drop_Down56[29])-COUNTBLANK(PFL_Schutz_Drop_Down56[29])+3),0,1)
Name _31: INDEX(PSM_Bestände!$AD$4:INDIRECT("AD"&COUNTA(PFL_Schutz_Drop_Down56[31])-COUNTBLANK(PFL_Schutz_Drop_Down56[31])+3),0,1)
Name _33: INDEX(PSM_Bestände!$AE$4:INDIRECT("AE"&COUNTA(PFL_Schutz_Drop_Down56[33])-COUNTBLANK(PFL_Schutz_Drop_Down56[33])+3),0,1)
Name _35: INDEX(PSM_Bestände!$AF$4:INDIRECT("AF"&COUNTA(PFL_Schutz_Drop_Down56[35])-COUNTBLANK(PFL_Schutz_Drop_Down56[35])+3),0,1)
Name _37: INDEX(PSM_Bestände!$AG$4:INDIRECT("AG"&COUNTA(PFL_Schutz_Drop_Down56[37])-COUNTBLANK(PFL_Schutz_Drop_Down56[37])+3),0,1)
Name _39: INDEX(PSM_Bestände!$AH$4:INDIRECT("AH"&COUNTA(PFL_Schutz_Drop_Down56[39])-COUNTBLANK(PFL_Schutz_Drop_Down56[39])+3),0,1)
Name _41: INDEX(PSM_Bestände!$AI$4:INDIRECT("AI"&COUNTA(PFL_Schutz_Drop_Down56[41])-COUNTBLANK(PFL_Schutz_Drop_Down56[41])+3),0,1)
Name _43: INDEX(PSM_Bestände!$AJ$4:INDIRECT("AJ"&COUNTA(PFL_Schutz_Drop_Down56[43])-COUNTBLANK(PFL_Schutz_Drop_Down56[43])+3),0,1)
Name _45: INDEX(PSM_Bestände!$AK$4:INDIRECT("AK"&COUNTA(PFL_Schutz_Drop_Down56[45])-COUNTBLANK(PFL_Schutz_Drop_Down56[45])+3),0,1)
Name _47: INDEX(PSM_Bestände!$AL$4:INDIRECT("AL"&COUNTA(PFL_Schutz_Drop_Down56[47])-COUNTBLANK(PFL_Schutz_Drop_Down56[47])+3),0,1)
Name _49: INDEX(PSM_Bestände!$AM$4:INDIRECT("AM"&COUNTA(PFL_Schutz_Drop_Down56[49])-COUNTBLANK(PFL_Schutz_Drop_Down56[49])+3),0,1)
Name _51: INDEX(PSM_Bestände!$AN$4:INDIRECT("AN"&COUNTA(PFL_Schutz_Drop_Down56[51])-COUNTBLANK(PFL_Schutz_Drop_Down56[51])+3),0,1)
Name _53: INDEX(PSM_Bestände!$AO$4:INDIRECT("AO"&COUNTA(PFL_Schutz_Drop_Down56[53])-COUNTBLANK(PFL_Schutz_Drop_Down56[53])+3),0,1)
Name _55: INDEX(PSM_Bestände!$AP$4:INDIRECT("AP"&COUNTA(PFL_Schutz_Drop_Down56[55])-COUNTBLANK(PFL_Schutz_Drop_Down56[55])+3),0,1)
Name _57: INDEX(PSM_Bestände!$AQ$4:INDIRECT("AQ"&COUNTA(PFL_Schutz_Drop_Down56[57])-COUNTBLANK(PFL_Schutz_Drop_Down56[57])+3),0,1)
Name _59: INDEX(PSM_Bestände!$AR$4:INDIRECT("AR"&COUNTA(PFL_Schutz_Drop_Down56[59])-COUNTBLANK(PFL_Schutz_Drop_Down56[59])+3),0,1)
Name _61: INDEX(PSM_Bestände!$AS$4:INDIRECT("AS"&COUNTA(PFL_Schutz_Drop_Down56[61])-COUNTBLANK(PFL_Schutz_Drop_Down56[61])+3),0,1)
Name _63: INDEX(PSM_Bestände!$AT$4:INDIRECT("AT"&COUNTA(PFL_Schutz_Drop_Down56[63])-COUNTBLANK(PFL_Schutz_Drop_Down56[63])+3),0,1)
Name _65: INDEX(PSM_Bestände!$AU$4:INDIRECT("AU"&COUNTA(PFL_Schutz_Drop_Down56[65])-COUNTBLANK(PFL_Schutz_Drop_Down56[65])+3),0,1)
Name _67: INDEX(PSM_Bestände!$AV$4:INDIRECT("AV"&COUNTA(PFL_Schutz_Drop_Down56[67])-COUNTBLANK(PFL_Schutz_Drop_Down56[67])+3),0,1)
Name _69: INDEX(PSM_Bestände!$AW$4:INDIRECT("AW"&COUNTA(PFL_Schutz_Drop_Down56[69])-COUNTBLANK(PFL_Schutz_Drop_Down56[69])+3),0,1)
Name _71: INDEX(PSM_Bestände!$AX$4:INDIRECT("AX"&COUNTA(PFL_Schutz_Drop_Down56[71])-COUNTBLANK(PFL_Schutz_Drop_Down56[71])+3),0,1)
Name _73: INDEX(PSM_Bestände!$AY$4:INDIRECT("AY"&COUNTA(PFL_Schutz_Drop_Down56[73])-COUNTBLANK(PFL_Schutz_Drop_Down56[73])+3),0,1)
Name _75: INDEX(PSM_Bestände!$AZ$4:INDIRECT("AZ"&COUNTA(PFL_Schutz_Drop_Down56[75])-COUNTBLANK(PFL_Schutz_Drop_Down56[75])+3),0,1)
Name Auswahl_Kulturen: Ertragsermittlung!$R$3:$R$15
Name Betriebskulturen: N_Bedarf!$B$5:$B$25
Name Liste_BIO_WD_Auswahl: INDEX(#REF!:INDIRECT("T"&COUNTA(#REF!)-COUNTBLANK(#REF!)+3),0,1)
Name Liste_Ertrag: N_Bedarf!$AJ$29:$AJ$35
Name Liste_GL_Kulturen: N_Bedarf!$AM$268:$AM$285
Name Liste_Grünland: N_Bedarf!$AK$29:$AK$31
Name Liste_Handelsdünger_A10: INDEX(Mineral!$AS$2:INDIRECT("AS"&COUNTA(Liste_Handelsünger[A10])-COUNTBLANK(Liste_Handelsünger[A10])+2),0,1)
Name Liste_Handelsdünger_A11: INDEX(Mineral!$AU$2:INDIRECT("AU"&COUNTA(Liste_Handelsünger[A11])-COUNTBLANK(Liste_Handelsünger[A11])+2),0,1)
Name Liste_Handelsdünger_A12: INDEX(Mineral!$AW$2:INDIRECT("AW"&COUNTA(Liste_Handelsünger[A12])-COUNTBLANK(Liste_Handelsünger[A12])+2),0,1)
Name Liste_Handelsdünger_A13: INDEX(Mineral!$AY$2:INDIRECT("AY"&COUNTA(Liste_Handelsünger[A13])-COUNTBLANK(Liste_Handelsünger[A13])+2),0,1)
Name Liste_Handelsdünger_A14: INDEX(Mineral!$BA$2:INDIRECT("BA"&COUNTA(Liste_Handelsünger[A14])-COUNTBLANK(Liste_Handelsünger[A14])+2),0,1)
Name Liste_Handelsdünger_A15: INDEX(Mineral!$BC$2:INDIRECT("BC"&COUNTA(Liste_Handelsünger[A15])-COUNTBLANK(Liste_Handelsünger[A15])+2),0,1)
Name Liste_Handelsdünger_A16: INDEX(Mineral!$BE$2:INDIRECT("BE"&COUNTA(Liste_Handelsünger[A16])-COUNTBLANK(Liste_Handelsünger[A16])+2),0,1)

Sheet Info
A1: LK-Düngerrechner für betriebsbezogene Aufzeichnungen | E1: Updates sind erhältlich im Internet unter: | G1: ►
C2: CC-Version vom 25. April 2022 | E2: http://www.ooe.lko.at/ | I2: Änderungen | J2: Versionshinweise
A3: Programmbeschreibung | I3: 42044 | J3: veröffentlicht
A4: Dieses Excel-Programm berechnet den gesamtbetrieblichen Nährstoffanfall und stellt diesen dem Stickstoff- und Phosphorbedarf der Kulturen gegenüber. Dies ist in der Nitrat-Aktionsprogramm-Verordnung ab 2018 für alle landwirtschaftlichen Betriebe vorgeschrieben - Ausnahmen siehe nächste Seite. | E4: Nutzungshinweise: | I4: 42223 | J4: System Immergrün neue Berechnung
E5: Es wird von den Landwirtschaftskammern, dem Ersteller und dem Agrarnet keinerlei Haftung bezüglich Softwareproblemen, Berechnungsfehler usw. und eventuellen Sanktionen durch die AMA wegen fehlerhafter Berechnungen übernommen. | I5: 42241 | J5: Flächenbezug (GVE/ha und P/ha) korrigiert
I6: 42377 | J6: Weideblatt eingefügt
I7: 42429 | J7: Formatierungen korrigiert (N-Bedarf, Syst. I.)
A8: Häufige Fragen! | E8: Trotz sorgfältiger Prüfung aller Tabellen und Rechnungsschritte sind Fehler nicht ausgeschlossen, das Ergebnis ist ohne Gewähr, es wird keinerlei Haftung übernommen und es lässt sich durch diese Berechnungen kein Anspruch auf Einhaltung der ÖPUL-Richtlinien ableiten. | J8: fehlende P-Werte Feldfutter
A9: Blattschutz | I9: 42432 | J9: Neu! Düngeplanung
A10: Die Zellen in dieser Excel-Datei sind bis auf die hellgelben und hellgrünen Zellen gesperrt, damit Daten, Berechnungsformeln und Verknüpfungen geschützt sind. Achtung - auch das Verschieben von Zellen führt zu Störungen. Die Durchrechnung wird in so einem Fall unmöglich und es taucht überall das Fehlerzeichen " # Bezug! " auf! | I10: 42436 | J10: kleine Fehlerkorrekturen zB N-Bedarf GL etc…
I11: 42445 | J11: Listenfelder verbessert
E12: Das LK-Düngeberechnungsprogramm soll nur von Personen verwendet werden, die über den aktuellen Stand der Richtlinien geschult sind. Die Tabellenblätter sollen bei Kontrollen nur in Papierform vorgelegt werden. Falsche Ergebnisse können auch durch fehlerhafte Eingaben auftreten! | I12: 42452 | J12: neu - Junghennenaufzucht mit Faktor 1,7
I13: 42488 | J13: Düngewerte für 2015 und 2016
A14: Pass- oder Kennwort? | I14: 42503 | J14: Düngeplanung Phosphormeldung korrigiert
A15: Es wird zum Gebrauch dieses Programmes kein Passwort oder Kennwort benötigt. Sollten sich keine Eingaben machen lassen und ein Kennwort verlangt werden, ist die Datei vielleicht schreibgeschützt oder es sind mehrere Tabellenblätter markiert. Nach dem Aufheben des Schreibschutzes oder der Mehrfach-Markierungen müsste eine Bearbeitung wieder möglich sein. | I15: 42513 | J15: Weideblatt Zellen freigegeben
I16: 42559 | J16: Ergänzungen in der Beschreibung
I17: 42859 | J17: Neue Düngewerte aus SGD 7. Auflage
E18: Fragen und Anregungen an: | G18: simon.kriegner-schramml@lk-ooe.at | I18: 43158 | J18: DR 20171024 ohne Makros aktualisiert
E19: Steiermark: heinrich.holzner@lk-stmk.at | G19: NÖ: josef.springer@lk-noe.at | I19: 43164 | J19: System I. Datumsgültigkeit korrigiert
A20: Drucken | I20: 43363 | J20: alle Düngezahlen mit AMA abgestimmt!
A21: Es sind auf allen Tabellenblättern Druckbereiche festgelegt. Diese können über die Befehle "Druckbereich festlegen oder aufheben" verändert werden. Diese Befehle sind im Menü Seitenlayout bzw. im alten Excel im Menü Datei / Druckbereich zu finden. | E21: Hinweise zur Orientierung | J21: System Immergrün überarbeitet u. korrigiert
E22: Stellen Sie auf den Blättern über das Menü Ansicht > Zoom jenen Zoomfaktor ein, der Ihnen ein gutes Arbeiten erlaubt. | I22: 43411 | J22: phosphorreduzierte Fütterung aktiviert
I23: 43472 | J23: optische Korrekturen
A24: Daten ins nächste Jahr übertragen? | F24: Angaben können nur in den gelben Zellen eingetragen werden | I24: 43803 | J24: Fehlermeldung bei System I. geändert
A25: Mit dieser Exceldatei können die Daten nicht in ein neues Aufzeichnungsjahr übernommen werden. Es muss jedes Jahr eine neue Excel-Datei angelegt werden. Es ist ratsam, eine neue aktualisierte Datei aus dem Internet herunterzuladen. Tier- und Flächenlisten aus der alten Datei können durch Kopieren und Einfügen in die neue Datei übertragen werden. | F25: die grünen Zellen sind Auswahlzellen, Sie können Tiere, Dünger, Kulturen etc. über ein Dropdown-Liste auswählen. Bei Eingabe einzelner Buchtsaben wird bei anschließendem Öffnen des DropDown Menüs die Auswahlmöglichkeit reduziert. Bei Auswahl von Tieren geschieht eine abgestufte Auswahl mittels Tierart und Tierunterkategorie. | I25: 43844 | J25: Sämereienvermehrung korrigiert
I26: 43881 | J26: NEU: WD-Vertrag und Ertragsermittlung
I27: 44032 | J27: NEU: PSM Tabelle aktualisiert + PSM Bestände neu
F28: in den blauen Zellen sind Berechnungsergebnisse | I28: 44222 | J28: Anpassung GVE Zahl Junghennenaufzucht; Überarbeitung System Immergrün; Formeländerung Weideblatt, PW-Wechsel
A29: Fehlermeldungen | E29: Fehlerbehebung
A30: ={#REF!} -> #REF! | B30: Wichtige Zellen wurden gelöscht oder verschoben, das Programm kann den Bezug zu diesen Zellen nicht mehr herstellen und daher nicht mehr berechnen. | E30: Störungen durch Verschieben von Zellen können nur mit dem Bearbeitungs-Befehl "Rückgängig" korrigiert werden! Sobald gespeichert wurde, ist die Datei nicht mehr korrigierbar und muss neu angelegt werden. Machen Sie daher gelegentlich Sicherungskopien von ihrer Datei. Tauchen in Berechnungsfeldern Fehlerzeichen, wie #NV (= nicht vorhanden) auf, kann die Ursache im Fehlen oder Änderungen von Grunddaten liegen. Wählen Sie die zugrunde liegenden Kulturen, Dünger etc. noch einmal neu aus und der Fehler wird meist wieder behoben sein. | I30: 12.10.2021 + 04.11.2021 + 10.12.2021 + 25.04.2022 | J30: Ergänzung bedingter Formatierungen - Bedienungsroutine; Drop Down mit Suchfunktion
A32: ={#VALUE!} -> #VALUE! | B32: Es wurden ungültige Werte eingegeben, wie zB. 10 Stück, Hektar, Kilogramm usw. Excel kann nur mit Zahlen rechnen, nicht aber mit Wörtern wie Stück usw. Es dürfen nur Zahlen bei Mengenangaben eingegeben werden! Wird statt einem Komma ein Punkt geschrieben, wird aus dieser Zahl ein Datum!
A34: ={#N/A} -> #N/A | B34: #NV bedeutet "Nicht vorhanden", das heißt es fehlen Angaben, oder sind wieder gelöscht oder verändert worden und sind jetzt nicht mehr vorhanden!

Sheet Betrieb
A1: LK-Düngerrechner für ÖPUL und die gesetzliche Aufzeichnungspflicht 2018 - 2022 | G1: ◄ | H1: ►
A3: Betriebs-Nr.: | D3: Erntejahr
A4: Name | D4: 2022
A5: Strasse
A6: PLZ + Ort
A8: Teilnahme am ÖPUL 2015 | D8: JA | F8: Gesamtbetriebliche Aufzeichnungen laut Nitrat-Aktionsprogramm-Verordnung | J8: Kurzanleitung
A9: Teilnahme Maßnahme Bio | D9: NEIN | F9: Über die Bewirtschaftung sind ab 1. Jänner 2018 folgende Daten zu dokumentieren: 1. die Größe der landwirtschaftlichen Nutzfläche; 2. die Stickstoffmenge aus Wirtschaftsdünger nach Abzug der Stall- und Lagerverluste, die a) am Betrieb anfiel, b) an andere Betriebe abgegeben oder von anderen Betrieben übernommen wurde c) und auf der eigenen landwirtschaftlichen Nutzfläche ausgebracht wurde; 3. die auf der eigenen Nutzfläche ausgebrachte Stickstoffmenge aus allen Düngern in feldfallender und jahreswirksamer Menge; 4. der Stickstoffbedarf der angebauten Kulturen unter Berücksichtigung der Vorfruchtwirkung und der Größe der Anbaufläche. • Ausgenommen sind Betriebe: mit höchstens 15 Hektar, wenn auf weniger als 2 ha Gemüse angebaut wird und alle Betriebe deren Nutzfläche (ohne Alm) zu mehr als 90% als Dauergrünland oder Ackerfutterfläche genutzt wird. • Die Daten sind bis längstens 31. März für das jeweils vorangegangene Jahr zu dokumentieren. Abweichend davon sind in Gebieten mit verstärkten Aktionen zum Schutz der Gewässer schlagbezogene Aufzeichnungen zu führen. | J9: Füllen Sie die Tabellenblätter "Betrieb", "N-Bedarf", "Tiere", "Organ.-Dü" und "Mineral-Dü" nacheinander aus! Am Tabellenblatt "Ergebnis" werden nun alle Daten dokumentiert die laut Aktionsprogramme 2018 § 7 (5) erforderlich sind. • Bei Teilnahme am System Immergrün ist das Blatt "System I" auszufüllen. • Bei Teilnahme an der Maßnahme "Bodennahe Gülleausbringung" bitte das Tabellenblatt "Bodennah" verwenden • Die im Rahmen der Lebensmittelsicherheit vorgeschriebenen Aufzeichnungen können Sie am Tabellenblatt "Pfl_Schutz" dokumentieren. Schlagbezogene Aufzeichnungen über die Düngung sind nur bei Teilnahme an der Maßnahme "Vorbeugender Grundwasserschutz" vorgeschrieben. Dazu können Sie das kostenpflichtige EDV-Aufzeichnungsprogramm "ÖDüPlan online" verwenden. Mit diesem lassen sich alle wesentlichen Aufzeichnungen und Überprüfungen, die aufgrund der gesetzlichen Richtlinien des neuen GAP (Greening) und ÖPUL 2015 erforderlich sind durchführen. Erreichbar unter folgendem Link:
A10: Teilnahme vorbeugender Grundwasserschutz Grünland in Salzburg | D10: NEIN
A11: Meine Fruchtfolge ist stickstoffzehrend! * | D11: JA
A13: Gesamte LN laut MFA-Flächennutzung: | D13: ha
A14: Summe aller Ackerflächen
A15: Summe des Dauergrün- und Dauerweidelandes
A16: Summe aller Dauer- und Spezialkulturen, wie Obst, Hopfen, Wein, Reb- und Baumschulen und Energieholzflächen
A17: Andere gedüngte Flächen, die nicht ÖPUL-LN sind (wie zB. Energieholzflächen oder Christbaumkulturen) | F17: Mit dem Ausdruck des Tabellenblattes "Ergebnis" sind die verpflichtenden Aufzeichnungen dokumentiert. Die Plausibilität des Ergebnisses kann mit den Blättern "Betrieb", "N_Bedarf", "Tiere", "Mineral", und eventuell "Organ_Dü" untermauert werden.
A18: Summe landwirtschaftliche Nutzfläche in ha | D18: =SUM(D14:D17) -> 0 | J18: http://www.bwsb.at/?+OEDuePLan+Update+&id=2500,,1783344,5491
A19: * Eine Fruchtfolge ist stickstoffzehrend, wenn 2/3 der Ackerfläche nicht mit Leguminosen, Braugerste, Sonnenblumen oder Öllein bebaut ist

Sheet N_Bedarf
C1: Kulturbezogener Stickstoff-und Phosphor-Bedarf | M1: ◄ | O1: ► | BE1: Phosphor-Bedarfswerte für Acker und Grünland | BJ1: Kali-Bedarfswerte für Acker und Grünland | BQ1: Zählenwenn für ha | BS1: Ackerkulturen | BT1: C5 | BU1: Suchformel | BV1: C6 | BW1: Suchformel2 | BX1: C7 | BY1: Suchformel3 | BZ1: C8 | CA1: Suchformel4 | CB1: C9 | CC1: Suchformel5 | CD1: C10 | CE1: Suchformel6 | CF1: C11 | CG1: Suchformel7 | CH1: C12 | CI1: Suchformel8 | CJ1: C13 | CK1: Suchformel9 | CL1: C14 | CM1: Suchformel10 | CN1: C15 | CO1: Suchformel11 | CP1: C16 | CQ1: Suchformel12 | CR1: C17 | CS1: Suchformel13 | CV1: Grünland | CW1: C20 | CX1: Suchformel | CY1: C21 | CZ1: Suchformel2 | DA1: C22 | DB1: Suchformel3 | DC1: C23 | DD1: Suchformel4 | DE1: C24 | DF1: Suchformel5 | DG1: C25 | DH1: Suchformel6
N2: Stickstoff aus Vorfrucht | AM2: Liste_Kulturen | AN2: Liste_N_Bedarf | BF2: Liste_P_Bedarf | BQ2: Acker | BS2: =0 -> 0 | BT2: =IFERROR(INDEX(Liste_Ackerkulturen_Gemüse_DropDown[Ackerkulturen],_xlfn.AGGREGATE(15,6,(ROW(Liste_Ackerkulturen_Gemüse_DropDown[Ackerkulturen])-1)/(--(SEARCH(BU$2,Liste_Ackerkulturen_Gemüse_DropDown[Ackerkulturen])>0)),ROW()-2),1),"") | BU2: =IF(N_Bedarf!$C5="","",IF(COUNTIF(Liste_Ackerkulturen_Gemüse_DropDown[Ackerkulturen],N_Bedarf!$C5),"",N_Bedarf!$C5)) | BV2: =IFERROR(INDEX(Liste_Ackerkulturen_Gemüse_DropDown[Ackerkulturen],_xlfn.AGGREGATE(15,6,(ROW(Liste_Ackerkulturen_Gemüse_DropDown[Ackerkulturen])-1)/(--(SEARCH(BW$2,Liste_Ackerkulturen_Gemüse_DropDown[Ackerkulturen])>0)),ROW()-2),1),"") | BW2: =IF(N_Bedarf!$C6="","",IF(COUNTIF(Liste_Ackerkulturen_Gemüse_DropDown[Ackerkulturen],N_Bedarf!$C6),"",N_Bedarf!$C6)) | BX2: =IFERROR(INDEX(Liste_Ackerkulturen_Gemüse_DropDown[Ackerkulturen],_xlfn.AGGREGATE(15,6,(ROW(Liste_Ackerkulturen_Gemüse_DropDown[Ackerkulturen])-1)/(--(SEARCH(BY$2,Liste_Ackerkulturen_Gemüse_DropDown[Ackerkulturen])>0)),ROW()-2),1),"") | BY2: =IF(N_Bedarf!$C7="","",IF(COUNTIF(Liste_Ackerkulturen_Gemüse_DropDown[Ackerkulturen],N_Bedarf!$C7),"",N_Bedarf!$C7)) | BZ2: =IFERROR(INDEX(Liste_Ackerkulturen_Gemüse_DropDown[Ackerkulturen],_xlfn.AGGREGATE(15,6,(ROW(Liste_Ackerkulturen_Gemüse_DropDown[Ackerkulturen])-1)/(--(SEARCH(CA$2,Liste_Ackerkulturen_Gemüse_DropDown[Ackerkulturen])>0)),ROW()-2),1),"") | CA2: =IF(N_Bedarf!$C8="","",IF(COUNTIF(Liste_Ackerkulturen_Gemüse_DropDown[Ackerkulturen],N_Bedarf!$C8),"",N_Bedarf!$C8)) | CB2: =IFERROR(INDEX(Liste_Ackerkulturen_Gemüse_DropDown[Ackerkulturen],_xlfn.AGGREGATE(15,6,(ROW(Liste_Ackerkulturen_Gemüse_DropDown[Ackerkulturen])-1)/(--(SEARCH(CC$2,Liste_Ackerkulturen_Gemüse_DropDown[Ackerkulturen])>0)),ROW()-2),1),"") | CC2: =IF(N_Bedarf!$C9="","",IF(COUNTIF(Liste_Ackerkulturen_Gemüse_DropDown[Ackerkulturen],N_Bedarf!$C9),"",N_Bedarf!$C9)) | CD2: =IFERROR(INDEX(Liste_Ackerkulturen_Gemüse_DropDown[Ackerkulturen],_xlfn.AGGREGATE(15,6,(ROW(Liste_Ackerkulturen_Gemüse_DropDown[Ackerkulturen])-1)/(--(SEARCH(CE$2,Liste_Ackerkulturen_Gemüse_DropDown[Ackerkulturen])>0)),ROW()-2),1),"") | CE2: =IF(N_Bedarf!$C10="","",IF(COUNTIF(Liste_Ackerkulturen_Gemüse_DropDown[Ackerkulturen],N_Bedarf!$C10),"",N_Bedarf!$C10)) | CF2: =IFERROR(INDEX(Liste_Ackerkulturen_Gemüse_DropDown[Ackerkulturen],_xlfn.AGGREGATE(15,6,(ROW(Liste_Ackerkulturen_Gemüse_DropDown[Ackerkulturen])-1)/(--(SEARCH(CG$2,Liste_Ackerkulturen_Gemüse_DropDown[Ackerkulturen])>0)),ROW()-2),1),"") | CG2: =IF(N_Bedarf!$C11="","",IF(COUNTIF(Liste_Ackerkulturen_Gemüse_DropDown[Ackerkulturen],N_Bedarf!$C11),"",N_Bedarf!$C11)) | CH2: =IFERROR(INDEX(Liste_Ackerkulturen_Gemüse_DropDown[Ackerkulturen],_xlfn.AGGREGATE(15,6,(ROW(Liste_Ackerkulturen_Gemüse_DropDown[Ackerkulturen])-1)/(--(SEARCH(CI$2,Liste_Ackerkulturen_Gemüse_DropDown[Ackerkulturen])>0)),ROW()-2),1),"") | CI2: =IF(N_Bedarf!$C12="","",IF(COUNTIF(Liste_Ackerkulturen_Gemüse_DropDown[Ackerkulturen],N_Bedarf!$C12),"",N_Bedarf!$C12)) | CJ2: =IFERROR(INDEX(Liste_Ackerkulturen_Gemüse_DropDown[Ackerkulturen],_xlfn.AGGREGATE(15,6,(ROW(Liste_Ackerkulturen_Gemüse_DropDown[Ackerkulturen])-1)/(--(SEARCH(CK$2,Liste_Ackerkulturen_Gemüse_DropDown[Ackerkulturen])>0)),ROW()-2),1),"") | CK2: =IF(N_Bedarf!$C13="","",IF(COUNTIF(Liste_Ackerkulturen_Gemüse_DropDown[Ackerkulturen],N_Bedarf!$C13),"",N_Bedarf!$C13)) | CL2: =IFERROR(INDEX(Liste_Ackerkulturen_Gemüse_DropDown[Ackerkulturen],_xlfn.AGGREGATE(15,6,(ROW(Liste_Ackerkulturen_Gemüse_DropDown[Ackerkulturen])-1)/(--(SEARCH(CM$2,Liste_Ackerkulturen_Gemüse_DropDown[Ackerkulturen])>0)),ROW()-2),1),"") | CM2: =IF(N_Bedarf!$C14="","",IF(COUNTIF(Liste_Ackerkulturen_Gemüse_DropDown[Ackerkulturen],N_Bedarf!$C14),"",N_Bedarf!$C14)) | CN2: =IFERROR(INDEX(Liste_Ackerkulturen_Gemüse_DropDown[Ackerkulturen],_xlfn.AGGREGATE(15,6,(ROW(Liste_Ackerkulturen_Gemüse_DropDown[Ackerkulturen])-1)/(--(SEARCH(CO$2,Liste_Ackerkulturen_Gemüse_DropDown[Ackerkulturen])>0)),ROW()-2),1),"") | CO2: =IF(N_Bedarf!$C15="","",IF(COUNTIF(Liste_Ackerkulturen_Gemüse_DropDown[Ackerkulturen],N_Bedarf!$C15),"",N_Bedarf!$C15)) | CP2: =IFERROR(INDEX(Liste_Ackerkulturen_Gemüse_DropDown[Ackerkulturen],_xlfn.AGGREGATE(15,6,(ROW(Liste_Ackerkulturen_Gemüse_DropDown[Ackerkulturen])-1)/(--(SEARCH(CQ$2,Liste_Ackerkulturen_Gemüse_DropDown[Ackerkulturen])>0)),ROW()-2),1),"") | CQ2: =IF(N_Bedarf!$C16="","",IF(COUNTIF(Liste_Ackerkulturen_Gemüse_DropDown[Ackerkulturen],N_Bedarf!$C16),"",N_Bedarf!$C16)) | CR2: =IFERROR(INDEX(Liste_Ackerkulturen_Gemüse_DropDown[Ackerkulturen],_xlfn.AGGREGATE(15,6,(ROW(Liste_Ackerkulturen_Gemüse_DropDown[Ackerkulturen])-1)/(--(SEARCH(CS$2,Liste_Ackerkulturen_Gemüse_DropDown[Ackerkulturen])>0)),ROW()-2),1),"") | CS2: =IF(N_Bedarf!$C17="","",IF(COUNTIF(Liste_Ackerkulturen_Gemüse_DropDown[Ackerkulturen],N_Bedarf!$C17),"",N_Bedarf!$C17)) | CV2: =0 -> 0 | CW2: =IFERROR(INDEX(Liste_Grünland_DropDown[Grünland],_xlfn.AGGREGATE(15,6,(ROW(Liste_Grünland_DropDown[Grünland])-1)/(--(SEARCH(CX$2,Liste_Grünland_DropDown[Grünland])>0)),ROW()-2),1),"") | CX2: =IF(N_Bedarf!$C20="","",IF(COUNTIF(Liste_Grünland_DropDown[Grünland],N_Bedarf!$C20),"",N_Bedarf!$C20)) | CY2: =IFERROR(INDEX(Liste_Grünland_DropDown[Grünland],_xlfn.AGGREGATE(15,6,(ROW(Liste_Grünland_DropDown[Grünland])-1)/(--(SEARCH(CZ$2,Liste_Grünland_DropDown[Grünland])>0)),ROW()-2),1),"") | CZ2: =IF(N_Bedarf!$C21="","",IF(COUNTIF(Liste_Grünland_DropDown[Grünland],N_Bedarf!$C21),"",N_Bedarf!$C21)) | DA2: =IFERROR(INDEX(Liste_Grünland_DropDown[Grünland],_xlfn.AGGREGATE(15,6,(ROW(Liste_Grünland_DropDown[Grünland])-1)/(--(SEARCH(DB$2,Liste_Grünland_DropDown[Grünland])>0)),ROW()-2),1),"") | DB2: =IF(N_Bedarf!$C22="","",IF(COUNTIF(Liste_Grünland_DropDown[Grünland],N_Bedarf!$C22),"",N_Bedarf!$C22)) | DC2: =IFERROR(INDEX(Liste_Grünland_DropDown[Grünland],_xlfn.AGGREGATE(15,6,(ROW(Liste_Grünland_DropDown[Grünland])-1)/(--(SEARCH(DD$2,Liste_Grünland_DropDown[Grünland])>0)),ROW()-2),1),"") | DD2: =IF(N_Bedarf!$C23="","",IF(COUNTIF(Liste_Grünland_DropDown[Grünland],N_Bedarf!$C23),"",N_Bedarf!$C23)) | DE2: =IFERROR(INDEX(Liste_Grünland_DropDown[Grünland],_xlfn.AGGREGATE(15,6,(ROW(Liste_Grünland_DropDown[Grünland])-1)/(--(SEARCH(DF$2,Liste_Grünland_DropDown[Grünland])>0)),ROW()-2),1),"") | DF2: =IF(N_Bedarf!$C24="","",IF(COUNTIF(Liste_Grünland_DropDown[Grünland],N_Bedarf!$C24),"",N_Bedarf!$C24)) | DG2: =IFERROR(INDEX(Liste_Grünland_DropDown[Grünland],_xlfn.AGGREGATE(15,6,(ROW(Liste_Grünland_DropDown[Grünland])-1)/(--(SEARCH(DH$2,Liste_Grünland_DropDown[Grünland])>0)),ROW()-2),1),"") | DH2: =IF(N_Bedarf!$C25="","",IF(COUNTIF(Liste_Grünland_DropDown[Grünland],N_Bedarf!$C25),"",N_Bedarf!$C25))
C3: Ackerkultur / Nutzung | E3: Kultur-fläche | F3: Ertragslage | H3: maximale N-Bedarfswerte | J3: N-Menge je Kultur | K3: Phosphor-Werte bei C-Versorgung | M3: P-Menge je Kultur | N3: Vorfruchtwirkung | Q3: Fläche | R3: Stickstoff | U3: Ertragslagen | AE3: Ausgabe Ertragslage Tonnage | AF3: Flächen mit N Bedarf | AG3: Entzugs-wert | AH3: Ausgabe N_Bedarf | AI3: Ausgabe P_Bedarf | AJ3: Ausgabe K_Bedarf | AK3: Rück-lieferung | AL3: Vorfrucht-wirkung | AN3: niedrig | AO3: t/ha | AP3: mittel | AQ3: t/ha | AR3: hoch 1 | AS3: t/ha | AT3: hoch 2 | AU3: t/ha | AV3: hoch 3 | AW3: t/ha | AX3: GW-mittel | AY3: t/ha | AZ3: GW-hoch | BA3: t/ha | BB3: Entzugs- wert nach Anhang P | BC3: Vorf.-wirkung | BF3: niedrig | BG3: mittel | BH3: hoch 1 | BK3: niedrig | BL3: mittel | BM3: hoch 1 | BN3: Getreide-Stroh- abfuhr | BO3: Stroh am Feld | BQ3: =IFERROR(COUNTIF(Liste_Ackerkulturen_Gemüse_DropDown[Ackerkulturen],N_Bedarf!$C5),0) -> 1 | BS3: Weizen < 14 % Rohprotein | BT3: =IFERROR(INDEX(Liste_Ackerkulturen_Gemüse_DropDown[Ackerkulturen],_xlfn.AGGREGATE(15,6,(ROW(Liste_Ackerkulturen_Gemüse_DropDown[Ackerkulturen])-1)/(--(SEARCH(BU$2,Liste_Ackerkulturen_Gemüse_DropDown[Ackerkulturen])>0)),ROW()-2),1),"") -> 0 | BV3: =IFERROR(INDEX(Liste_Ackerkulturen_Gemüse_DropDown[Ackerkulturen],_xlfn.AGGREGATE(15,6,(ROW(Liste_Ackerkulturen_Gemüse_DropDown[Ackerkulturen])-1)/(--(SEARCH(BW$2,Liste_Ackerkulturen_Gemüse_DropDown[Ackerkulturen])>0)),ROW()-2),1),"") -> 0 | BX3: =IFERROR(INDEX(Liste_Ackerkulturen_Gemüse_DropDown[Ackerkulturen],_xlfn.AGGREGATE(15,6,(ROW(Liste_Ackerkulturen_Gemüse_DropDown[Ackerkulturen])-1)/(--(SEARCH(BY$2,Liste_Ackerkulturen_Gemüse_DropDown[Ackerkulturen])>0)),ROW()-2),1),"") -> 0 | BZ3: =IFERROR(INDEX(Liste_Ackerkulturen_Gemüse_DropDown[Ackerkulturen],_xlfn.AGGREGATE(15,6,(ROW(Liste_Ackerkulturen_Gemüse_DropDown[Ackerkulturen])-1)/(--(SEARCH(CA$2,Liste_Ackerkulturen_Gemüse_DropDown[Ackerkulturen])>0)),ROW()-2),1),"") -> 0 | CB3: =IFERROR(INDEX(Liste_Ackerkulturen_Gemüse_DropDown[Ackerkulturen],_xlfn.AGGREGATE(15,6,(ROW(Liste_Ackerkulturen_Gemüse_DropDown[Ackerkulturen])-1)/(--(SEARCH(CC$2,Liste_Ackerkulturen_Gemüse_DropDown[Ackerkulturen])>0)),ROW()-2),1),"") -> 0 | CD3: =IFERROR(INDEX(Liste_Ackerkulturen_Gemüse_DropDown[Ackerkulturen],_xlfn.AGGREGATE(15,6,(ROW(Liste_Ackerkulturen_Gemüse_DropDown[Ackerkulturen])-1)/(--(SEARCH(CE$2,Liste_Ackerkulturen_Gemüse_DropDown[Ackerkulturen])>0)),ROW()-2),1),"") -> 0 | CF3: =IFERROR(INDEX(Liste_Ackerkulturen_Gemüse_DropDown[Ackerkulturen],_xlfn.AGGREGATE(15,6,(ROW(Liste_Ackerkulturen_Gemüse_DropDown[Ackerkulturen])-1)/(--(SEARCH(CG$2,Liste_Ackerkulturen_Gemüse_DropDown[Ackerkulturen])>0)),ROW()-2),1),"") -> 0 | CH3: =IFERROR(INDEX(Liste_Ackerkulturen_Gemüse_DropDown[Ackerkulturen],_xlfn.AGGREGATE(15,6,(ROW(Liste_Ackerkulturen_Gemüse_DropDown[Ackerkulturen])-1)/(--(SEARCH(CI$2,Liste_Ackerkulturen_Gemüse_DropDown[Ackerkulturen])>0)),ROW()-2),1),"") -> 0 | CJ3: =IFERROR(INDEX(Liste_Ackerkulturen_Gemüse_DropDown[Ackerkulturen],_xlfn.AGGREGATE(15,6,(ROW(Liste_Ackerkulturen_Gemüse_DropDown[Ackerkulturen])-1)/(--(SEARCH(CK$2,Liste_Ackerkulturen_Gemüse_DropDown[Ackerkulturen])>0)),ROW()-2),1),"") -> 0 | CL3: =IFERROR(INDEX(Liste_Ackerkulturen_Gemüse_DropDown[Ackerkulturen],_xlfn.AGGREGATE(15,6,(ROW(Liste_Ackerkulturen_Gemüse_DropDown[Ackerkulturen])-1)/(--(SEARCH(CM$2,Liste_Ackerkulturen_Gemüse_DropDown[Ackerkulturen])>0)),ROW()-2),1),"") -> 0 | CN3: =IFERROR(INDEX(Liste_Ackerkulturen_Gemüse_DropDown[Ackerkulturen],_xlfn.AGGREGATE(15,6,(ROW(Liste_Ackerkulturen_Gemüse_DropDown[Ackerkulturen])-1)/(--(SEARCH(CO$2,Liste_Ackerkulturen_Gemüse_DropDown[Ackerkulturen])>0)),ROW()-2),1),"") -> 0 | CP3: =IFERROR(INDEX(Liste_Ackerkulturen_Gemüse_DropDown[Ackerkulturen],_xlfn.AGGREGATE(15,6,(ROW(Liste_Ackerkulturen_Gemüse_DropDown[Ackerkulturen])-1)/(--(SEARCH(CQ$2,Liste_Ackerkulturen_Gemüse_DropDown[Ackerkulturen])>0)),ROW()-2),1),"") -> 0 | CR3: =IFERROR(INDEX(Liste_Ackerkulturen_Gemüse_DropDown[Ackerkulturen],_xlfn.AGGREGATE(15,6,(ROW(Liste_Ackerkulturen_Gemüse_DropDown[Ackerkulturen])-1)/(--(SEARCH(CS$2,Liste_Ackerkulturen_Gemüse_DropDown[Ackerkulturen])>0)),ROW()-2),1),"") -> 0 | CV3: GL < 40 % Leguminosen 1 Nutzung | CW3: =IFERROR(INDEX(Liste_Grünland_DropDown[Grünland],_xlfn.AGGREGATE(15,6,(ROW(Liste_Grünland_DropDown[Grünland])-1)/(--(SEARCH(CX$2,Liste_Grünland_DropDown[Grünland])>0)),ROW()-2),1),"") -> 0 | CY3: =IFERROR(INDEX(Liste_Grünland_DropDown[Grünland],_xlfn.AGGREGATE(15,6,(ROW(Liste_Grünland_DropDown[Grünland])-1)/(--(SEARCH(CZ$2,Liste_Grünland_DropDown[Grünland])>0)),ROW()-2),1),"") -> 0 | DA3: =IFERROR(INDEX(Liste_Grünland_DropDown[Grünland],_xlfn.AGGREGATE(15,6,(ROW(Liste_Grünland_DropDown[Grünland])-1)/(--(SEARCH(DB$2,Liste_Grünland_DropDown[Grünland])>0)),ROW()-2),1),"") -> 0 | DC3: =IFERROR(INDEX(Liste_Grünland_DropDown[Grünland],_xlfn.AGGREGATE(15,6,(ROW(Liste_Grünland_DropDown[Grünland])-1)/(--(SEARCH(DD$2,Liste_Grünland_DropDown[Grünland])>0)),ROW()-2),1),"") -> 0 | DE3: =IFERROR(INDEX(Liste_Grünland_DropDown[Grünland],_xlfn.AGGREGATE(15,6,(ROW(Liste_Grünland_DropDown[Grünland])-1)/(--(SEARCH(DF$2,Liste_Grünland_DropDown[Grünland])>0)),ROW()-2),1),"") -> 0 | DG3: =IFERROR(INDEX(Liste_Grünland_DropDown[Grünland],_xlfn.AGGREGATE(15,6,(ROW(Liste_Grünland_DropDown[Grünland])-1)/(--(SEARCH(DH$2,Liste_Grünland_DropDown[Grünland])>0)),ROW()-2),1),"") -> 0
C4: Kultur hier auswählen oder händisch laut unteren Tabellen eintragen | E4: ha | F4: niedrig - hoch 3 | G4: t/ha | H4: händisch | J4: kg | K4: händisch | L4: vorge- geben | M4: kg | Q4: ha | R4: kg N / ha | S4: N gesamt | U4: Die Düngung ist auf langjährige Durchschnittserträge abzustimmen. Es gelten für alle Betriebe die Düngezahlen des Aktionsprogramm Nitrat. Bei der Teilnahme an der ÖPUL-Maßnahme "Vorbeugender Grundwasserschutz" in Salzburg gelten die Düngeobergrenzen für den vorbeugenden Grundwasserschutz! | AE4: t/ha | AF4: ha | AG4: kg | AH4: kg | AI4: kg | AJ4: kg | AK4: kg | AN4: 2 | AO4: 3 | AP4: 4 | AQ4: 5 | AR4: 6 | AS4: 7 | AT4: 8 | AU4: 9 | AV4: 10 | AW4: 11 | AX4: 12 | AY4: 13 | AZ4: 14 | BA4: 15 | BB4: 16 | BC4: 17 | BF4: kg P/ha | BG4: kg P/ha | BH4: kg P/ha | BK4: kg K/ha | BL4: kg K/ha | BM4: kg K/ha | BN4: kg K/ha | BO4: kg K/ha | BQ4: =IFERROR(COUNTIF(Liste_Ackerkulturen_Gemüse_DropDown[Ackerkulturen],N_Bedarf!$C6),0) -> 2 | BS4: Weizen ≥ 14 % Rohprotein | BT4: =IFERROR(INDEX(Liste_Ackerkulturen_Gemüse_DropDown[Ackerkulturen],_xlfn.AGGREGATE(15,6,(ROW(Liste_Ackerkulturen_Gemüse_DropDown[Ackerkulturen])-1)/(--(SEARCH(BU$2,Liste_Ackerkulturen_Gemüse_DropDown[Ackerkulturen])>0)),ROW()-2),1),"") -> Weizen < 14 % Rohprotein | BV4: =IFERROR(INDEX(Liste_Ackerkulturen_Gemüse_DropDown[Ackerkulturen],_xlfn.AGGREGATE(15,6,(ROW(Liste_Ackerkulturen_Gemüse_DropDown[Ackerkulturen])-1)/(--(SEARCH(BW$2,Liste_Ackerkulturen_Gemüse_DropDown[Ackerkulturen])>0)),ROW()-2),1),"") -> Weizen < 14 % Rohprotein | BX4: =IFERROR(INDEX(Liste_Ackerkulturen_Gemüse_DropDown[Ackerkulturen],_xlfn.AGGREGATE(15,6,(ROW(Liste_Ackerkulturen_Gemüse_DropDown[Ackerkulturen])-1)/(--(SEARCH(BY$2,Liste_Ackerkulturen_Gemüse_DropDown[Ackerkulturen])>0)),ROW()-2),1),"") -> Weizen < 14 % Rohprotein | BZ4: =IFERROR(INDEX(Liste_Ackerkulturen_Gemüse_DropDown[Ackerkulturen],_xlfn.AGGREGATE(15,6,(ROW(Liste_Ackerkulturen_Gemüse_DropDown[Ackerkulturen])-1)/(--(SEARCH(CA$2,Liste_Ackerkulturen_Gemüse_DropDown[Ackerkulturen])>0)),ROW()-2),1),"") -> Weizen < 14 % Rohprotein | CB4: =IFERROR(INDEX(Liste_Ackerkulturen_Gemüse_DropDown[Ackerkulturen],_xlfn.AGGREGATE(15,6,(ROW(Liste_Ackerkulturen_Gemüse_DropDown[Ackerkulturen])-1)/(--(SEARCH(CC$2,Liste_Ackerkulturen_Gemüse_DropDown[Ackerkulturen])>0)),ROW()-2),1),"") -> Weizen < 14 % Rohprotein | CD4: =IFERROR(INDEX(Liste_Ackerkulturen_Gemüse_DropDown[Ackerkulturen],_xlfn.AGGREGATE(15,6,(ROW(Liste_Ackerkulturen_Gemüse_DropDown[Ackerkulturen])-1)/(--(SEARCH(CE$2,Liste_Ackerkulturen_Gemüse_DropDown[Ackerkulturen])>0)),ROW()-2),1),"") -> Weizen < 14 % Rohprotein | CF4: =IFERROR(INDEX(Liste_Ackerkulturen_Gemüse_DropDown[Ackerkulturen],_xlfn.AGGREGATE(15,6,(ROW(Liste_Ackerkulturen_Gemüse_DropDown[Ackerkulturen])-1)/(--(SEARCH(CG$2,Liste_Ackerkulturen_Gemüse_DropDown[Ackerkulturen])>0)),ROW()-2),1),"") -> Weizen < 14 % Rohprotein | CH4: =IFERROR(INDEX(Liste_Ackerkulturen_Gemüse_DropDown[Ackerkulturen],_xlfn.AGGREGATE(15,6,(ROW(Liste_Ackerkulturen_Gemüse_DropDown[Ackerkulturen])-1)/(--(SEARCH(CI$2,Liste_Ackerkulturen_Gemüse_DropDown[Ackerkulturen])>0)),ROW()-2),1),"") -> Weizen < 14 % Rohprotein | CJ4: =IFERROR(INDEX(Liste_Ackerkulturen_Gemüse_DropDown[Ackerkulturen],_xlfn.AGGREGATE(15,6,(ROW(Liste_Ackerkulturen_Gemüse_DropDown[Ackerkulturen])-1)/(--(SEARCH(CK$2,Liste_Ackerkulturen_Gemüse_DropDown[Ackerkulturen])>0)),ROW()-2),1),"") -> Weizen < 14 % Rohprotein | CL4: =IFERROR(INDEX(Liste_Ackerkulturen_Gemüse_DropDown[Ackerkulturen],_xlfn.AGGREGATE(15,6,(ROW(Liste_Ackerkulturen_Gemüse_DropDown[Ackerkulturen])-1)/(--(SEARCH(CM$2,Liste_Ackerkulturen_Gemüse_DropDown[Ackerkulturen])>0)),ROW()-2),1),"") -> Weizen < 14 % Rohprotein | CN4: =IFERROR(INDEX(Liste_Ackerkulturen_Gemüse_DropDown[Ackerkulturen],_xlfn.AGGREGATE(15,6,(ROW(Liste_Ackerkulturen_Gemüse_DropDown[Ackerkulturen])-1)/(--(SEARCH(CO$2,Liste_Ackerkulturen_Gemüse_DropDown[Ackerkulturen])>0)),ROW()-2),1),"") -> Weizen < 14 % Rohprotein | CP4: =IFERROR(INDEX(Liste_Ackerkulturen_Gemüse_DropDown[Ackerkulturen],_xlfn.AGGREGATE(15,6,(ROW(Liste_Ackerkulturen_Gemüse_DropDown[Ackerkulturen])-1)/(--(SEARCH(CQ$2,Liste_Ackerkulturen_Gemüse_DropDown[Ackerkulturen])>0)),ROW()-2),1),"") -> Weizen < 14 % Rohprotein | CR4: =IFERROR(INDEX(Liste_Ackerkulturen_Gemüse_DropDown[Ackerkulturen],_xlfn.AGGREGATE(15,6,(ROW(Liste_Ackerkulturen_Gemüse_DropDown[Ackerkulturen])-1)/(--(SEARCH(CS$2,Liste_Ackerkulturen_Gemüse_DropDown[Ackerkulturen])>0)),ROW()-2),1),"") -> Weizen < 14 % Rohprotein | CV4: GL < 40 % Leguminosen 2 Nutzungen | CW4: =IFERROR(INDEX(Liste_Grünland_DropDown[Grünland],_xlfn.AGGREGATE(15,6,(ROW(Liste_Grünland_DropDown[Grünland])-1)/(--(SEARCH(CX$2,Liste_Grünland_DropDown[Grünland])>0)),ROW()-2),1),"") -> GL < 40 % Leguminosen 1 Nutzung | CY4: =IFERROR(INDEX(Liste_Grünland_DropDown[Grünland],_xlfn.AGGREGATE(15,6,(ROW(Liste_Grünland_DropDown[Grünland])-1)/(--(SEARCH(CZ$2,Liste_Grünland_DropDown[Grünland])>0)),ROW()-2),1),"") -> GL < 40 % Leguminosen 1 Nutzung | DA4: =IFERROR(INDEX(Liste_Grünland_DropDown[Grünland],_xlfn.AGGREGATE(15,6,(ROW(Liste_Grünland_DropDown[Grünland])-1)/(--(SEARCH(DB$2,Liste_Grünland_DropDown[Grünland])>0)),ROW()-2),1),"") -> GL < 40 % Leguminosen 1 Nutzung | DC4: =IFERROR(INDEX(Liste_Grünland_DropDown[Grünland],_xlfn.AGGREGATE(15,6,(ROW(Liste_Grünland_DropDown[Grünland])-1)/(--(SEARCH(DD$2,Liste_Grünland_DropDown[Grünland])>0)),ROW()-2),1),"") -> GL < 40 % Leguminosen 1 Nutzung | DE4: =IFERROR(INDEX(Liste_Grünland_DropDown[Grünland],_xlfn.AGGREGATE(15,6,(ROW(Liste_Grünland_DropDown[Grünland])-1)/(--(SEARCH(DF$2,Liste_Grünland_DropDown[Grünland])>0)),ROW()-2),1),"") -> GL < 40 % Leguminosen 1 Nutzung | DG4: =IFERROR(INDEX(Liste_Grünland_DropDown[Grünland],_xlfn.AGGREGATE(15,6,(ROW(Liste_Grünland_DropDown[Grünland])-1)/(--(SEARCH(DH$2,Liste_Grünland_DropDown[Grünland])>0)),ROW()-2),1),"") -> GL < 40 % Leguminosen 1 Nutzung
A5: a | B5: =CONCATENATE(A5," - ",C5) -> a - | G5: =IF(ISERROR(AE5),"",AE5) | I5: =IF(AND(ISNA(AH5),ISBLANK(C5)),0,IF(ISNA(AH5),H5,AH5)) -> 0 | J5: =E5*I5 -> 0 | L5: =IF(ISNA(AI5),0,AI5) -> 0 | M5: =IF(ISBLANK(K5),E5*L5,E5*K5) -> 0 | N5: Ackerbohne, Körnererbse | R5: 20 | S5: =Q5*R5 -> 0 | AE5: =IFERROR(IF(OR(C5="",E5="",F5=""),"",(IF(F5="niedrig",VLOOKUP(C5,Liste_N_Bedarf,3,0),IF(F5="mittel",VLOOKUP(C5,Liste_N_Bedarf,5,0),IF(F5="hoch 1",VLOOKUP(C5,Liste_N_Bedarf,7,0),IF(F5="hoch 2",VLOOKUP(C5,Liste_N_Bedarf,9,0),IF(F5="hoch 3",VLOOKUP(C5,Liste_N_Bedarf,11,0),IF(F5="GW-mittel",VLOOKUP(C5,Liste_N_Bedarf,13,0),IF(F5="GW-hoch",VLOOKUP(C5,Liste_N_Bedarf,15,0)))))))))),"") | AF5: =IF(J5>0,E5,0) -> 0 | AG5: =IF(ISBLANK(F5),0,VLOOKUP(C5,Liste_N_Bedarf,9,0)) -> 0 | AH5: =IF(F5="niedrig",VLOOKUP(C5,Liste_N_Bedarf,2,0),IF(F5="mittel",VLOOKUP(C5,Liste_N_Bedarf,4,0),IF(F5="hoch 1",VLOOKUP(C5,Liste_N_Bedarf,6,0),IF(F5="hoch 2",VLOOKUP(C5,Liste_N_Bedarf,8,0),IF(F5="hoch 3",VLOOKUP(C5,Liste_N_Bedarf,10,0),IF(F5="GW-mittel",VLOOKUP(C5,Liste_N_Bedarf,12,0),IF(F5="GW-hoch",VLOOKUP(C5,Liste_N_Bedarf,14,0),0))))))) -> 0 | AI5: =IF(F5="niedrig",VLOOKUP(C5,Liste_P_Bedarf,2,0),IF(F5="GW-mittel",VLOOKUP(C5,Liste_P_Bedarf,3,0),IF(F5="mittel",VLOOKUP(C5,Liste_P_Bedarf,3,0),IF(F5="GW-hoch",VLOOKUP(C5,Liste_P_Bedarf,4,0),IF(F5="hoch 1",VLOOKUP(C5,Liste_P_Bedarf,4,0),IF(F5="hoch 2",VLOOKUP(C5,Liste_P_Bedarf,4,0),IF(F5="hoch 3",VLOOKUP(C5,Liste_P_Bedarf,4,0),0))))))) -> 0 | AJ5: =IF(F5="niedrig",VLOOKUP(C5,Liste_K_Bedarf,2,0),IF(F5="GW-mittel",VLOOKUP(C5,Liste_K_Bedarf,3,0),IF(F5="mittel",VLOOKUP(C5,Liste_K_Bedarf,3,0),IF(F5="GW-hoch",VLOOKUP(C5,Liste_K_Bedarf,4,0),IF(F5="hoch 1",VLOOKUP(C5,Liste_K_Bedarf,4,0),IF(F5="hoch 2",VLOOKUP(C5,Liste_K_Bedarf,4,0),IF(F5="hoch 3",VLOOKUP(C5,Liste_K_Bedarf,4,0),0))))))) -> 0 | AK5: =IF(ISBLANK(F5),0,VLOOKUP(C5,Liste_K_Bedarf,5,0)) -> 0 | AL5: =IF(ISBLANK(F5),0,VLOOKUP(C5,Liste_N_Bedarf,17,0)) -> 0 | AM5: Weizen < 14 % Rohprotein | AN5: 105 | AO5: < 4,5 | AP5: 145 | AQ5: 4,5 - 6,0 | AR5: 170 | AS5: 6,0 - 7,5 | AT5: 180 | AU5: 7,5 - 9,0 | AV5: 195 | AW5: > 9,0 | AX5: 130 | AY5: 4,5 - 6,0 | AZ5: 150 | BA5: > 6,0 | BB5: 20 | BE5: Weizen < 14 % Rohprotein | BF5: 50 | BG5: 55 | BH5: 65 | BJ5: Weizen < 14 % Rohprotein | BK5: 70 | BL5: 80 | BM5: 90 | BN5: =IF('Kali u Kosten'!$H$3="ja",BO5,IF($V$27="nein",0,0)) -> 50 | BO5: 50 | BQ5: =IFERROR(COUNTIF(Liste_Ackerkulturen_Gemüse_DropDown[Ackerkulturen],N_Bedarf!$C7),0) -> 2 | BS5: Durum - Hartweizen | BT5: =IFERROR(INDEX(Liste_Ackerkulturen_Gemüse_DropDown[Ackerkulturen],_xlfn.AGGREGATE(15,6,(ROW(Liste_Ackerkulturen_Gemüse_DropDown[Ackerkulturen])-1)/(--(SEARCH(BU$2,Liste_Ackerkulturen_Gemüse_DropDown[Ackerkulturen])>0)),ROW()-2),1),"") -> Weizen ≥ 14 % Rohprotein | BV5: =IFERROR(INDEX(Liste_Ackerkulturen_Gemüse_DropDown[Ackerkulturen],_xlfn.AGGREGATE(15,6,(ROW(Liste_Ackerkulturen_Gemüse_DropDown[Ackerkulturen])-1)/(--(SEARCH(BW$2,Liste_Ackerkulturen_Gemüse_DropDown[Ackerkulturen])>0)),ROW()-2),1),"") -> Weizen ≥ 14 % Rohprotein | BX5: =IFERROR(INDEX(Liste_Ackerkulturen_Gemüse_DropDown[Ackerkulturen],_xlfn.AGGREGATE(15,6,(ROW(Liste_Ackerkulturen_Gemüse_DropDown[Ackerkulturen])-1)/(--(SEARCH(BY$2,Liste_Ackerkulturen_Gemüse_DropDown[Ackerkulturen])>0)),ROW()-2),1),"") -> Weizen ≥ 14 % Rohprotein | BZ5: =IFERROR(INDEX(Liste_Ackerkulturen_Gemüse_DropDown[Ackerkulturen],_xlfn.AGGREGATE(15,6,(ROW(Liste_Ackerkulturen_Gemüse_DropDown[Ackerkulturen])-1)/(--(SEARCH(CA$2,Liste_Ackerkulturen_Gemüse_DropDown[Ackerkulturen])>0)),ROW()-2),1),"") -> Weizen ≥ 14 % Rohprotein | CB5: =IFERROR(INDEX(Liste_Ackerkulturen_Gemüse_DropDown[Ackerkulturen],_xlfn.AGGREGATE(15,6,(ROW(Liste_Ackerkulturen_Gemüse_DropDown[Ackerkulturen])-1)/(--(SEARCH(CC$2,Liste_Ackerkulturen_Gemüse_DropDown[Ackerkulturen])>0)),ROW()-2),1),"") -> Weizen ≥ 14 % Rohprotein | CD5: =IFERROR(INDEX(Liste_Ackerkulturen_Gemüse_DropDown[Ackerkulturen],_xlfn.AGGREGATE(15,6,(ROW(Liste_Ackerkulturen_Gemüse_DropDown[Ackerkulturen])-1)/(--(SEARCH(CE$2,Liste_Ackerkulturen_Gemüse_DropDown[Ackerkulturen])>0)),ROW()-2),1),"") -> Weizen ≥ 14 % Rohprotein | CF5: =IFERROR(INDEX(Liste_Ackerkulturen_Gemüse_DropDown[Ackerkulturen],_xlfn.AGGREGATE(15,6,(ROW(Liste_Ackerkulturen_Gemüse_DropDown[Ackerkulturen])-1)/(--(SEARCH(CG$2,Liste_Ackerkulturen_Gemüse_DropDown[Ackerkulturen])>0)),ROW()-2),1),"") -> Weizen ≥ 14 % Rohprotein | CH5: =IFERROR(INDEX(Liste_Ackerkulturen_Gemüse_DropDown[Ackerkulturen],_xlfn.AGGREGATE(15,6,(ROW(Liste_Ackerkulturen_Gemüse_DropDown[Ackerkulturen])-1)/(--(SEARCH(CI$2,Liste_Ackerkulturen_Gemüse_DropDown[Ackerkulturen])>0)),ROW()-2),1),"") -> Weizen ≥ 14 % Rohprotein | CJ5: =IFERROR(INDEX(Liste_Ackerkulturen_Gemüse_DropDown[Ackerkulturen],_xlfn.AGGREGATE(15,6,(ROW(Liste_Ackerkulturen_Gemüse_DropDown[Ackerkulturen])-1)/(--(SEARCH(CK$2,Liste_Ackerkulturen_Gemüse_DropDown[Ackerkulturen])>0)),ROW()-2),1),"") -> Weizen ≥ 14 % Rohprotein | CL5: =IFERROR(INDEX(Liste_Ackerkulturen_Gemüse_DropDown[Ackerkulturen],_xlfn.AGGREGATE(15,6,(ROW(Liste_Ackerkulturen_Gemüse_DropDown[Ackerkulturen])-1)/(--(SEARCH(CM$2,Liste_Ackerkulturen_Gemüse_DropDown[Ackerkulturen])>0)),ROW()-2),1),"") -> Weizen ≥ 14 % Rohprotein | CN5: =IFERROR(INDEX(Liste_Ackerkulturen_Gemüse_DropDown[Ackerkulturen],_xlfn.AGGREGATE(15,6,(ROW(Liste_Ackerkulturen_Gemüse_DropDown[Ackerkulturen])-1)/(--(SEARCH(CO$2,Liste_Ackerkulturen_Gemüse_DropDown[Ackerkulturen])>0)),ROW()-2),1),"") -> Weizen ≥ 14 % Rohprotein | CP5: =IFERROR(INDEX(Liste_Ackerkulturen_Gemüse_DropDown[Ackerkulturen],_xlfn.AGGREGATE(15,6,(ROW(Liste_Ackerkulturen_Gemüse_DropDown[Ackerkulturen])-1)/(--(SEARCH(CQ$2,Liste_Ackerkulturen_Gemüse_DropDown[Ackerkulturen])>0)),ROW()-2),1),"") -> Weizen ≥ 14 % Rohprotein | CR5: =IFERROR(INDEX(Liste_Ackerkulturen_Gemüse_DropDown[Ackerkulturen],_xlfn.AGGREGATE(15,6,(ROW(Liste_Ackerkulturen_Gemüse_DropDown[Ackerkulturen])-1)/(--(SEARCH(CS$2,Liste_Ackerkulturen_Gemüse_DropDown[Ackerkulturen])>0)),ROW()-2),1),"") -> Weizen ≥ 14 % Rohprotein | CV5: GL < 40 % Leguminosen 3 Nutzungen | CW5: =IFERROR(INDEX(Liste_Grünland_DropDown[Grünland],_xlfn.AGGREGATE(15,6,(ROW(Liste_Grünland_DropDown[Grünland])-1)/(--(SEARCH(CX$2,Liste_Grünland_DropDown[Grünland])>0)),ROW()-2),1),"") -> GL < 40 % Leguminosen 2 Nutzungen | CY5: =IFERROR(INDEX(Liste_Grünland_DropDown[Grünland],_xlfn.AGGREGATE(15,6,(ROW(Liste_Grünland_DropDown[Grünland])-1)/(--(SEARCH(CZ$2,Liste_Grünland_DropDown[Grünland])>0)),ROW()-2),1),"") -> GL < 40 % Leguminosen 2 Nutzungen | DA5: =IFERROR(INDEX(Liste_Grünland_DropDown[Grünland],_xlfn.AGGREGATE(15,6,(ROW(Liste_Grünland_DropDown[Grünland])-1)/(--(SEARCH(DB$2,Liste_Grünland_DropDown[Grünland])>0)),ROW()-2),1),"") -> GL < 40 % Leguminosen 2 Nutzungen | DC5: =IFERROR(INDEX(Liste_Grünland_DropDown[Grünland],_xlfn.AGGREGATE(15,6,(ROW(Liste_Grünland_DropDown[Grünland])-1)/(--(SEARCH(DD$2,Liste_Grünland_DropDown[Grünland])>0)),ROW()-2),1),"") -> GL < 40 % Leguminosen 2 Nutzungen | DE5: =IFERROR(INDEX(Liste_Grünland_DropDown[Grünland],_xlfn.AGGREGATE(15,6,(ROW(Liste_Grünland_DropDown[Grünland])-1)/(--(SEARCH(DF$2,Liste_Grünland_DropDown[Grünland])>0)),ROW()-2),1),"") -> GL < 40 % Leguminosen 2 Nutzungen | DG5: =IFERROR(INDEX(Liste_Grünland_DropDown[Grünland],_xlfn.AGGREGATE(15,6,(ROW(Liste_Grünland_DropDown[Grünland])-1)/(--(SEARCH(DH$2,Liste_Grünland_DropDown[Grünland])>0)),ROW()-2),1),"") -> GL < 40 % Leguminosen 2 Nutzungen
A6: b | B6: =CONCATENATE(A6," - ",C6) -> b - | G6: =IF(ISERROR(AE6),"",AE6) | I6: =IF(AND(ISNA(AH6),ISBLANK(C6)),0,IF(ISNA(AH6),H6,AH6)) -> 0 | J6: =E6*I6 -> 0 | L6: =IF(ISNA(AI6),0,AI6) -> 0 | M6: =IF(ISBLANK(K6),E6*L6,E6*K6) -> 0 | N6: Klee, Luzerne einjährig nach Umbruch | R6: 20 | S6: =Q6*R6 -> 0 | AE6: =IFERROR(IF(OR(C6="",E6="",F6=""),"",(IF(F6="niedrig",VLOOKUP(C6,Liste_N_Bedarf,3,0),IF(F6="mittel",VLOOKUP(C6,Liste_N_Bedarf,5,0),IF(F6="hoch 1",VLOOKUP(C6,Liste_N_Bedarf,7,0),IF(F6="hoch 2",VLOOKUP(C6,Liste_N_Bedarf,9,0),IF(F6="hoch 3",VLOOKUP(C6,Liste_N_Bedarf,11,0),IF(F6="GW-mittel",VLOOKUP(C6,Liste_N_Bedarf,13,0),IF(F6="GW-hoch",VLOOKUP(C6,Liste_N_Bedarf,15,0)))))))))),"") | AF6: =IF(J6>0,E6,0) -> 0 | AG6: =IF(ISBLANK(F6),0,VLOOKUP(C6,Liste_N_Bedarf,9,0)) -> 0 | AH6: =IF(F6="niedrig",VLOOKUP(C6,Liste_N_Bedarf,2,0),IF(F6="mittel",VLOOKUP(C6,Liste_N_Bedarf,4,0),IF(F6="hoch 1",VLOOKUP(C6,Liste_N_Bedarf,6,0),IF(F6="hoch 2",VLOOKUP(C6,Liste_N_Bedarf,8,0),IF(F6="hoch 3",VLOOKUP(C6,Liste_N_Bedarf,10,0),IF(F6="GW-mittel",VLOOKUP(C6,Liste_N_Bedarf,12,0),IF(F6="GW-hoch",VLOOKUP(C6,Liste_N_Bedarf,14,0),0))))))) -> 0 | AI6: =IF(F6="niedrig",VLOOKUP(C6,Liste_P_Bedarf,2,0),IF(F6="GW-mittel",VLOOKUP(C6,Liste_P_Bedarf,3,0),IF(F6="mittel",VLOOKUP(C6,Liste_P_Bedarf,3,0),IF(F6="GW-hoch",VLOOKUP(C6,Liste_P_Bedarf,4,0),IF(F6="hoch 1",VLOOKUP(C6,Liste_P_Bedarf,4,0),IF(F6="hoch 2",VLOOKUP(C6,Liste_P_Bedarf,4,0),IF(F6="hoch 3",VLOOKUP(C6,Liste_P_Bedarf,4,0),0))))))) -> 0 | AJ6: =IF(F6="niedrig",VLOOKUP(C6,Liste_K_Bedarf,2,0),IF(F6="GW-mittel",VLOOKUP(C6,Liste_K_Bedarf,3,0),IF(F6="mittel",VLOOKUP(C6,Liste_K_Bedarf,3,0),IF(F6="GW-hoch",VLOOKUP(C6,Liste_K_Bedarf,4,0),IF(F6="hoch 1",VLOOKUP(C6,Liste_K_Bedarf,4,0),IF(F6="hoch 2",VLOOKUP(C6,Liste_K_Bedarf,4,0),IF(F6="hoch 3",VLOOKUP(C6,Liste_K_Bedarf,4,0),0))))))) -> 0 | AK6: =IF(ISBLANK(F6),0,VLOOKUP(C6,Liste_K_Bedarf,5,0)) -> 0 | AL6: =IF(ISBLANK(F6),0,VLOOKUP(C6,Liste_N_Bedarf,17,0)) -> 0 | AM6: Weizen ≥ 14 % Rohprotein | AN6: 105 | AO6: < 4 | AP6: 145 | AQ6: 4,0 - 5,5 | AR6: 170 | AS6: 5,5 - 6,75 | AT6: 180 | AU6: 6,75 - 8 | AV6: 195 | AW6: > 8 | AX6: 130 | AY6: 4,0 - 5,5 | AZ6: 150 | BA6: > 5,5 | BB6: 22 | BE6: Weizen ≥ 14 % Rohprotein | BF6: 50 | BG6: 55 | BH6: 65 | BJ6: Weizen ≥ 14 % Rohprotein | BK6: 70 | BL6: 80 | BM6: 90 | BN6: =IF('Kali u Kosten'!$H$3="ja",BO6,IF($V$27="nein",0,0)) -> 50 | BO6: 50 | BQ6: =IFERROR(COUNTIF(Liste_Ackerkulturen_Gemüse_DropDown[Ackerkulturen],N_Bedarf!$C8),0) -> 2 | BS6: Dinkel (Spelzenanteil ca. 30 %) | BT6: =IFERROR(INDEX(Liste_Ackerkulturen_Gemüse_DropDown[Ackerkulturen],_xlfn.AGGREGATE(15,6,(ROW(Liste_Ackerkulturen_Gemüse_DropDown[Ackerkulturen])-1)/(--(SEARCH(BU$2,Liste_Ackerkulturen_Gemüse_DropDown[Ackerkulturen])>0)),ROW()-2),1),"") -> Durum - Hartweizen | BV6: =IFERROR(INDEX(Liste_Ackerkulturen_Gemüse_DropDown[Ackerkulturen],_xlfn.AGGREGATE(15,6,(ROW(Liste_Ackerkulturen_Gemüse_DropDown[Ackerkulturen])-1)/(--(SEARCH(BW$2,Liste_Ackerkulturen_Gemüse_DropDown[Ackerkulturen])>0)),ROW()-2),1),"") -> Durum - Hartweizen | BX6: =IFERROR(INDEX(Liste_Ackerkulturen_Gemüse_DropDown[Ackerkulturen],_xlfn.AGGREGATE(15,6,(ROW(Liste_Ackerkulturen_Gemüse_DropDown[Ackerkulturen])-1)/(--(SEARCH(BY$2,Liste_Ackerkulturen_Gemüse_DropDown[Ackerkulturen])>0)),ROW()-2),1),"") -> Durum - Hartweizen | BZ6: =IFERROR(INDEX(Liste_Ackerkulturen_Gemüse_DropDown[Ackerkulturen],_xlfn.AGGREGATE(15,6,(ROW(Liste_Ackerkulturen_Gemüse_DropDown[Ackerkulturen])-1)/(--(SEARCH(CA$2,Liste_Ackerkulturen_Gemüse_DropDown[Ackerkulturen])>0)),ROW()-2),1),"") -> Durum - Hartweizen | CB6: =IFERROR(INDEX(Liste_Ackerkulturen_Gemüse_DropDown[Ackerkulturen],_xlfn.AGGREGATE(15,6,(ROW(Liste_Ackerkulturen_Gemüse_DropDown[Ackerkulturen])-1)/(--(SEARCH(CC$2,Liste_Ackerkulturen_Gemüse_DropDown[Ackerkulturen])>0)),ROW()-2),1),"") -> Durum - Hartweizen | CD6: =IFERROR(INDEX(Liste_Ackerkulturen_Gemüse_DropDown[Ackerkulturen],_xlfn.AGGREGATE(15,6,(ROW(Liste_Ackerkulturen_Gemüse_DropDown[Ackerkulturen])-1)/(--(SEARCH(CE$2,Liste_Ackerkulturen_Gemüse_DropDown[Ackerkulturen])>0)),ROW()-2),1),"") -> Durum - Hartweizen | CF6: =IFERROR(INDEX(Liste_Ackerkulturen_Gemüse_DropDown[Ackerkulturen],_xlfn.AGGREGATE(15,6,(ROW(Liste_Ackerkulturen_Gemüse_DropDown[Ackerkulturen])-1)/(--(SEARCH(CG$2,Liste_Ackerkulturen_Gemüse_DropDown[Ackerkulturen])>0)),ROW()-2),1),"") -> Durum - Hartweizen | CH6: =IFERROR(INDEX(Liste_Ackerkulturen_Gemüse_DropDown[Ackerkulturen],_xlfn.AGGREGATE(15,6,(ROW(Liste_Ackerkulturen_Gemüse_DropDown[Ackerkulturen])-1)/(--(SEARCH(CI$2,Liste_Ackerkulturen_Gemüse_DropDown[Ackerkulturen])>0)),ROW()-2),1),"") -> Durum - Hartweizen | CJ6: =IFERROR(INDEX(Liste_Ackerkulturen_Gemüse_DropDown[Ackerkulturen],_xlfn.AGGREGATE(15,6,(ROW(Liste_Ackerkulturen_Gemüse_DropDown[Ackerkulturen])-1)/(--(SEARCH(CK$2,Liste_Ackerkulturen_Gemüse_DropDown[Ackerkulturen])>0)),ROW()-2),1),"") -> Durum - Hartweizen | CL6: =IFERROR(INDEX(Liste_Ackerkulturen_Gemüse_DropDown[Ackerkulturen],_xlfn.AGGREGATE(15,6,(ROW(Liste_Ackerkulturen_Gemüse_DropDown[Ackerkulturen])-1)/(--(SEARCH(CM$2,Liste_Ackerkulturen_Gemüse_DropDown[Ackerkulturen])>0)),ROW()-2),1),"") -> Durum - Hartweizen | CN6: =IFERROR(INDEX(Liste_Ackerkulturen_Gemüse_DropDown[Ackerkulturen],_xlfn.AGGREGATE(15,6,(ROW(Liste_Ackerkulturen_Gemüse_DropDown[Ackerkulturen])-1)/(--(SEARCH(CO$2,Liste_Ackerkulturen_Gemüse_DropDown[Ackerkulturen])>0)),ROW()-2),1),"") -> Durum - Hartweizen | CP6: =IFERROR(INDEX(Liste_Ackerkulturen_Gemüse_DropDown[Ackerkulturen],_xlfn.AGGREGATE(15,6,(ROW(Liste_Ackerkulturen_Gemüse_DropDown[Ackerkulturen])-1)/(--(SEARCH(CQ$2,Liste_Ackerkulturen_Gemüse_DropDown[Ackerkulturen])>0)),ROW()-2),1),"") -> Durum - Hartweizen | CR6: =IFERROR(INDEX(Liste_Ackerkulturen_Gemüse_DropDown[Ackerkulturen],_xlfn.AGGREGATE(15,6,(ROW(Liste_Ackerkulturen_Gemüse_DropDown[Ackerkulturen])-1)/(--(SEARCH(CS$2,Liste_Ackerkulturen_Gemüse_DropDown[Ackerkulturen])>0)),ROW()-2),1),"") -> Durum - Hartweizen | CV6: GL < 40 % Leguminosen 4 Nutzungen | CW6: =IFERROR(INDEX(Liste_Grünland_DropDown[Grünland],_xlfn.AGGREGATE(15,6,(ROW(Liste_Grünland_DropDown[Grünland])-1)/(--(SEARCH(CX$2,Liste_Grünland_DropDown[Grünland])>0)),ROW()-2),1),"") -> GL < 40 % Leguminosen 3 Nutzungen | CY6: =IFERROR(INDEX(Liste_Grünland_DropDown[Grünland],_xlfn.AGGREGATE(15,6,(ROW(Liste_Grünland_DropDown[Grünland])-1)/(--(SEARCH(CZ$2,Liste_Grünland_DropDown[Grünland])>0)),ROW()-2),1),"") -> GL < 40 % Leguminosen 3 Nutzungen | DA6: =IFERROR(INDEX(Liste_Grünland_DropDown[Grünland],_xlfn.AGGREGATE(15,6,(ROW(Liste_Grünland_DropDown[Grünland])-1)/(--(SEARCH(DB$2,Liste_Grünland_DropDown[Grünland])>0)),ROW()-2),1),"") -> GL < 40 % Leguminosen 3 Nutzungen | DC6: =IFERROR(INDEX(Liste_Grünland_DropDown[Grünland],_xlfn.AGGREGATE(15,6,(ROW(Liste_Grünland_DropDown[Grünland])-1)/(--(SEARCH(DD$2,Liste_Grünland_DropDown[Grünland])>0)),ROW()-2),1),"") -> GL < 40 % Leguminosen 3 Nutzungen | DE6: =IFERROR(INDEX(Liste_Grünland_DropDown[Grünland],_xlfn.AGGREGATE(15,6,(ROW(Liste_Grünland_DropDown[Grünland])-1)/(--(SEARCH(DF$2,Liste_Grünland_DropDown[Grünland])>0)),ROW()-2),1),"") -> GL < 40 % Leguminosen 3 Nutzungen | DG6: =IFERROR(INDEX(Liste_Grünland_DropDown[Grünland],_xlfn.AGGREGATE(15,6,(ROW(Liste_Grünland_DropDown[Grünland])-1)/(--(SEARCH(DH$2,Liste_Grünland_DropDown[Grünland])>0)),ROW()-2),1),"") -> GL < 40 % Leguminosen 3 Nutzungen
A7: c | B7: =CONCATENATE(A7," - ",C7) -> c - | G7: =IF(ISERROR(AE7),"",AE7) | I7: =IF(AND(ISNA(AH7),ISBLANK(C7)),0,IF(ISNA(AH7),H7,AH7)) -> 0 | J7: =E7*I7 -> 0 | L7: =IF(ISNA(AI7),0,AI7) -> 0 | M7: =IF(ISBLANK(K7),E7*L7,E7*K7) -> 0 | AE7: =IFERROR(IF(OR(C7="",E7="",F7=""),"",(IF(F7="niedrig",VLOOKUP(C7,Liste_N_Bedarf,3,0),IF(F7="mittel",VLOOKUP(C7,Liste_N_Bedarf,5,0),IF(F7="hoch 1",VLOOKUP(C7,Liste_N_Bedarf,7,0),IF(F7="hoch 2",VLOOKUP(C7,Liste_N_Bedarf,9,0),IF(F7="hoch 3",VLOOKUP(C7,Liste_N_Bedarf,11,0),IF(F7="GW-mittel",VLOOKUP(C7,Liste_N_Bedarf,13,0),IF(F7="GW-hoch",VLOOKUP(C7,Liste_N_Bedarf,15,0)))))))))),"") | AF7: =IF(J7>0,E7,0) -> 0 | AG7: =IF(ISBLANK(F7),0,VLOOKUP(C7,Liste_N_Bedarf,9,0)) -> 0 | AH7: =IF(F7="niedrig",VLOOKUP(C7,Liste_N_Bedarf,2,0),IF(F7="mittel",VLOOKUP(C7,Liste_N_Bedarf,4,0),IF(F7="hoch 1",VLOOKUP(C7,Liste_N_Bedarf,6,0),IF(F7="hoch 2",VLOOKUP(C7,Liste_N_Bedarf,8,0),IF(F7="hoch 3",VLOOKUP(C7,Liste_N_Bedarf,10,0),IF(F7="GW-mittel",VLOOKUP(C7,Liste_N_Bedarf,12,0),IF(F7="GW-hoch",VLOOKUP(C7,Liste_N_Bedarf,14,0),0))))))) -> 0 | AI7: =IF(F7="niedrig",VLOOKUP(C7,Liste_P_Bedarf,2,0),IF(F7="GW-mittel",VLOOKUP(C7,Liste_P_Bedarf,3,0),IF(F7="mittel",VLOOKUP(C7,Liste_P_Bedarf,3,0),IF(F7="GW-hoch",VLOOKUP(C7,Liste_P_Bedarf,4,0),IF(F7="hoch 1",VLOOKUP(C7,Liste_P_Bedarf,4,0),IF(F7="hoch 2",VLOOKUP(C7,Liste_P_Bedarf,4,0),IF(F7="hoch 3",VLOOKUP(C7,Liste_P_Bedarf,4,0),0))))))) -> 0 | AJ7: =IF(F7="niedrig",VLOOKUP(C7,Liste_K_Bedarf,2,0),IF(F7="GW-mittel",VLOOKUP(C7,Liste_K_Bedarf,3,0),IF(F7="mittel",VLOOKUP(C7,Liste_K_Bedarf,3,0),IF(F7="GW-hoch",VLOOKUP(C7,Liste_K_Bedarf,4,0),IF(F7="hoch 1",VLOOKUP(C7,Liste_K_Bedarf,4,0),IF(F7="hoch 2",VLOOKUP(C7,Liste_K_Bedarf,4,0),IF(F7="hoch 3",VLOOKUP(C7,Liste_K_Bedarf,4,0),0))))))) -> 0 | AK7: =IF(ISBLANK(F7),0,VLOOKUP(C7,Liste_K_Bedarf,5,0)) -> 0 | AL7: =IF(ISBLANK(F7),0,VLOOKUP(C7,Liste_N_Bedarf,17,0)) -> 0 | AM7: Durum - Hartweizen | AN7: 105 | AO7: <3,5 | AP7: 145 | AQ7: 3,5 - 5,0 | AR7: 170 | AS7: 5,0 - 6,25 | AT7: 180 | AU7: 6,25 - 7,5 | AV7: 195 | AW7: > 7,5 | AX7: 130 | AY7: 3,5 - 5,0 | AZ7: 150 | BA7: > 5,0 | BB7: 23 | BE7: Durum - Hartweizen | BF7: 50 | BG7: 55 | BH7: 65 | BJ7: Durum - Hartweizen | BK7: 70 | BL7: 80 | BM7: 90 | BN7: =IF('Kali u Kosten'!$H$3="ja",BO7,IF($V$27="nein",0,0)) -> 50 | BO7: 50 | BQ7: =IFERROR(COUNTIF(Liste_Ackerkulturen_Gemüse_DropDown[Ackerkulturen],N_Bedarf!$C9),0) -> 2 | BS7: Wintergerste | BT7: =IFERROR(INDEX(Liste_Ackerkulturen_Gemüse_DropDown[Ackerkulturen],_xlfn.AGGREGATE(15,6,(ROW(Liste_Ackerkulturen_Gemüse_DropDown[Ackerkulturen])-1)/(--(SEARCH(BU$2,Liste_Ackerkulturen_Gemüse_DropDown[Ackerkulturen])>0)),ROW()-2),1),"") -> Dinkel (Spelzenanteil ca. 30 %) | BV7: =IFERROR(INDEX(Liste_Ackerkulturen_Gemüse_DropDown[Ackerkulturen],_xlfn.AGGREGATE(15,6,(ROW(Liste_Ackerkulturen_Gemüse_DropDown[Ackerkulturen])-1)/(--(SEARCH(BW$2,Liste_Ackerkulturen_Gemüse_DropDown[Ackerkulturen])>0)),ROW()-2),1),"") -> Dinkel (Spelzenanteil ca. 30 %) | BX7: =IFERROR(INDEX(Liste_Ackerkulturen_Gemüse_DropDown[Ackerkulturen],_xlfn.AGGREGATE(15,6,(ROW(Liste_Ackerkulturen_Gemüse_DropDown[Ackerkulturen])-1)/(--(SEARCH(BY$2,Liste_Ackerkulturen_Gemüse_DropDown[Ackerkulturen])>0)),ROW()-2),1),"") -> Dinkel (Spelzenanteil ca. 30 %) | BZ7: =IFERROR(INDEX(Liste_Ackerkulturen_Gemüse_DropDown[Ackerkulturen],_xlfn.AGGREGATE(15,6,(ROW(Liste_Ackerkulturen_Gemüse_DropDown[Ackerkulturen])-1)/(--(SEARCH(CA$2,Liste_Ackerkulturen_Gemüse_DropDown[Ackerkulturen])>0)),ROW()-2),1),"") -> Dinkel (Spelzenanteil ca. 30 %) | CB7: =IFERROR(INDEX(Liste_Ackerkulturen_Gemüse_DropDown[Ackerkulturen],_xlfn.AGGREGATE(15,6,(ROW(Liste_Ackerkulturen_Gemüse_DropDown[Ackerkulturen])-1)/(--(SEARCH(CC$2,Liste_Ackerkulturen_Gemüse_DropDown[Ackerkulturen])>0)),ROW()-2),1),"") -> Dinkel (Spelzenanteil ca. 30 %) | CD7: =IFERROR(INDEX(Liste_Ackerkulturen_Gemüse_DropDown[Ackerkulturen],_xlfn.AGGREGATE(15,6,(ROW(Liste_Ackerkulturen_Gemüse_DropDown[Ackerkulturen])-1)/(--(SEARCH(CE$2,Liste_Ackerkulturen_Gemüse_DropDown[Ackerkulturen])>0)),ROW()-2),1),"") -> Dinkel (Spelzenanteil ca. 30 %) | CF7: =IFERROR(INDEX(Liste_Ackerkulturen_Gemüse_DropDown[Ackerkulturen],_xlfn.AGGREGATE(15,6,(ROW(Liste_Ackerkulturen_Gemüse_DropDown[Ackerkulturen])-1)/(--(SEARCH(CG$2,Liste_Ackerkulturen_Gemüse_DropDown[Ackerkulturen])>0)),ROW()-2),1),"") -> Dinkel (Spelzenanteil ca. 30 %) | CH7: =IFERROR(INDEX(Liste_Ackerkulturen_Gemüse_DropDown[Ackerkulturen],_xlfn.AGGREGATE(15,6,(ROW(Liste_Ackerkulturen_Gemüse_DropDown[Ackerkulturen])-1)/(--(SEARCH(CI$2,Liste_Ackerkulturen_Gemüse_DropDown[Ackerkulturen])>0)),ROW()-2),1),"") -> Dinkel (Spelzenanteil ca. 30 %) | CJ7: =IFERROR(INDEX(Liste_Ackerkulturen_Gemüse_DropDown[Ackerkulturen],_xlfn.AGGREGATE(15,6,(ROW(Liste_Ackerkulturen_Gemüse_DropDown[Ackerkulturen])-1)/(--(SEARCH(CK$2,Liste_Ackerkulturen_Gemüse_DropDown[Ackerkulturen])>0)),ROW()-2),1),"") -> Dinkel (Spelzenanteil ca. 30 %) | CL7: =IFERROR(INDEX(Liste_Ackerkulturen_Gemüse_DropDown[Ackerkulturen],_xlfn.AGGREGATE(15,6,(ROW(Liste_Ackerkulturen_Gemüse_DropDown[Ackerkulturen])-1)/(--(SEARCH(CM$2,Liste_Ackerkulturen_Gemüse_DropDown[Ackerkulturen])>0)),ROW()-2),1),"") -> Dinkel (Spelzenanteil ca. 30 %) | CN7: =IFERROR(INDEX(Liste_Ackerkulturen_Gemüse_DropDown[Ackerkulturen],_xlfn.AGGREGATE(15,6,(ROW(Liste_Ackerkulturen_Gemüse_DropDown[Ackerkulturen])-1)/(--(SEARCH(CO$2,Liste_Ackerkulturen_Gemüse_DropDown[Ackerkulturen])>0)),ROW()-2),1),"") -> Dinkel (Spelzenanteil ca. 30 %) | CP7: =IFERROR(INDEX(Liste_Ackerkulturen_Gemüse_DropDown[Ackerkulturen],_xlfn.AGGREGATE(15,6,(ROW(Liste_Ackerkulturen_Gemüse_DropDown[Ackerkulturen])-1)/(--(SEARCH(CQ$2,Liste_Ackerkulturen_Gemüse_DropDown[Ackerkulturen])>0)),ROW()-2),1),"") -> Dinkel (Spelzenanteil ca. 30 %) | CR7: =IFERROR(INDEX(Liste_Ackerkulturen_Gemüse_DropDown[Ackerkulturen],_xlfn.AGGREGATE(15,6,(ROW(Liste_Ackerkulturen_Gemüse_DropDown[Ackerkulturen])-1)/(--(SEARCH(CS$2,Liste_Ackerkulturen_Gemüse_DropDown[Ackerkulturen])>0)),ROW()-2),1),"") -> Dinkel (Spelzenanteil ca. 30 %) | CV7: GL < 40 % Leguminosen 5 Nutzungen | CW7: =IFERROR(INDEX(Liste_Grünland_DropDown[Grünland],_xlfn.AGGREGATE(15,6,(ROW(Liste_Grünland_DropDown[Grünland])-1)/(--(SEARCH(CX$2,Liste_Grünland_DropDown[Grünland])>0)),ROW()-2),1),"") -> GL < 40 % Leguminosen 4 Nutzungen | CY7: =IFERROR(INDEX(Liste_Grünland_DropDown[Grünland],_xlfn.AGGREGATE(15,6,(ROW(Liste_Grünland_DropDown[Grünland])-1)/(--(SEARCH(CZ$2,Liste_Grünland_DropDown[Grünland])>0)),ROW()-2),1),"") -> GL < 40 % Leguminosen 4 Nutzungen | DA7: =IFERROR(INDEX(Liste_Grünland_DropDown[Grünland],_xlfn.AGGREGATE(15,6,(ROW(Liste_Grünland_DropDown[Grünland])-1)/(--(SEARCH(DB$2,Liste_Grünland_DropDown[Grünland])>0)),ROW()-2),1),"") -> GL < 40 % Leguminosen 4 Nutzungen | DC7: =IFERROR(INDEX(Liste_Grünland_DropDown[Grünland],_xlfn.AGGREGATE(15,6,(ROW(Liste_Grünland_DropDown[Grünland])-1)/(--(SEARCH(DD$2,Liste_Grünland_DropDown[Grünland])>0)),ROW()-2),1),"") -> GL < 40 % Leguminosen 4 Nutzungen | DE7: =IFERROR(INDEX(Liste_Grünland_DropDown[Grünland],_xlfn.AGGREGATE(15,6,(ROW(Liste_Grünland_DropDown[Grünland])-1)/(--(SEARCH(DF$2,Liste_Grünland_DropDown[Grünland])>0)),ROW()-2),1),"") -> GL < 40 % Leguminosen 4 Nutzungen | DG7: =IFERROR(INDEX(Liste_Grünland_DropDown[Grünland],_xlfn.AGGREGATE(15,6,(ROW(Liste_Grünland_DropDown[Grünland])-1)/(--(SEARCH(DH$2,Liste_Grünland_DropDown[Grünland])>0)),ROW()-2),1),"") -> GL < 40 % Leguminosen 4 Nutzungen
A8: d | B8: =CONCATENATE(A8," - ",C8) -> d - | G8: =IF(ISERROR(AE8),"",AE8) | I8: =IF(AND(ISNA(AH8),ISBLANK(C8)),0,IF(ISNA(AH8),H8,AH8)) -> 0 | J8: =E8*I8 -> 0 | L8: =IF(ISNA(AI8),0,AI8) -> 0 | M8: =IF(ISBLANK(K8),E8*L8,E8*K8) -> 0 | N8: einjährige Ackerfutter-flächen, Grünbrachen / Stilll. nach Umbruch | R8: 20 | S8: =Q8*R8 -> 0 | AE8: =IFERROR(IF(OR(C8="",E8="",F8=""),"",(IF(F8="niedrig",VLOOKUP(C8,Liste_N_Bedarf,3,0),IF(F8="mittel",VLOOKUP(C8,Liste_N_Bedarf,5,0),IF(F8="hoch 1",VLOOKUP(C8,Liste_N_Bedarf,7,0),IF(F8="hoch 2",VLOOKUP(C8,Liste_N_Bedarf,9,0),IF(F8="hoch 3",VLOOKUP(C8,Liste_N_Bedarf,11,0),IF(F8="GW-mittel",VLOOKUP(C8,Liste_N_Bedarf,13,0),IF(F8="GW-hoch",VLOOKUP(C8,Liste_N_Bedarf,15,0)))))))))),"") | AF8: =IF(J8>0,E8,0) -> 0 | AG8: =IF(ISBLANK(F8),0,VLOOKUP(C8,Liste_N_Bedarf,9,0)) -> 0 | AH8: =IF(F8="niedrig",VLOOKUP(C8,Liste_N_Bedarf,2,0),IF(F8="mittel",VLOOKUP(C8,Liste_N_Bedarf,4,0),IF(F8="hoch 1",VLOOKUP(C8,Liste_N_Bedarf,6,0),IF(F8="hoch 2",VLOOKUP(C8,Liste_N_Bedarf,8,0),IF(F8="hoch 3",VLOOKUP(C8,Liste_N_Bedarf,10,0),IF(F8="GW-mittel",VLOOKUP(C8,Liste_N_Bedarf,12,0),IF(F8="GW-hoch",VLOOKUP(C8,Liste_N_Bedarf,14,0),0))))))) -> 0 | AI8: =IF(F8="niedrig",VLOOKUP(C8,Liste_P_Bedarf,2,0),IF(F8="GW-mittel",VLOOKUP(C8,Liste_P_Bedarf,3,0),IF(F8="mittel",VLOOKUP(C8,Liste_P_Bedarf,3,0),IF(F8="GW-hoch",VLOOKUP(C8,Liste_P_Bedarf,4,0),IF(F8="hoch 1",VLOOKUP(C8,Liste_P_Bedarf,4,0),IF(F8="hoch 2",VLOOKUP(C8,Liste_P_Bedarf,4,0),IF(F8="hoch 3",VLOOKUP(C8,Liste_P_Bedarf,4,0),0))))))) -> 0 | AJ8: =IF(F8="niedrig",VLOOKUP(C8,Liste_K_Bedarf,2,0),IF(F8="GW-mittel",VLOOKUP(C8,Liste_K_Bedarf,3,0),IF(F8="mittel",VLOOKUP(C8,Liste_K_Bedarf,3,0),IF(F8="GW-hoch",VLOOKUP(C8,Liste_K_Bedarf,4,0),IF(F8="hoch 1",VLOOKUP(C8,Liste_K_Bedarf,4,0),IF(F8="hoch 2",VLOOKUP(C8,Liste_K_Bedarf,4,0),IF(F8="hoch 3",VLOOKUP(C8,Liste_K_Bedarf,4,0),0))))))) -> 0 | AK8: =IF(ISBLANK(F8),0,VLOOKUP(C8,Liste_K_Bedarf,5,0)) -> 0 | AL8: =IF(ISBLANK(F8),0,VLOOKUP(C8,Liste_N_Bedarf,17,0)) -> 0 | AM8: Dinkel (Spelzenanteil ca. 30 %) | AN8: 80 | AO8: < 3,5 | AP8: 110 | AQ8: 3,5 - 5,5 | AR8: 130 | AS8: 5,5 - 6,5 | AT8: 140 | AU8: 6,5 - 7,5 | AV8: 150 | AW8: > 7,5 | AX8: 80 | AY8: 3,5 - 5,5 | AZ8: 90 | BA8: > 5,5 | BB8: 24 | BE8: Dinkel (Spelzenanteil ca. 30 %) | BF8: 50 | BG8: 55 | BH8: 65 | BJ8: Dinkel (Spelzenanteil ca. 30 %) | BK8: 70 | BL8: 80 | BM8: 90 | BN8: =IF('Kali u Kosten'!$H$3="ja",BO8,IF($V$27="nein",0,0)) -> 50 | BO8: 50 | BQ8: =IFERROR(COUNTIF(Liste_Ackerkulturen_Gemüse_DropDown[Ackerkulturen],N_Bedarf!$C10),0) -> 2 | BS8: Triticale | BT8: =IFERROR(INDEX(Liste_Ackerkulturen_Gemüse_DropDown[Ackerkulturen],_xlfn.AGGREGATE(15,6,(ROW(Liste_Ackerkulturen_Gemüse_DropDown[Ackerkulturen])-1)/(--(SEARCH(BU$2,Liste_Ackerkulturen_Gemüse_DropDown[Ackerkulturen])>0)),ROW()-2),1),"") -> Wintergerste | BV8: =IFERROR(INDEX(Liste_Ackerkulturen_Gemüse_DropDown[Ackerkulturen],_xlfn.AGGREGATE(15,6,(ROW(Liste_Ackerkulturen_Gemüse_DropDown[Ackerkulturen])-1)/(--(SEARCH(BW$2,Liste_Ackerkulturen_Gemüse_DropDown[Ackerkulturen])>0)),ROW()-2),1),"") -> Wintergerste | BX8: =IFERROR(INDEX(Liste_Ackerkulturen_Gemüse_DropDown[Ackerkulturen],_xlfn.AGGREGATE(15,6,(ROW(Liste_Ackerkulturen_Gemüse_DropDown[Ackerkulturen])-1)/(--(SEARCH(BY$2,Liste_Ackerkulturen_Gemüse_DropDown[Ackerkulturen])>0)),ROW()-2),1),"") -> Wintergerste | BZ8: =IFERROR(INDEX(Liste_Ackerkulturen_Gemüse_DropDown[Ackerkulturen],_xlfn.AGGREGATE(15,6,(ROW(Liste_Ackerkulturen_Gemüse_DropDown[Ackerkulturen])-1)/(--(SEARCH(CA$2,Liste_Ackerkulturen_Gemüse_DropDown[Ackerkulturen])>0)),ROW()-2),1),"") -> Wintergerste | CB8: =IFERROR(INDEX(Liste_Ackerkulturen_Gemüse_DropDown[Ackerkulturen],_xlfn.AGGREGATE(15,6,(ROW(Liste_Ackerkulturen_Gemüse_DropDown[Ackerkulturen])-1)/(--(SEARCH(CC$2,Liste_Ackerkulturen_Gemüse_DropDown[Ackerkulturen])>0)),ROW()-2),1),"") -> Wintergerste | CD8: =IFERROR(INDEX(Liste_Ackerkulturen_Gemüse_DropDown[Ackerkulturen],_xlfn.AGGREGATE(15,6,(ROW(Liste_Ackerkulturen_Gemüse_DropDown[Ackerkulturen])-1)/(--(SEARCH(CE$2,Liste_Ackerkulturen_Gemüse_DropDown[Ackerkulturen])>0)),ROW()-2),1),"") -> Wintergerste | CF8: =IFERROR(INDEX(Liste_Ackerkulturen_Gemüse_DropDown[Ackerkulturen],_xlfn.AGGREGATE(15,6,(ROW(Liste_Ackerkulturen_Gemüse_DropDown[Ackerkulturen])-1)/(--(SEARCH(CG$2,Liste_Ackerkulturen_Gemüse_DropDown[Ackerkulturen])>0)),ROW()-2),1),"") -> Wintergerste | CH8: =IFERROR(INDEX(Liste_Ackerkulturen_Gemüse_DropDown[Ackerkulturen],_xlfn.AGGREGATE(15,6,(ROW(Liste_Ackerkulturen_Gemüse_DropDown[Ackerkulturen])-1)/(--(SEARCH(CI$2,Liste_Ackerkulturen_Gemüse_DropDown[Ackerkulturen])>0)),ROW()-2),1),"") -> Wintergerste | CJ8: =IFERROR(INDEX(Liste_Ackerkulturen_Gemüse_DropDown[Ackerkulturen],_xlfn.AGGREGATE(15,6,(ROW(Liste_Ackerkulturen_Gemüse_DropDown[Ackerkulturen])-1)/(--(SEARCH(CK$2,Liste_Ackerkulturen_Gemüse_DropDown[Ackerkulturen])>0)),ROW()-2),1),"") -> Wintergerste | CL8: =IFERROR(INDEX(Liste_Ackerkulturen_Gemüse_DropDown[Ackerkulturen],_xlfn.AGGREGATE(15,6,(ROW(Liste_Ackerkulturen_Gemüse_DropDown[Ackerkulturen])-1)/(--(SEARCH(CM$2,Liste_Ackerkulturen_Gemüse_DropDown[Ackerkulturen])>0)),ROW()-2),1),"") -> Wintergerste | CN8: =IFERROR(INDEX(Liste_Ackerkulturen_Gemüse_DropDown[Ackerkulturen],_xlfn.AGGREGATE(15,6,(ROW(Liste_Ackerkulturen_Gemüse_DropDown[Ackerkulturen])-1)/(--(SEARCH(CO$2,Liste_Ackerkulturen_Gemüse_DropDown[Ackerkulturen])>0)),ROW()-2),1),"") -> Wintergerste | CP8: =IFERROR(INDEX(Liste_Ackerkulturen_Gemüse_DropDown[Ackerkulturen],_xlfn.AGGREGATE(15,6,(ROW(Liste_Ackerkulturen_Gemüse_DropDown[Ackerkulturen])-1)/(--(SEARCH(CQ$2,Liste_Ackerkulturen_Gemüse_DropDown[Ackerkulturen])>0)),ROW()-2),1),"") -> Wintergerste | CR8: =IFERROR(INDEX(Liste_Ackerkulturen_Gemüse_DropDown[Ackerkulturen],_xlfn.AGGREGATE(15,6,(ROW(Liste_Ackerkulturen_Gemüse_DropDown[Ackerkulturen])-1)/(--(SEARCH(CS$2,Liste_Ackerkulturen_Gemüse_DropDown[Ackerkulturen])>0)),ROW()-2),1),"") -> Wintergerste | CV8: GL < 40 % Leguminosen 6 Nutzungen | CW8: =IFERROR(INDEX(Liste_Grünland_DropDown[Grünland],_xlfn.AGGREGATE(15,6,(ROW(Liste_Grünland_DropDown[Grünland])-1)/(--(SEARCH(CX$2,Liste_Grünland_DropDown[Grünland])>0)),ROW()-2),1),"") -> GL < 40 % Leguminosen 5 Nutzungen | CY8: =IFERROR(INDEX(Liste_Grünland_DropDown[Grünland],_xlfn.AGGREGATE(15,6,(ROW(Liste_Grünland_DropDown[Grünland])-1)/(--(SEARCH(CZ$2,Liste_Grünland_DropDown[Grünland])>0)),ROW()-2),1),"") -> GL < 40 % Leguminosen 5 Nutzungen | DA8: =IFERROR(INDEX(Liste_Grünland_DropDown[Grünland],_xlfn.AGGREGATE(15,6,(ROW(Liste_Grünland_DropDown[Grünland])-1)/(--(SEARCH(DB$2,Liste_Grünland_DropDown[Grünland])>0)),ROW()-2),1),"") -> GL < 40 % Leguminosen 5 Nutzungen | DC8: =IFERROR(INDEX(Liste_Grünland_DropDown[Grünland],_xlfn.AGGREGATE(15,6,(ROW(Liste_Grünland_DropDown[Grünland])-1)/(--(SEARCH(DD$2,Liste_Grünland_DropDown[Grünland])>0)),ROW()-2),1),"") -> GL < 40 % Leguminosen 5 Nutzungen | DE8: =IFERROR(INDEX(Liste_Grünland_DropDown[Grünland],_xlfn.AGGREGATE(15,6,(ROW(Liste_Grünland_DropDown[Grünland])-1)/(--(SEARCH(DF$2,Liste_Grünland_DropDown[Grünland])>0)),ROW()-2),1),"") -> GL < 40 % Leguminosen 5 Nutzungen | DG8: =IFERROR(INDEX(Liste_Grünland_DropDown[Grünland],_xlfn.AGGREGATE(15,6,(ROW(Liste_Grünland_DropDown[Grünland])-1)/(--(SEARCH(DH$2,Liste_Grünland_DropDown[Grünland])>0)),ROW()-2),1),"") -> GL < 40 % Leguminosen 5 Nutzungen
A9: e | B9: =CONCATENATE(A9," - ",C9) -> e - | G9: =IF(ISERROR(AE9),"",AE9) | I9: =IF(AND(ISNA(AH9),ISBLANK(C9)),0,IF(ISNA(AH9),H9,AH9)) -> 0 | J9: =E9*I9 -> 0 | L9: =IF(ISNA(AI9),0,AI9) -> 0 | M9: =IF(ISBLANK(K9),E9*L9,E9*K9) -> 0 | AE9: =IFERROR(IF(OR(C9="",E9="",F9=""),"",(IF(F9="niedrig",VLOOKUP(C9,Liste_N_Bedarf,3,0),IF(F9="mittel",VLOOKUP(C9,Liste_N_Bedarf,5,0),IF(F9="hoch 1",VLOOKUP(C9,Liste_N_Bedarf,7,0),IF(F9="hoch 2",VLOOKUP(C9,Liste_N_Bedarf,9,0),IF(F9="hoch 3",VLOOKUP(C9,Liste_N_Bedarf,11,0),IF(F9="GW-mittel",VLOOKUP(C9,Liste_N_Bedarf,13,0),IF(F9="GW-hoch",VLOOKUP(C9,Liste_N_Bedarf,15,0)))))))))),"") | AF9: =IF(J9>0,E9,0) -> 0 | AG9: =IF(ISBLANK(F9),0,VLOOKUP(C9,Liste_N_Bedarf,9,0)) -> 0 | AH9: =IF(F9="niedrig",VLOOKUP(C9,Liste_N_Bedarf,2,0),IF(F9="mittel",VLOOKUP(C9,Liste_N_Bedarf,4,0),IF(F9="hoch 1",VLOOKUP(C9,Liste_N_Bedarf,6,0),IF(F9="hoch 2",VLOOKUP(C9,Liste_N_Bedarf,8,0),IF(F9="hoch 3",VLOOKUP(C9,Liste_N_Bedarf,10,0),IF(F9="GW-mittel",VLOOKUP(C9,Liste_N_Bedarf,12,0),IF(F9="GW-hoch",VLOOKUP(C9,Liste_N_Bedarf,14,0),0))))))) -> 0 | AI9: =IF(F9="niedrig",VLOOKUP(C9,Liste_P_Bedarf,2,0),IF(F9="GW-mittel",VLOOKUP(C9,Liste_P_Bedarf,3,0),IF(F9="mittel",VLOOKUP(C9,Liste_P_Bedarf,3,0),IF(F9="GW-hoch",VLOOKUP(C9,Liste_P_Bedarf,4,0),IF(F9="hoch 1",VLOOKUP(C9,Liste_P_Bedarf,4,0),IF(F9="hoch 2",VLOOKUP(C9,Liste_P_Bedarf,4,0),IF(F9="hoch 3",VLOOKUP(C9,Liste_P_Bedarf,4,0),0))))))) -> 0 | AJ9: =IF(F9="niedrig",VLOOKUP(C9,Liste_K_Bedarf,2,0),IF(F9="GW-mittel",VLOOKUP(C9,Liste_K_Bedarf,3,0),IF(F9="mittel",VLOOKUP(C9,Liste_K_Bedarf,3,0),IF(F9="GW-hoch",VLOOKUP(C9,Liste_K_Bedarf,4,0),IF(F9="hoch 1",VLOOKUP(C9,Liste_K_Bedarf,4,0),IF(F9="hoch 2",VLOOKUP(C9,Liste_K_Bedarf,4,0),IF(F9="hoch 3",VLOOKUP(C9,Liste_K_Bedarf,4,0),0))))))) -> 0 | AK9: =IF(ISBLANK(F9),0,VLOOKUP(C9,Liste_K_Bedarf,5,0)) -> 0 | AL9: =IF(ISBLANK(F9),0,VLOOKUP(C9,Liste_N_Bedarf,17,0)) -> 0 | AM9: Wintergerste | AN9: 95 | AO9: < 4,5 | AP9: 130 | AQ9: 4,5 - 6,0 | AR9: 155 | AS9: 6,0 - 7,5 | AT9: 170 | AU9: 7,5 - 9,0 | AV9: 180 | AW9: > 9,0 | AX9: 120 | AY9: 4,5 - 6,0 | AZ9: 135 | BA9: > 6,0 | BB9: 18 | BE9: Wintergerste | BF9: 50 | BG9: 55 | BH9: 65 | BJ9: Wintergerste | BK9: 70 | BL9: 80 | BM9: 90 | BN9: =IF('Kali u Kosten'!$H$3="ja",BO9,IF($V$27="nein",0,0)) -> 50 | BO9: 50 | BQ9: =IFERROR(COUNTIF(Liste_Ackerkulturen_Gemüse_DropDown[Ackerkulturen],N_Bedarf!$C11),0) -> 2 | BS9: Roggen | BT9: =IFERROR(INDEX(Liste_Ackerkulturen_Gemüse_DropDown[Ackerkulturen],_xlfn.AGGREGATE(15,6,(ROW(Liste_Ackerkulturen_Gemüse_DropDown[Ackerkulturen])-1)/(--(SEARCH(BU$2,Liste_Ackerkulturen_Gemüse_DropDown[Ackerkulturen])>0)),ROW()-2),1),"") -> Triticale | BV9: =IFERROR(INDEX(Liste_Ackerkulturen_Gemüse_DropDown[Ackerkulturen],_xlfn.AGGREGATE(15,6,(ROW(Liste_Ackerkulturen_Gemüse_DropDown[Ackerkulturen])-1)/(--(SEARCH(BW$2,Liste_Ackerkulturen_Gemüse_DropDown[Ackerkulturen])>0)),ROW()-2),1),"") -> Triticale | BX9: =IFERROR(INDEX(Liste_Ackerkulturen_Gemüse_DropDown[Ackerkulturen],_xlfn.AGGREGATE(15,6,(ROW(Liste_Ackerkulturen_Gemüse_DropDown[Ackerkulturen])-1)/(--(SEARCH(BY$2,Liste_Ackerkulturen_Gemüse_DropDown[Ackerkulturen])>0)),ROW()-2),1),"") -> Triticale | BZ9: =IFERROR(INDEX(Liste_Ackerkulturen_Gemüse_DropDown[Ackerkulturen],_xlfn.AGGREGATE(15,6,(ROW(Liste_Ackerkulturen_Gemüse_DropDown[Ackerkulturen])-1)/(--(SEARCH(CA$2,Liste_Ackerkulturen_Gemüse_DropDown[Ackerkulturen])>0)),ROW()-2),1),"") -> Triticale | CB9: =IFERROR(INDEX(Liste_Ackerkulturen_Gemüse_DropDown[Ackerkulturen],_xlfn.AGGREGATE(15,6,(ROW(Liste_Ackerkulturen_Gemüse_DropDown[Ackerkulturen])-1)/(--(SEARCH(CC$2,Liste_Ackerkulturen_Gemüse_DropDown[Ackerkulturen])>0)),ROW()-2),1),"") -> Triticale | CD9: =IFERROR(INDEX(Liste_Ackerkulturen_Gemüse_DropDown[Ackerkulturen],_xlfn.AGGREGATE(15,6,(ROW(Liste_Ackerkulturen_Gemüse_DropDown[Ackerkulturen])-1)/(--(SEARCH(CE$2,Liste_Ackerkulturen_Gemüse_DropDown[Ackerkulturen])>0)),ROW()-2),1),"") -> Triticale | CF9: =IFERROR(INDEX(Liste_Ackerkulturen_Gemüse_DropDown[Ackerkulturen],_xlfn.AGGREGATE(15,6,(ROW(Liste_Ackerkulturen_Gemüse_DropDown[Ackerkulturen])-1)/(--(SEARCH(CG$2,Liste_Ackerkulturen_Gemüse_DropDown[Ackerkulturen])>0)),ROW()-2),1),"") -> Triticale | CH9: =IFERROR(INDEX(Liste_Ackerkulturen_Gemüse_DropDown[Ackerkulturen],_xlfn.AGGREGATE(15,6,(ROW(Liste_Ackerkulturen_Gemüse_DropDown[Ackerkulturen])-1)/(--(SEARCH(CI$2,Liste_Ackerkulturen_Gemüse_DropDown[Ackerkulturen])>0)),ROW()-2),1),"") -> Triticale | CJ9: =IFERROR(INDEX(Liste_Ackerkulturen_Gemüse_DropDown[Ackerkulturen],_xlfn.AGGREGATE(15,6,(ROW(Liste_Ackerkulturen_Gemüse_DropDown[Ackerkulturen])-1)/(--(SEARCH(CK$2,Liste_Ackerkulturen_Gemüse_DropDown[Ackerkulturen])>0)),ROW()-2),1),"") -> Triticale | CL9: =IFERROR(INDEX(Liste_Ackerkulturen_Gemüse_DropDown[Ackerkulturen],_xlfn.AGGREGATE(15,6,(ROW(Liste_Ackerkulturen_Gemüse_DropDown[Ackerkulturen])-1)/(--(SEARCH(CM$2,Liste_Ackerkulturen_Gemüse_DropDown[Ackerkulturen])>0)),ROW()-2),1),"") -> Triticale | CN9: =IFERROR(INDEX(Liste_Ackerkulturen_Gemüse_DropDown[Ackerkulturen],_xlfn.AGGREGATE(15,6,(ROW(Liste_Ackerkulturen_Gemüse_DropDown[Ackerkulturen])-1)/(--(SEARCH(CO$2,Liste_Ackerkulturen_Gemüse_DropDown[Ackerkulturen])>0)),ROW()-2),1),"") -> Triticale | CP9: =IFERROR(INDEX(Liste_Ackerkulturen_Gemüse_DropDown[Ackerkulturen],_xlfn.AGGREGATE(15,6,(ROW(Liste_Ackerkulturen_Gemüse_DropDown[Ackerkulturen])-1)/(--(SEARCH(CQ$2,Liste_Ackerkulturen_Gemüse_DropDown[Ackerkulturen])>0)),ROW()-2),1),"") -> Triticale | CR9: =IFERROR(INDEX(Liste_Ackerkulturen_Gemüse_DropDown[Ackerkulturen],_xlfn.AGGREGATE(15,6,(ROW(Liste_Ackerkulturen_Gemüse_DropDown[Ackerkulturen])-1)/(--(SEARCH(CS$2,Liste_Ackerkulturen_Gemüse_DropDown[Ackerkulturen])>0)),ROW()-2),1),"") -> Triticale | CV9: GL über 40 % Leguminosen 1 Nutzung | CW9: =IFERROR(INDEX(Liste_Grünland_DropDown[Grünland],_xlfn.AGGREGATE(15,6,(ROW(Liste_Grünland_DropDown[Grünland])-1)/(--(SEARCH(CX$2,Liste_Grünland_DropDown[Grünland])>0)),ROW()-2),1),"") -> GL < 40 % Leguminosen 6 Nutzungen | CY9: =IFERROR(INDEX(Liste_Grünland_DropDown[Grünland],_xlfn.AGGREGATE(15,6,(ROW(Liste_Grünland_DropDown[Grünland])-1)/(--(SEARCH(CZ$2,Liste_Grünland_DropDown[Grünland])>0)),ROW()-2),1),"") -> GL < 40 % Leguminosen 6 Nutzungen | DA9: =IFERROR(INDEX(Liste_Grünland_DropDown[Grünland],_xlfn.AGGREGATE(15,6,(ROW(Liste_Grünland_DropDown[Grünland])-1)/(--(SEARCH(DB$2,Liste_Grünland_DropDown[Grünland])>0)),ROW()-2),1),"") -> GL < 40 % Leguminosen 6 Nutzungen | DC9: =IFERROR(INDEX(Liste_Grünland_DropDown[Grünland],_xlfn.AGGREGATE(15,6,(ROW(Liste_Grünland_DropDown[Grünland])-1)/(--(SEARCH(DD$2,Liste_Grünland_DropDown[Grünland])>0)),ROW()-2),1),"") -> GL < 40 % Leguminosen 6 Nutzungen | DE9: =IFERROR(INDEX(Liste_Grünland_DropDown[Grünland],_xlfn.AGGREGATE(15,6,(ROW(Liste_Grünland_DropDown[Grünland])-1)/(--(SEARCH(DF$2,Liste_Grünland_DropDown[Grünland])>0)),ROW()-2),1),"") -> GL < 40 % Leguminosen 6 Nutzungen | DG9: =IFERROR(INDEX(Liste_Grünland_DropDown[Grünland],_xlfn.AGGREGATE(15,6,(ROW(Liste_Grünland_DropDown[Grünland])-1)/(--(SEARCH(DH$2,Liste_Grünland_DropDown[Grünland])>0)),ROW()-2),1),"") -> GL < 40 % Leguminosen 6 Nutzungen
A10: f | B10: =CONCATENATE(A10," - ",C10) -> f - | G10: =IF(ISERROR(AE10),"",AE10) | I10: =IF(AND(ISNA(AH10),ISBLANK(C10)),0,IF(ISNA(AH10),H10,AH10)) -> 0 | J10: =E10*I10 -> 0 | L10: =IF(ISNA(AI10),0,AI10) -> 0 | M10: =IF(ISBLANK(K10),E10*L10,E10*K10) -> 0 | N10: Wechselwiese, Kleegras nach Umbruch | R10: 30 | S10: =Q10*R10 -> 0 | AE10: =IFERROR(IF(OR(C10="",E10="",F10=""),"",(IF(F10="niedrig",VLOOKUP(C10,Liste_N_Bedarf,3,0),IF(F10="mittel",VLOOKUP(C10,Liste_N_Bedarf,5,0),IF(F10="hoch 1",VLOOKUP(C10,Liste_N_Bedarf,7,0),IF(F10="hoch 2",VLOOKUP(C10,Liste_N_Bedarf,9,0),IF(F10="hoch 3",VLOOKUP(C10,Liste_N_Bedarf,11,0),IF(F10="GW-mittel",VLOOKUP(C10,Liste_N_Bedarf,13,0),IF(F10="GW-hoch",VLOOKUP(C10,Liste_N_Bedarf,15,0)))))))))),"") | AF10: =IF(J10>0,E10,0) -> 0 | AG10: =IF(ISBLANK(F10),0,VLOOKUP(C10,Liste_N_Bedarf,9,0)) -> 0 | AH10: =IF(F10="niedrig",VLOOKUP(C10,Liste_N_Bedarf,2,0),IF(F10="mittel",VLOOKUP(C10,Liste_N_Bedarf,4,0),IF(F10="hoch 1",VLOOKUP(C10,Liste_N_Bedarf,6,0),IF(F10="hoch 2",VLOOKUP(C10,Liste_N_Bedarf,8,0),IF(F10="hoch 3",VLOOKUP(C10,Liste_N_Bedarf,10,0),IF(F10="GW-mittel",VLOOKUP(C10,Liste_N_Bedarf,12,0),IF(F10="GW-hoch",VLOOKUP(C10,Liste_N_Bedarf,14,0),0))))))) -> 0 | AI10: =IF(F10="niedrig",VLOOKUP(C10,Liste_P_Bedarf,2,0),IF(F10="GW-mittel",VLOOKUP(C10,Liste_P_Bedarf,3,0),IF(F10="mittel",VLOOKUP(C10,Liste_P_Bedarf,3,0),IF(F10="GW-hoch",VLOOKUP(C10,Liste_P_Bedarf,4,0),IF(F10="hoch 1",VLOOKUP(C10,Liste_P_Bedarf,4,0),IF(F10="hoch 2",VLOOKUP(C10,Liste_P_Bedarf,4,0),IF(F10="hoch 3",VLOOKUP(C10,Liste_P_Bedarf,4,0),0))))))) -> 0 | AJ10: =IF(F10="niedrig",VLOOKUP(C10,Liste_K_Bedarf,2,0),IF(F10="GW-mittel",VLOOKUP(C10,Liste_K_Bedarf,3,0),IF(F10="mittel",VLOOKUP(C10,Liste_K_Bedarf,3,0),IF(F10="GW-hoch",VLOOKUP(C10,Liste_K_Bedarf,4,0),IF(F10="hoch 1",VLOOKUP(C10,Liste_K_Bedarf,4,0),IF(F10="hoch 2",VLOOKUP(C10,Liste_K_Bedarf,4,0),IF(F10="hoch 3",VLOOKUP(C10,Liste_K_Bedarf,4,0),0))))))) -> 0 | AK10: =IF(ISBLANK(F10),0,VLOOKUP(C10,Liste_K_Bedarf,5,0)) -> 0 | AL10: =IF(ISBLANK(F10),0,VLOOKUP(C10,Liste_N_Bedarf,17,0)) -> 0 | AM10: Triticale | AN10: 90 | AO10: < 4,5 | AP10: 120 | AQ10: 4,5 - 6,0 | AR10: 145 | AS10: 6,0 - 7,5 | AT10: 155 | AU10: 7,5 - 9,0 | AV10: 165 | AW10: > 9,0 | AX10: 110 | AY10: 4,5 - 6,0 | AZ10: 120 | BA10: > 6,0 | BB10: 18 | BE10: Triticale | BF10: 50 | BG10: 55 | BH10: 65 | BJ10: Triticale | BK10: 70 | BL10: 80 | BM10: 90 | BN10: =IF('Kali u Kosten'!$H$3="ja",BO10,IF($V$27="nein",0,0)) -> 50 | BO10: 50 | BQ10: =IFERROR(COUNTIF(Liste_Ackerkulturen_Gemüse_DropDown[Ackerkulturen],N_Bedarf!$C12),0) -> 2 | BS10: Hafer | BT10: =IFERROR(INDEX(Liste_Ackerkulturen_Gemüse_DropDown[Ackerkulturen],_xlfn.AGGREGATE(15,6,(ROW(Liste_Ackerkulturen_Gemüse_DropDown[Ackerkulturen])-1)/(--(SEARCH(BU$2,Liste_Ackerkulturen_Gemüse_DropDown[Ackerkulturen])>0)),ROW()-2),1),"") -> Roggen | BV10: =IFERROR(INDEX(Liste_Ackerkulturen_Gemüse_DropDown[Ackerkulturen],_xlfn.AGGREGATE(15,6,(ROW(Liste_Ackerkulturen_Gemüse_DropDown[Ackerkulturen])-1)/(--(SEARCH(BW$2,Liste_Ackerkulturen_Gemüse_DropDown[Ackerkulturen])>0)),ROW()-2),1),"") -> Roggen | BX10: =IFERROR(INDEX(Liste_Ackerkulturen_Gemüse_DropDown[Ackerkulturen],_xlfn.AGGREGATE(15,6,(ROW(Liste_Ackerkulturen_Gemüse_DropDown[Ackerkulturen])-1)/(--(SEARCH(BY$2,Liste_Ackerkulturen_Gemüse_DropDown[Ackerkulturen])>0)),ROW()-2),1),"") -> Roggen | BZ10: =IFERROR(INDEX(Liste_Ackerkulturen_Gemüse_DropDown[Ackerkulturen],_xlfn.AGGREGATE(15,6,(ROW(Liste_Ackerkulturen_Gemüse_DropDown[Ackerkulturen])-1)/(--(SEARCH(CA$2,Liste_Ackerkulturen_Gemüse_DropDown[Ackerkulturen])>0)),ROW()-2),1),"") -> Roggen | CB10: =IFERROR(INDEX(Liste_Ackerkulturen_Gemüse_DropDown[Ackerkulturen],_xlfn.AGGREGATE(15,6,(ROW(Liste_Ackerkulturen_Gemüse_DropDown[Ackerkulturen])-1)/(--(SEARCH(CC$2,Liste_Ackerkulturen_Gemüse_DropDown[Ackerkulturen])>0)),ROW()-2),1),"") -> Roggen | CD10: =IFERROR(INDEX(Liste_Ackerkulturen_Gemüse_DropDown[Ackerkulturen],_xlfn.AGGREGATE(15,6,(ROW(Liste_Ackerkulturen_Gemüse_DropDown[Ackerkulturen])-1)/(--(SEARCH(CE$2,Liste_Ackerkulturen_Gemüse_DropDown[Ackerkulturen])>0)),ROW()-2),1),"") -> Roggen | CF10: =IFERROR(INDEX(Liste_Ackerkulturen_Gemüse_DropDown[Ackerkulturen],_xlfn.AGGREGATE(15,6,(ROW(Liste_Ackerkulturen_Gemüse_DropDown[Ackerkulturen])-1)/(--(SEARCH(CG$2,Liste_Ackerkulturen_Gemüse_DropDown[Ackerkulturen])>0)),ROW()-2),1),"") -> Roggen | CH10: =IFERROR(INDEX(Liste_Ackerkulturen_Gemüse_DropDown[Ackerkulturen],_xlfn.AGGREGATE(15,6,(ROW(Liste_Ackerkulturen_Gemüse_DropDown[Ackerkulturen])-1)/(--(SEARCH(CI$2,Liste_Ackerkulturen_Gemüse_DropDown[Ackerkulturen])>0)),ROW()-2),1),"") -> Roggen | CJ10: =IFERROR(INDEX(Liste_Ackerkulturen_Gemüse_DropDown[Ackerkulturen],_xlfn.AGGREGATE(15,6,(ROW(Liste_Ackerkulturen_Gemüse_DropDown[Ackerkulturen])-1)/(--(SEARCH(CK$2,Liste_Ackerkulturen_Gemüse_DropDown[Ackerkulturen])>0)),ROW()-2),1),"") -> Roggen | CL10: =IFERROR(INDEX(Liste_Ackerkulturen_Gemüse_DropDown[Ackerkulturen],_xlfn.AGGREGATE(15,6,(ROW(Liste_Ackerkulturen_Gemüse_DropDown[Ackerkulturen])-1)/(--(SEARCH(CM$2,Liste_Ackerkulturen_Gemüse_DropDown[Ackerkulturen])>0)),ROW()-2),1),"") -> Roggen | CN10: =IFERROR(INDEX(Liste_Ackerkulturen_Gemüse_DropDown[Ackerkulturen],_xlfn.AGGREGATE(15,6,(ROW(Liste_Ackerkulturen_Gemüse_DropDown[Ackerkulturen])-1)/(--(SEARCH(CO$2,Liste_Ackerkulturen_Gemüse_DropDown[Ackerkulturen])>0)),ROW()-2),1),"") -> Roggen | CP10: =IFERROR(INDEX(Liste_Ackerkulturen_Gemüse_DropDown[Ackerkulturen],_xlfn.AGGREGATE(15,6,(ROW(Liste_Ackerkulturen_Gemüse_DropDown[Ackerkulturen])-1)/(--(SEARCH(CQ$2,Liste_Ackerkulturen_Gemüse_DropDown[Ackerkulturen])>0)),ROW()-2),1),"") -> Roggen | CR10: =IFERROR(INDEX(Liste_Ackerkulturen_Gemüse_DropDown[Ackerkulturen],_xlfn.AGGREGATE(15,6,(ROW(Liste_Ackerkulturen_Gemüse_DropDown[Ackerkulturen])-1)/(--(SEARCH(CS$2,Liste_Ackerkulturen_Gemüse_DropDown[Ackerkulturen])>0)),ROW()-2),1),"") -> Roggen | CV10: GL über 40 % Leguminosen 2 Nutzungen | CW10: =IFERROR(INDEX(Liste_Grünland_DropDown[Grünland],_xlfn.AGGREGATE(15,6,(ROW(Liste_Grünland_DropDown[Grünland])-1)/(--(SEARCH(CX$2,Liste_Grünland_DropDown[Grünland])>0)),ROW()-2),1),"") -> GL über 40 % Leguminosen 1 Nutzung | CY10: =IFERROR(INDEX(Liste_Grünland_DropDown[Grünland],_xlfn.AGGREGATE(15,6,(ROW(Liste_Grünland_DropDown[Grünland])-1)/(--(SEARCH(CZ$2,Liste_Grünland_DropDown[Grünland])>0)),ROW()-2),1),"") -> GL über 40 % Leguminosen 1 Nutzung | DA10: =IFERROR(INDEX(Liste_Grünland_DropDown[Grünland],_xlfn.AGGREGATE(15,6,(ROW(Liste_Grünland_DropDown[Grünland])-1)/(--(SEARCH(DB$2,Liste_Grünland_DropDown[Grünland])>0)),ROW()-2),1),"") -> GL über 40 % Leguminosen 1 Nutzung | DC10: =IFERROR(INDEX(Liste_Grünland_DropDown[Grünland],_xlfn.AGGREGATE(15,6,(ROW(Liste_Grünland_DropDown[Grünland])-1)/(--(SEARCH(DD$2,Liste_Grünland_DropDown[Grünland])>0)),ROW()-2),1),"") -> GL über 40 % Leguminosen 1 Nutzung | DE10: =IFERROR(INDEX(Liste_Grünland_DropDown[Grünland],_xlfn.AGGREGATE(15,6,(ROW(Liste_Grünland_DropDown[Grünland])-1)/(--(SEARCH(DF$2,Liste_Grünland_DropDown[Grünland])>0)),ROW()-2),1),"") -> GL über 40 % Leguminosen 1 Nutzung | DG10: =IFERROR(INDEX(Liste_Grünland_DropDown[Grünland],_xlfn.AGGREGATE(15,6,(ROW(Liste_Grünland_DropDown[Grünland])-1)/(--(SEARCH(DH$2,Liste_Grünland_DropDown[Grünland])>0)),ROW()-2),1),"") -> GL über 40 % Leguminosen 1 Nutzung
A11: g | B11: =CONCATENATE(A11," - ",C11) -> g - | G11: =IF(ISERROR(AE11),"",AE11) | I11: =IF(AND(ISNA(AH11),ISBLANK(C11)),0,IF(ISNA(AH11),H11,AH11)) -> 0 | J11: =E11*I11 -> 0 | L11: =IF(ISNA(AI11),0,AI11) -> 0 | M11: =IF(ISBLANK(K11),E11*L11,E11*K11) -> 0 | S11: =Q11*R11 -> 0 | AE11: =IFERROR(IF(OR(C11="",E11="",F11=""),"",(IF(F11="niedrig",VLOOKUP(C11,Liste_N_Bedarf,3,0),IF(F11="mittel",VLOOKUP(C11,Liste_N_Bedarf,5,0),IF(F11="hoch 1",VLOOKUP(C11,Liste_N_Bedarf,7,0),IF(F11="hoch 2",VLOOKUP(C11,Liste_N_Bedarf,9,0),IF(F11="hoch 3",VLOOKUP(C11,Liste_N_Bedarf,11,0),IF(F11="GW-mittel",VLOOKUP(C11,Liste_N_Bedarf,13,0),IF(F11="GW-hoch",VLOOKUP(C11,Liste_N_Bedarf,15,0)))))))))),"") | AF11: =IF(J11>0,E11,0) -> 0 | AG11: =IF(ISBLANK(F11),0,VLOOKUP(C11,Liste_N_Bedarf,9,0)) -> 0 | AH11: =IF(F11="niedrig",VLOOKUP(C11,Liste_N_Bedarf,2,0),IF(F11="mittel",VLOOKUP(C11,Liste_N_Bedarf,4,0),IF(F11="hoch 1",VLOOKUP(C11,Liste_N_Bedarf,6,0),IF(F11="hoch 2",VLOOKUP(C11,Liste_N_Bedarf,8,0),IF(F11="hoch 3",VLOOKUP(C11,Liste_N_Bedarf,10,0),IF(F11="GW-mittel",VLOOKUP(C11,Liste_N_Bedarf,12,0),IF(F11="GW-hoch",VLOOKUP(C11,Liste_N_Bedarf,14,0),0))))))) -> 0 | AI11: =IF(F11="niedrig",VLOOKUP(C11,Liste_P_Bedarf,2,0),IF(F11="GW-mittel",VLOOKUP(C11,Liste_P_Bedarf,3,0),IF(F11="mittel",VLOOKUP(C11,Liste_P_Bedarf,3,0),IF(F11="GW-hoch",VLOOKUP(C11,Liste_P_Bedarf,4,0),IF(F11="hoch 1",VLOOKUP(C11,Liste_P_Bedarf,4,0),IF(F11="hoch 2",VLOOKUP(C11,Liste_P_Bedarf,4,0),IF(F11="hoch 3",VLOOKUP(C11,Liste_P_Bedarf,4,0),0))))))) -> 0 | AJ11: =IF(F11="niedrig",VLOOKUP(C11,Liste_K_Bedarf,2,0),IF(F11="GW-mittel",VLOOKUP(C11,Liste_K_Bedarf,3,0),IF(F11="mittel",VLOOKUP(C11,Liste_K_Bedarf,3,0),IF(F11="GW-hoch",VLOOKUP(C11,Liste_K_Bedarf,4,0),IF(F11="hoch 1",VLOOKUP(C11,Liste_K_Bedarf,4,0),IF(F11="hoch 2",VLOOKUP(C11,Liste_K_Bedarf,4,0),IF(F11="hoch 3",VLOOKUP(C11,Liste_K_Bedarf,4,0),0))))))) -> 0 | AK11: =IF(ISBLANK(F11),0,VLOOKUP(C11,Liste_K_Bedarf,5,0)) -> 0 | AL11: =IF(ISBLANK(F11),0,VLOOKUP(C11,Liste_N_Bedarf,17,0)) -> 0 | AM11: Roggen | AN11: 80 | AO11: < 3,5 | AP11: 110 | AQ11: 3,5 - 5,5 | AR11: 130 | AS11: 5,5 - 7,0 | AT11: 140 | AU11: 7,0 - 8,5 | AV11: 150 | AW11: > 8,5 | AX11: 100 | AY11: 3,5 - 5,5 | AZ11: 110 | BA11: > 5,5 | BB11: 16 | BE11: Roggen | BF11: 50 | BG11: 55 | BH11: 65 | BJ11: Roggen | BK11: 70 | BL11: 80 | BM11: 90 | BN11: =IF('Kali u Kosten'!$H$3="ja",BO11,IF($V$27="nein",0,0)) -> 50 | BO11: 50 | BQ11: =IFERROR(COUNTIF(Liste_Ackerkulturen_Gemüse_DropDown[Ackerkulturen],N_Bedarf!$C13),0) -> 2 | BS11: Sommerbraugerste | BT11: =IFERROR(INDEX(Liste_Ackerkulturen_Gemüse_DropDown[Ackerkulturen],_xlfn.AGGREGATE(15,6,(ROW(Liste_Ackerkulturen_Gemüse_DropDown[Ackerkulturen])-1)/(--(SEARCH(BU$2,Liste_Ackerkulturen_Gemüse_DropDown[Ackerkulturen])>0)),ROW()-2),1),"") -> Hafer | BV11: =IFERROR(INDEX(Liste_Ackerkulturen_Gemüse_DropDown[Ackerkulturen],_xlfn.AGGREGATE(15,6,(ROW(Liste_Ackerkulturen_Gemüse_DropDown[Ackerkulturen])-1)/(--(SEARCH(BW$2,Liste_Ackerkulturen_Gemüse_DropDown[Ackerkulturen])>0)),ROW()-2),1),"") -> Hafer | BX11: =IFERROR(INDEX(Liste_Ackerkulturen_Gemüse_DropDown[Ackerkulturen],_xlfn.AGGREGATE(15,6,(ROW(Liste_Ackerkulturen_Gemüse_DropDown[Ackerkulturen])-1)/(--(SEARCH(BY$2,Liste_Ackerkulturen_Gemüse_DropDown[Ackerkulturen])>0)),ROW()-2),1),"") -> Hafer | BZ11: =IFERROR(INDEX(Liste_Ackerkulturen_Gemüse_DropDown[Ackerkulturen],_xlfn.AGGREGATE(15,6,(ROW(Liste_Ackerkulturen_Gemüse_DropDown[Ackerkulturen])-1)/(--(SEARCH(CA$2,Liste_Ackerkulturen_Gemüse_DropDown[Ackerkulturen])>0)),ROW()-2),1),"") -> Hafer | CB11: =IFERROR(INDEX(Liste_Ackerkulturen_Gemüse_DropDown[Ackerkulturen],_xlfn.AGGREGATE(15,6,(ROW(Liste_Ackerkulturen_Gemüse_DropDown[Ackerkulturen])-1)/(--(SEARCH(CC$2,Liste_Ackerkulturen_Gemüse_DropDown[Ackerkulturen])>0)),ROW()-2),1),"") -> Hafer | CD11: =IFERROR(INDEX(Liste_Ackerkulturen_Gemüse_DropDown[Ackerkulturen],_xlfn.AGGREGATE(15,6,(ROW(Liste_Ackerkulturen_Gemüse_DropDown[Ackerkulturen])-1)/(--(SEARCH(CE$2,Liste_Ackerkulturen_Gemüse_DropDown[Ackerkulturen])>0)),ROW()-2),1),"") -> Hafer | CF11: =IFERROR(INDEX(Liste_Ackerkulturen_Gemüse_DropDown[Ackerkulturen],_xlfn.AGGREGATE(15,6,(ROW(Liste_Ackerkulturen_Gemüse_DropDown[Ackerkulturen])-1)/(--(SEARCH(CG$2,Liste_Ackerkulturen_Gemüse_DropDown[Ackerkulturen])>0)),ROW()-2),1),"") -> Hafer | CH11: =IFERROR(INDEX(Liste_Ackerkulturen_Gemüse_DropDown[Ackerkulturen],_xlfn.AGGREGATE(15,6,(ROW(Liste_Ackerkulturen_Gemüse_DropDown[Ackerkulturen])-1)/(--(SEARCH(CI$2,Liste_Ackerkulturen_Gemüse_DropDown[Ackerkulturen])>0)),ROW()-2),1),"") -> Hafer | CJ11: =IFERROR(INDEX(Liste_Ackerkulturen_Gemüse_DropDown[Ackerkulturen],_xlfn.AGGREGATE(15,6,(ROW(Liste_Ackerkulturen_Gemüse_DropDown[Ackerkulturen])-1)/(--(SEARCH(CK$2,Liste_Ackerkulturen_Gemüse_DropDown[Ackerkulturen])>0)),ROW()-2),1),"") -> Hafer | CL11: =IFERROR(INDEX(Liste_Ackerkulturen_Gemüse_DropDown[Ackerkulturen],_xlfn.AGGREGATE(15,6,(ROW(Liste_Ackerkulturen_Gemüse_DropDown[Ackerkulturen])-1)/(--(SEARCH(CM$2,Liste_Ackerkulturen_Gemüse_DropDown[Ackerkulturen])>0)),ROW()-2),1),"") -> Hafer | CN11: =IFERROR(INDEX(Liste_Ackerkulturen_Gemüse_DropDown[Ackerkulturen],_xlfn.AGGREGATE(15,6,(ROW(Liste_Ackerkulturen_Gemüse_DropDown[Ackerkulturen])-1)/(--(SEARCH(CO$2,Liste_Ackerkulturen_Gemüse_DropDown[Ackerkulturen])>0)),ROW()-2),1),"") -> Hafer | CP11: =IFERROR(INDEX(Liste_Ackerkulturen_Gemüse_DropDown[Ackerkulturen],_xlfn.AGGREGATE(15,6,(ROW(Liste_Ackerkulturen_Gemüse_DropDown[Ackerkulturen])-1)/(--(SEARCH(CQ$2,Liste_Ackerkulturen_Gemüse_DropDown[Ackerkulturen])>0)),ROW()-2),1),"") -> Hafer | CR11: =IFERROR(INDEX(Liste_Ackerkulturen_Gemüse_DropDown[Ackerkulturen],_xlfn.AGGREGATE(15,6,(ROW(Liste_Ackerkulturen_Gemüse_DropDown[Ackerkulturen])-1)/(--(SEARCH(CS$2,Liste_Ackerkulturen_Gemüse_DropDown[Ackerkulturen])>0)),ROW()-2),1),"") -> Hafer | CV11: GL über 40 % Leguminosen 3 Nutzungen | CW11: =IFERROR(INDEX(Liste_Grünland_DropDown[Grünland],_xlfn.AGGREGATE(15,6,(ROW(Liste_Grünland_DropDown[Grünland])-1)/(--(SEARCH(CX$2,Liste_Grünland_DropDown[Grünland])>0)),ROW()-2),1),"") -> GL über 40 % Leguminosen 2 Nutzungen | CY11: =IFERROR(INDEX(Liste_Grünland_DropDown[Grünland],_xlfn.AGGREGATE(15,6,(ROW(Liste_Grünland_DropDown[Grünland])-1)/(--(SEARCH(CZ$2,Liste_Grünland_DropDown[Grünland])>0)),ROW()-2),1),"") -> GL über 40 % Leguminosen 2 Nutzungen | DA11: =IFERROR(INDEX(Liste_Grünland_DropDown[Grünland],_xlfn.AGGREGATE(15,6,(ROW(Liste_Grünland_DropDown[Grünland])-1)/(--(SEARCH(DB$2,Liste_Grünland_DropDown[Grünland])>0)),ROW()-2),1),"") -> GL über 40 % Leguminosen 2 Nutzungen | DC11: =IFERROR(INDEX(Liste_Grünland_DropDown[Grünland],_xlfn.AGGREGATE(15,6,(ROW(Liste_Grünland_DropDown[Grünland])-1)/(--(SEARCH(DD$2,Liste_Grünland_DropDown[Grünland])>0)),ROW()-2),1),"") -> GL über 40 % Leguminosen 2 Nutzungen | DE11: =IFERROR(INDEX(Liste_Grünland_DropDown[Grünland],_xlfn.AGGREGATE(15,6,(ROW(Liste_Grünland_DropDown[Grünland])-1)/(--(SEARCH(DF$2,Liste_Grünland_DropDown[Grünland])>0)),ROW()-2),1),"") -> GL über 40 % Leguminosen 2 Nutzungen | DG11: =IFERROR(INDEX(Liste_Grünland_DropDown[Grünland],_xlfn.AGGREGATE(15,6,(ROW(Liste_Grünland_DropDown[Grünland])-1)/(--(SEARCH(DH$2,Liste_Grünland_DropDown[Grünland])>0)),ROW()-2),1),"") -> GL über 40 % Leguminosen 2 Nutzungen
A12: h | B12: =CONCATENATE(A12," - ",C12) -> h - | G12: =IF(ISERROR(AE12),"",AE12) | I12: =IF(AND(ISNA(AH12),ISBLANK(C12)),0,IF(ISNA(AH12),H12,AH12)) -> 0 | J12: =E12*I12 -> 0 | L12: =IF(ISNA(AI12),0,AI12) -> 0 | M12: =IF(ISBLANK(K12),E12*L12,E12*K12) -> 0 | N12: bei mehrjährigen Acker-futterflächen, Grünbrachen und Grünlandflächen nach Umbruch | R12: 30 | S12: =Q12*R12 -> 0 | AE12: =IFERROR(IF(OR(C12="",E12="",F12=""),"",(IF(F12="niedrig",VLOOKUP(C12,Liste_N_Bedarf,3,0),IF(F12="mittel",VLOOKUP(C12,Liste_N_Bedarf,5,0),IF(F12="hoch 1",VLOOKUP(C12,Liste_N_Bedarf,7,0),IF(F12="hoch 2",VLOOKUP(C12,Liste_N_Bedarf,9,0),IF(F12="hoch 3",VLOOKUP(C12,Liste_N_Bedarf,11,0),IF(F12="GW-mittel",VLOOKUP(C12,Liste_N_Bedarf,13,0),IF(F12="GW-hoch",VLOOKUP(C12,Liste_N_Bedarf,15,0)))))))))),"") | AF12: =IF(J12>0,E12,0) -> 0 | AG12: =IF(ISBLANK(F12),0,VLOOKUP(C12,Liste_N_Bedarf,9,0)) -> 0 | AH12: =IF(F12="niedrig",VLOOKUP(C12,Liste_N_Bedarf,2,0),IF(F12="mittel",VLOOKUP(C12,Liste_N_Bedarf,4,0),IF(F12="hoch 1",VLOOKUP(C12,Liste_N_Bedarf,6,0),IF(F12="hoch 2",VLOOKUP(C12,Liste_N_Bedarf,8,0),IF(F12="hoch 3",VLOOKUP(C12,Liste_N_Bedarf,10,0),IF(F12="GW-mittel",VLOOKUP(C12,Liste_N_Bedarf,12,0),IF(F12="GW-hoch",VLOOKUP(C12,Liste_N_Bedarf,14,0),0))))))) -> 0 | AI12: =IF(F12="niedrig",VLOOKUP(C12,Liste_P_Bedarf,2,0),IF(F12="GW-mittel",VLOOKUP(C12,Liste_P_Bedarf,3,0),IF(F12="mittel",VLOOKUP(C12,Liste_P_Bedarf,3,0),IF(F12="GW-hoch",VLOOKUP(C12,Liste_P_Bedarf,4,0),IF(F12="hoch 1",VLOOKUP(C12,Liste_P_Bedarf,4,0),IF(F12="hoch 2",VLOOKUP(C12,Liste_P_Bedarf,4,0),IF(F12="hoch 3",VLOOKUP(C12,Liste_P_Bedarf,4,0),0))))))) -> 0 | AJ12: =IF(F12="niedrig",VLOOKUP(C12,Liste_K_Bedarf,2,0),IF(F12="GW-mittel",VLOOKUP(C12,Liste_K_Bedarf,3,0),IF(F12="mittel",VLOOKUP(C12,Liste_K_Bedarf,3,0),IF(F12="GW-hoch",VLOOKUP(C12,Liste_K_Bedarf,4,0),IF(F12="hoch 1",VLOOKUP(C12,Liste_K_Bedarf,4,0),IF(F12="hoch 2",VLOOKUP(C12,Liste_K_Bedarf,4,0),IF(F12="hoch 3",VLOOKUP(C12,Liste_K_Bedarf,4,0),0))))))) -> 0 | AK12: =IF(ISBLANK(F12),0,VLOOKUP(C12,Liste_K_Bedarf,5,0)) -> 0 | AL12: =IF(ISBLANK(F12),0,VLOOKUP(C12,Liste_N_Bedarf,17,0)) -> 0 | AM12: Hafer | AN12: 70 | AO12: < 3,5 | AP12: 100 | AQ12: 3,5 - 5,0 | AR12: 115 | AS12: 5,0 - 6,5 | AT12: 125 | AU12: 6,5 - 8,0 | AV12: 135 | AW12: > 8,0 | AX12: 90 | AY12: 3,5 - 5,0 | AZ12: 100 | BA12: > 5,0 | BB12: 16 | BE12: Hafer | BF12: 50 | BG12: 55 | BH12: 65 | BJ12: Hafer | BK12: 70 | BL12: 80 | BM12: 90 | BN12: =IF('Kali u Kosten'!$H$3="ja",BO12,IF($V$27="nein",0,0)) -> 50 | BO12: 50 | BQ12: =IFERROR(COUNTIF(Liste_Ackerkulturen_Gemüse_DropDown[Ackerkulturen],N_Bedarf!$C14),0) -> 2 | BS12: Sommerfuttergerste | BT12: =IFERROR(INDEX(Liste_Ackerkulturen_Gemüse_DropDown[Ackerkulturen],_xlfn.AGGREGATE(15,6,(ROW(Liste_Ackerkulturen_Gemüse_DropDown[Ackerkulturen])-1)/(--(SEARCH(BU$2,Liste_Ackerkulturen_Gemüse_DropDown[Ackerkulturen])>0)),ROW()-2),1),"") -> Sommerbraugerste | BV12: =IFERROR(INDEX(Liste_Ackerkulturen_Gemüse_DropDown[Ackerkulturen],_xlfn.AGGREGATE(15,6,(ROW(Liste_Ackerkulturen_Gemüse_DropDown[Ackerkulturen])-1)/(--(SEARCH(BW$2,Liste_Ackerkulturen_Gemüse_DropDown[Ackerkulturen])>0)),ROW()-2),1),"") -> Sommerbraugerste | BX12: =IFERROR(INDEX(Liste_Ackerkulturen_Gemüse_DropDown[Ackerkulturen],_xlfn.AGGREGATE(15,6,(ROW(Liste_Ackerkulturen_Gemüse_DropDown[Ackerkulturen])-1)/(--(SEARCH(BY$2,Liste_Ackerkulturen_Gemüse_DropDown[Ackerkulturen])>0)),ROW()-2),1),"") -> Sommerbraugerste | BZ12: =IFERROR(INDEX(Liste_Ackerkulturen_Gemüse_DropDown[Ackerkulturen],_xlfn.AGGREGATE(15,6,(ROW(Liste_Ackerkulturen_Gemüse_DropDown[Ackerkulturen])-1)/(--(SEARCH(CA$2,Liste_Ackerkulturen_Gemüse_DropDown[Ackerkulturen])>0)),ROW()-2),1),"") -> Sommerbraugerste | CB12: =IFERROR(INDEX(Liste_Ackerkulturen_Gemüse_DropDown[Ackerkulturen],_xlfn.AGGREGATE(15,6,(ROW(Liste_Ackerkulturen_Gemüse_DropDown[Ackerkulturen])-1)/(--(SEARCH(CC$2,Liste_Ackerkulturen_Gemüse_DropDown[Ackerkulturen])>0)),ROW()-2),1),"") -> Sommerbraugerste | CD12: =IFERROR(INDEX(Liste_Ackerkulturen_Gemüse_DropDown[Ackerkulturen],_xlfn.AGGREGATE(15,6,(ROW(Liste_Ackerkulturen_Gemüse_DropDown[Ackerkulturen])-1)/(--(SEARCH(CE$2,Liste_Ackerkulturen_Gemüse_DropDown[Ackerkulturen])>0)),ROW()-2),1),"") -> Sommerbraugerste | CF12: =IFERROR(INDEX(Liste_Ackerkulturen_Gemüse_DropDown[Ackerkulturen],_xlfn.AGGREGATE(15,6,(ROW(Liste_Ackerkulturen_Gemüse_DropDown[Ackerkulturen])-1)/(--(SEARCH(CG$2,Liste_Ackerkulturen_Gemüse_DropDown[Ackerkulturen])>0)),ROW()-2),1),"") -> Sommerbraugerste | CH12: =IFERROR(INDEX(Liste_Ackerkulturen_Gemüse_DropDown[Ackerkulturen],_xlfn.AGGREGATE(15,6,(ROW(Liste_Ackerkulturen_Gemüse_DropDown[Ackerkulturen])-1)/(--(SEARCH(CI$2,Liste_Ackerkulturen_Gemüse_DropDown[Ackerkulturen])>0)),ROW()-2),1),"") -> Sommerbraugerste | CJ12: =IFERROR(INDEX(Liste_Ackerkulturen_Gemüse_DropDown[Ackerkulturen],_xlfn.AGGREGATE(15,6,(ROW(Liste_Ackerkulturen_Gemüse_DropDown[Ackerkulturen])-1)/(--(SEARCH(CK$2,Liste_Ackerkulturen_Gemüse_DropDown[Ackerkulturen])>0)),ROW()-2),1),"") -> Sommerbraugerste | CL12: =IFERROR(INDEX(Liste_Ackerkulturen_Gemüse_DropDown[Ackerkulturen],_xlfn.AGGREGATE(15,6,(ROW(Liste_Ackerkulturen_Gemüse_DropDown[Ackerkulturen])-1)/(--(SEARCH(CM$2,Liste_Ackerkulturen_Gemüse_DropDown[Ackerkulturen])>0)),ROW()-2),1),"") -> Sommerbraugerste | CN12: =IFERROR(INDEX(Liste_Ackerkulturen_Gemüse_DropDown[Ackerkulturen],_xlfn.AGGREGATE(15,6,(ROW(Liste_Ackerkulturen_Gemüse_DropDown[Ackerkulturen])-1)/(--(SEARCH(CO$2,Liste_Ackerkulturen_Gemüse_DropDown[Ackerkulturen])>0)),ROW()-2),1),"") -> Sommerbraugerste | CP12: =IFERROR(INDEX(Liste_Ackerkulturen_Gemüse_DropDown[Ackerkulturen],_xlfn.AGGREGATE(15,6,(ROW(Liste_Ackerkulturen_Gemüse_DropDown[Ackerkulturen])-1)/(--(SEARCH(CQ$2,Liste_Ackerkulturen_Gemüse_DropDown[Ackerkulturen])>0)),ROW()-2),1),"") -> Sommerbraugerste | CR12: =IFERROR(INDEX(Liste_Ackerkulturen_Gemüse_DropDown[Ackerkulturen],_xlfn.AGGREGATE(15,6,(ROW(Liste_Ackerkulturen_Gemüse_DropDown[Ackerkulturen])-1)/(--(SEARCH(CS$2,Liste_Ackerkulturen_Gemüse_DropDown[Ackerkulturen])>0)),ROW()-2),1),"") -> Sommerbraugerste | CV12: GL über 40 % Leguminosen 4 Nutzungen | CW12: =IFERROR(INDEX(Liste_Grünland_DropDown[Grünland],_xlfn.AGGREGATE(15,6,(ROW(Liste_Grünland_DropDown[Grünland])-1)/(--(SEARCH(CX$2,Liste_Grünland_DropDown[Grünland])>0)),ROW()-2),1),"") -> GL über 40 % Leguminosen 3 Nutzungen | CY12: =IFERROR(INDEX(Liste_Grünland_DropDown[Grünland],_xlfn.AGGREGATE(15,6,(ROW(Liste_Grünland_DropDown[Grünland])-1)/(--(SEARCH(CZ$2,Liste_Grünland_DropDown[Grünland])>0)),ROW()-2),1),"") -> GL über 40 % Leguminosen 3 Nutzungen | DA12: =IFERROR(INDEX(Liste_Grünland_DropDown[Grünland],_xlfn.AGGREGATE(15,6,(ROW(Liste_Grünland_DropDown[Grünland])-1)/(--(SEARCH(DB$2,Liste_Grünland_DropDown[Grünland])>0)),ROW()-2),1),"") -> GL über 40 % Leguminosen 3 Nutzungen | DC12: =IFERROR(INDEX(Liste_Grünland_DropDown[Grünland],_xlfn.AGGREGATE(15,6,(ROW(Liste_Grünland_DropDown[Grünland])-1)/(--(SEARCH(DD$2,Liste_Grünland_DropDown[Grünland])>0)),ROW()-2),1),"") -> GL über 40 % Leguminosen 3 Nutzungen | DE12: =IFERROR(INDEX(Liste_Grünland_DropDown[Grünland],_xlfn.AGGREGATE(15,6,(ROW(Liste_Grünland_DropDown[Grünland])-1)/(--(SEARCH(DF$2,Liste_Grünland_DropDown[Grünland])>0)),ROW()-2),1),"") -> GL über 40 % Leguminosen 3 Nutzungen | DG12: =IFERROR(INDEX(Liste_Grünland_DropDown[Grünland],_xlfn.AGGREGATE(15,6,(ROW(Liste_Grünland_DropDown[Grünland])-1)/(--(SEARCH(DH$2,Liste_Grünland_DropDown[Grünland])>0)),ROW()-2),1),"") -> GL über 40 % Leguminosen 3 Nutzungen
A13: i | B13: =CONCATENATE(A13," - ",C13) -> i - | G13: =IF(ISERROR(AE13),"",AE13) | I13: =IF(AND(ISNA(AH13),ISBLANK(C13)),0,IF(ISNA(AH13),H13,AH13)) -> 0 | J13: =E13*I13 -> 0 | L13: =IF(ISNA(AI13),0,AI13) -> 0 | M13: =IF(ISBLANK(K13),E13*L13,E13*K13) -> 0 | AE13: =IFERROR(IF(OR(C13="",E13="",F13=""),"",(IF(F13="niedrig",VLOOKUP(C13,Liste_N_Bedarf,3,0),IF(F13="mittel",VLOOKUP(C13,Liste_N_Bedarf,5,0),IF(F13="hoch 1",VLOOKUP(C13,Liste_N_Bedarf,7,0),IF(F13="hoch 2",VLOOKUP(C13,Liste_N_Bedarf,9,0),IF(F13="hoch 3",VLOOKUP(C13,Liste_N_Bedarf,11,0),IF(F13="GW-mittel",VLOOKUP(C13,Liste_N_Bedarf,13,0),IF(F13="GW-hoch",VLOOKUP(C13,Liste_N_Bedarf,15,0)))))))))),"") | AF13: =IF(J13>0,E13,0) -> 0 | AG13: =IF(ISBLANK(F13),0,VLOOKUP(C13,Liste_N_Bedarf,9,0)) -> 0 | AH13: =IF(F13="niedrig",VLOOKUP(C13,Liste_N_Bedarf,2,0),IF(F13="mittel",VLOOKUP(C13,Liste_N_Bedarf,4,0),IF(F13="hoch 1",VLOOKUP(C13,Liste_N_Bedarf,6,0),IF(F13="hoch 2",VLOOKUP(C13,Liste_N_Bedarf,8,0),IF(F13="hoch 3",VLOOKUP(C13,Liste_N_Bedarf,10,0),IF(F13="GW-mittel",VLOOKUP(C13,Liste_N_Bedarf,12,0),IF(F13="GW-hoch",VLOOKUP(C13,Liste_N_Bedarf,14,0),0))))))) -> 0 | AI13: =IF(F13="niedrig",VLOOKUP(C13,Liste_P_Bedarf,2,0),IF(F13="GW-mittel",VLOOKUP(C13,Liste_P_Bedarf,3,0),IF(F13="mittel",VLOOKUP(C13,Liste_P_Bedarf,3,0),IF(F13="GW-hoch",VLOOKUP(C13,Liste_P_Bedarf,4,0),IF(F13="hoch 1",VLOOKUP(C13,Liste_P_Bedarf,4,0),IF(F13="hoch 2",VLOOKUP(C13,Liste_P_Bedarf,4,0),IF(F13="hoch 3",VLOOKUP(C13,Liste_P_Bedarf,4,0),0))))))) -> 0 | AJ13: =IF(F13="niedrig",VLOOKUP(C13,Liste_K_Bedarf,2,0),IF(F13="GW-mittel",VLOOKUP(C13,Liste_K_Bedarf,3,0),IF(F13="mittel",VLOOKUP(C13,Liste_K_Bedarf,3,0),IF(F13="GW-hoch",VLOOKUP(C13,Liste_K_Bedarf,4,0),IF(F13="hoch 1",VLOOKUP(C13,Liste_K_Bedarf,4,0),IF(F13="hoch 2",VLOOKUP(C13,Liste_K_Bedarf,4,0),IF(F13="hoch 3",VLOOKUP(C13,Liste_K_Bedarf,4,0),0))))))) -> 0 | AK13: =IF(ISBLANK(F13),0,VLOOKUP(C13,Liste_K_Bedarf,5,0)) -> 0 | AL13: =IF(ISBLANK(F13),0,VLOOKUP(C13,Liste_N_Bedarf,17,0)) -> 0 | AM13: Sommerbraugerste | AN13: 65 | AO13: < 3,5 | AP13: 80 | AQ13: 3,5 - 5,0 | AR13: 95 | AS13: 5,0 - 6,5 | AT13: 105 | AU13: 6,5 - 8,0 | AV13: 110 | AW13: > 8,0 | AX13: 70 | AY13: 3,5 - 5,0 | AZ13: 80 | BA13: > 5,0 | BB13: 14 | BE13: Sommerbraugerste | BF13: 50 | BG13: 55 | BH13: 65 | BJ13: Sommerbraugerste | BK13: 70 | BL13: 80 | BM13: 90 | BN13: =IF('Kali u Kosten'!$H$3="ja",BO13,IF($V$27="nein",0,0)) -> 50 | BO13: 50 | BQ13: =IFERROR(COUNTIF(Liste_Ackerkulturen_Gemüse_DropDown[Ackerkulturen],N_Bedarf!$C15),0) -> 2 | BS13: Körnermais | BT13: =IFERROR(INDEX(Liste_Ackerkulturen_Gemüse_DropDown[Ackerkulturen],_xlfn.AGGREGATE(15,6,(ROW(Liste_Ackerkulturen_Gemüse_DropDown[Ackerkulturen])-1)/(--(SEARCH(BU$2,Liste_Ackerkulturen_Gemüse_DropDown[Ackerkulturen])>0)),ROW()-2),1),"") -> Sommerfuttergerste | BV13: =IFERROR(INDEX(Liste_Ackerkulturen_Gemüse_DropDown[Ackerkulturen],_xlfn.AGGREGATE(15,6,(ROW(Liste_Ackerkulturen_Gemüse_DropDown[Ackerkulturen])-1)/(--(SEARCH(BW$2,Liste_Ackerkulturen_Gemüse_DropDown[Ackerkulturen])>0)),ROW()-2),1),"") -> Sommerfuttergerste | BX13: =IFERROR(INDEX(Liste_Ackerkulturen_Gemüse_DropDown[Ackerkulturen],_xlfn.AGGREGATE(15,6,(ROW(Liste_Ackerkulturen_Gemüse_DropDown[Ackerkulturen])-1)/(--(SEARCH(BY$2,Liste_Ackerkulturen_Gemüse_DropDown[Ackerkulturen])>0)),ROW()-2),1),"") -> Sommerfuttergerste | BZ13: =IFERROR(INDEX(Liste_Ackerkulturen_Gemüse_DropDown[Ackerkulturen],_xlfn.AGGREGATE(15,6,(ROW(Liste_Ackerkulturen_Gemüse_DropDown[Ackerkulturen])-1)/(--(SEARCH(CA$2,Liste_Ackerkulturen_Gemüse_DropDown[Ackerkulturen])>0)),ROW()-2),1),"") -> Sommerfuttergerste | CB13: =IFERROR(INDEX(Liste_Ackerkulturen_Gemüse_DropDown[Ackerkulturen],_xlfn.AGGREGATE(15,6,(ROW(Liste_Ackerkulturen_Gemüse_DropDown[Ackerkulturen])-1)/(--(SEARCH(CC$2,Liste_Ackerkulturen_Gemüse_DropDown[Ackerkulturen])>0)),ROW()-2),1),"") -> Sommerfuttergerste | CD13: =IFERROR(INDEX(Liste_Ackerkulturen_Gemüse_DropDown[Ackerkulturen],_xlfn.AGGREGATE(15,6,(ROW(Liste_Ackerkulturen_Gemüse_DropDown[Ackerkulturen])-1)/(--(SEARCH(CE$2,Liste_Ackerkulturen_Gemüse_DropDown[Ackerkulturen])>0)),ROW()-2),1),"") -> Sommerfuttergerste | CF13: =IFERROR(INDEX(Liste_Ackerkulturen_Gemüse_DropDown[Ackerkulturen],_xlfn.AGGREGATE(15,6,(ROW(Liste_Ackerkulturen_Gemüse_DropDown[Ackerkulturen])-1)/(--(SEARCH(CG$2,Liste_Ackerkulturen_Gemüse_DropDown[Ackerkulturen])>0)),ROW()-2),1),"") -> Sommerfuttergerste | CH13: =IFERROR(INDEX(Liste_Ackerkulturen_Gemüse_DropDown[Ackerkulturen],_xlfn.AGGREGATE(15,6,(ROW(Liste_Ackerkulturen_Gemüse_DropDown[Ackerkulturen])-1)/(--(SEARCH(CI$2,Liste_Ackerkulturen_Gemüse_DropDown[Ackerkulturen])>0)),ROW()-2),1),"") -> Sommerfuttergerste | CJ13: =IFERROR(INDEX(Liste_Ackerkulturen_Gemüse_DropDown[Ackerkulturen],_xlfn.AGGREGATE(15,6,(ROW(Liste_Ackerkulturen_Gemüse_DropDown[Ackerkulturen])-1)/(--(SEARCH(CK$2,Liste_Ackerkulturen_Gemüse_DropDown[Ackerkulturen])>0)),ROW()-2),1),"") -> Sommerfuttergerste | CL13: =IFERROR(INDEX(Liste_Ackerkulturen_Gemüse_DropDown[Ackerkulturen],_xlfn.AGGREGATE(15,6,(ROW(Liste_Ackerkulturen_Gemüse_DropDown[Ackerkulturen])-1)/(--(SEARCH(CM$2,Liste_Ackerkulturen_Gemüse_DropDown[Ackerkulturen])>0)),ROW()-2),1),"") -> Sommerfuttergerste | CN13: =IFERROR(INDEX(Liste_Ackerkulturen_Gemüse_DropDown[Ackerkulturen],_xlfn.AGGREGATE(15,6,(ROW(Liste_Ackerkulturen_Gemüse_DropDown[Ackerkulturen])-1)/(--(SEARCH(CO$2,Liste_Ackerkulturen_Gemüse_DropDown[Ackerkulturen])>0)),ROW()-2),1),"") -> Sommerfuttergerste | CP13: =IFERROR(INDEX(Liste_Ackerkulturen_Gemüse_DropDown[Ackerkulturen],_xlfn.AGGREGATE(15,6,(ROW(Liste_Ackerkulturen_Gemüse_DropDown[Ackerkulturen])-1)/(--(SEARCH(CQ$2,Liste_Ackerkulturen_Gemüse_DropDown[Ackerkulturen])>0)),ROW()-2),1),"") -> Sommerfuttergerste | CR13: =IFERROR(INDEX(Liste_Ackerkulturen_Gemüse_DropDown[Ackerkulturen],_xlfn.AGGREGATE(15,6,(ROW(Liste_Ackerkulturen_Gemüse_DropDown[Ackerkulturen])-1)/(--(SEARCH(CS$2,Liste_Ackerkulturen_Gemüse_DropDown[Ackerkulturen])>0)),ROW()-2),1),"") -> Sommerfuttergerste | CV13: GL über 40 % Leguminosen 5 Nutzungen | CW13: =IFERROR(INDEX(Liste_Grünland_DropDown[Grünland],_xlfn.AGGREGATE(15,6,(ROW(Liste_Grünland_DropDown[Grünland])-1)/(--(SEARCH(CX$2,Liste_Grünland_DropDown[Grünland])>0)),ROW()-2),1),"") -> GL über 40 % Leguminosen 4 Nutzungen | CY13: =IFERROR(INDEX(Liste_Grünland_DropDown[Grünland],_xlfn.AGGREGATE(15,6,(ROW(Liste_Grünland_DropDown[Grünland])-1)/(--(SEARCH(CZ$2,Liste_Grünland_DropDown[Grünland])>0)),ROW()-2),1),"") -> GL über 40 % Leguminosen 4 Nutzungen | DA13: =IFERROR(INDEX(Liste_Grünland_DropDown[Grünland],_xlfn.AGGREGATE(15,6,(ROW(Liste_Grünland_DropDown[Grünland])-1)/(--(SEARCH(DB$2,Liste_Grünland_DropDown[Grünland])>0)),ROW()-2),1),"") -> GL über 40 % Leguminosen 4 Nutzungen | DC13: =IFERROR(INDEX(Liste_Grünland_DropDown[Grünland],_xlfn.AGGREGATE(15,6,(ROW(Liste_Grünland_DropDown[Grünland])-1)/(--(SEARCH(DD$2,Liste_Grünland_DropDown[Grünland])>0)),ROW()-2),1),"") -> GL über 40 % Leguminosen 4 Nutzungen | DE13: =IFERROR(INDEX(Liste_Grünland_DropDown[Grünland],_xlfn.AGGREGATE(15,6,(ROW(Liste_Grünland_DropDown[Grünland])-1)/(--(SEARCH(DF$2,Liste_Grünland_DropDown[Grünland])>0)),ROW()-2),1),"") -> GL über 40 % Leguminosen 4 Nutzungen | DG13: =IFERROR(INDEX(Liste_Grünland_DropDown[Grünland],_xlfn.AGGREGATE(15,6,(ROW(Liste_Grünland_DropDown[Grünland])-1)/(--(SEARCH(DH$2,Liste_Grünland_DropDown[Grünland])>0)),ROW()-2),1),"") -> GL über 40 % Leguminosen 4 Nutzungen
A14: j | B14: =CONCATENATE(A14," - ",C14) -> j - | G14: =IF(ISERROR(AE14),"",AE14) | I14: =IF(AND(ISNA(AH14),ISBLANK(C14)),0,IF(ISNA(AH14),H14,AH14)) -> 0 | J14: =E14*I14 -> 0 | L14: =IF(ISNA(AI14),0,AI14) -> 0 | M14: =IF(ISBLANK(K14),E14*L14,E14*K14) -> 0 | AE14: =IFERROR(IF(OR(C14="",E14="",F14=""),"",(IF(F14="niedrig",VLOOKUP(C14,Liste_N_Bedarf,3,0),IF(F14="mittel",VLOOKUP(C14,Liste_N_Bedarf,5,0),IF(F14="hoch 1",VLOOKUP(C14,Liste_N_Bedarf,7,0),IF(F14="hoch 2",VLOOKUP(C14,Liste_N_Bedarf,9,0),IF(F14="hoch 3",VLOOKUP(C14,Liste_N_Bedarf,11,0),IF(F14="GW-mittel",VLOOKUP(C14,Liste_N_Bedarf,13,0),IF(F14="GW-hoch",VLOOKUP(C14,Liste_N_Bedarf,15,0)))))))))),"") | AF14: =IF(J14>0,E14,0) -> 0 | AG14: =IF(ISBLANK(F14),0,VLOOKUP(C14,Liste_N_Bedarf,9,0)) -> 0 | AH14: =IF(F14="niedrig",VLOOKUP(C14,Liste_N_Bedarf,2,0),IF(F14="mittel",VLOOKUP(C14,Liste_N_Bedarf,4,0),IF(F14="hoch 1",VLOOKUP(C14,Liste_N_Bedarf,6,0),IF(F14="hoch 2",VLOOKUP(C14,Liste_N_Bedarf,8,0),IF(F14="hoch 3",VLOOKUP(C14,Liste_N_Bedarf,10,0),IF(F14="GW-mittel",VLOOKUP(C14,Liste_N_Bedarf,12,0),IF(F14="GW-hoch",VLOOKUP(C14,Liste_N_Bedarf,14,0),0))))))) -> 0 | AI14: =IF(F14="niedrig",VLOOKUP(C14,Liste_P_Bedarf,2,0),IF(F14="GW-mittel",VLOOKUP(C14,Liste_P_Bedarf,3,0),IF(F14="mittel",VLOOKUP(C14,Liste_P_Bedarf,3,0),IF(F14="GW-hoch",VLOOKUP(C14,Liste_P_Bedarf,4,0),IF(F14="hoch 1",VLOOKUP(C14,Liste_P_Bedarf,4,0),IF(F14="hoch 2",VLOOKUP(C14,Liste_P_Bedarf,4,0),IF(F14="hoch 3",VLOOKUP(C14,Liste_P_Bedarf,4,0),0))))))) -> 0 | AJ14: =IF(F14="niedrig",VLOOKUP(C14,Liste_K_Bedarf,2,0),IF(F14="GW-mittel",VLOOKUP(C14,Liste_K_Bedarf,3,0),IF(F14="mittel",VLOOKUP(C14,Liste_K_Bedarf,3,0),IF(F14="GW-hoch",VLOOKUP(C14,Liste_K_Bedarf,4,0),IF(F14="hoch 1",VLOOKUP(C14,Liste_K_Bedarf,4,0),IF(F14="hoch 2",VLOOKUP(C14,Liste_K_Bedarf,4,0),IF(F14="hoch 3",VLOOKUP(C14,Liste_K_Bedarf,4,0),0))))))) -> 0 | AK14: =IF(ISBLANK(F14),0,VLOOKUP(C14,Liste_K_Bedarf,5,0)) -> 0 | AL14: =IF(ISBLANK(F14),0,VLOOKUP(C14,Liste_N_Bedarf,17,0)) -> 0 | AM14: Sommerfuttergerste | AN14: 80 | AO14: < 3,5 | AP14: 110 | AQ14: 3,5 - 5,5 | AR14: 130 | AS14: 5,5 - 7,0 | AT14: 140 | AU14: 7,0 - 8,5 | AV14: 150 | AW14: > 8,5 | AX14: 100 | AY14: 3,5 - 5,5 | AZ14: 110 | BA14: > 5,5 | BB14: 18 | BE14: Sommerfuttergerste | BF14: 50 | BG14: 55 | BH14: 65 | BJ14: Sommerfuttergerste | BK14: 70 | BL14: 80 | BM14: 90 | BN14: =IF('Kali u Kosten'!$H$3="ja",BO14,IF($V$27="nein",0,0)) -> 50 | BO14: 50 | BQ14: =IFERROR(COUNTIF(Liste_Ackerkulturen_Gemüse_DropDown[Ackerkulturen],N_Bedarf!$C16),0) -> 2 | BS14: Silomais | BT14: =IFERROR(INDEX(Liste_Ackerkulturen_Gemüse_DropDown[Ackerkulturen],_xlfn.AGGREGATE(15,6,(ROW(Liste_Ackerkulturen_Gemüse_DropDown[Ackerkulturen])-1)/(--(SEARCH(BU$2,Liste_Ackerkulturen_Gemüse_DropDown[Ackerkulturen])>0)),ROW()-2),1),"") -> Körnermais | BV14: =IFERROR(INDEX(Liste_Ackerkulturen_Gemüse_DropDown[Ackerkulturen],_xlfn.AGGREGATE(15,6,(ROW(Liste_Ackerkulturen_Gemüse_DropDown[Ackerkulturen])-1)/(--(SEARCH(BW$2,Liste_Ackerkulturen_Gemüse_DropDown[Ackerkulturen])>0)),ROW()-2),1),"") -> Körnermais | BX14: =IFERROR(INDEX(Liste_Ackerkulturen_Gemüse_DropDown[Ackerkulturen],_xlfn.AGGREGATE(15,6,(ROW(Liste_Ackerkulturen_Gemüse_DropDown[Ackerkulturen])-1)/(--(SEARCH(BY$2,Liste_Ackerkulturen_Gemüse_DropDown[Ackerkulturen])>0)),ROW()-2),1),"") -> Körnermais | BZ14: =IFERROR(INDEX(Liste_Ackerkulturen_Gemüse_DropDown[Ackerkulturen],_xlfn.AGGREGATE(15,6,(ROW(Liste_Ackerkulturen_Gemüse_DropDown[Ackerkulturen])-1)/(--(SEARCH(CA$2,Liste_Ackerkulturen_Gemüse_DropDown[Ackerkulturen])>0)),ROW()-2),1),"") -> Körnermais | CB14: =IFERROR(INDEX(Liste_Ackerkulturen_Gemüse_DropDown[Ackerkulturen],_xlfn.AGGREGATE(15,6,(ROW(Liste_Ackerkulturen_Gemüse_DropDown[Ackerkulturen])-1)/(--(SEARCH(CC$2,Liste_Ackerkulturen_Gemüse_DropDown[Ackerkulturen])>0)),ROW()-2),1),"") -> Körnermais | CD14: =IFERROR(INDEX(Liste_Ackerkulturen_Gemüse_DropDown[Ackerkulturen],_xlfn.AGGREGATE(15,6,(ROW(Liste_Ackerkulturen_Gemüse_DropDown[Ackerkulturen])-1)/(--(SEARCH(CE$2,Liste_Ackerkulturen_Gemüse_DropDown[Ackerkulturen])>0)),ROW()-2),1),"") -> Körnermais | CF14: =IFERROR(INDEX(Liste_Ackerkulturen_Gemüse_DropDown[Ackerkulturen],_xlfn.AGGREGATE(15,6,(ROW(Liste_Ackerkulturen_Gemüse_DropDown[Ackerkulturen])-1)/(--(SEARCH(CG$2,Liste_Ackerkulturen_Gemüse_DropDown[Ackerkulturen])>0)),ROW()-2),1),"") -> Körnermais | CH14: =IFERROR(INDEX(Liste_Ackerkulturen_Gemüse_DropDown[Ackerkulturen],_xlfn.AGGREGATE(15,6,(ROW(Liste_Ackerkulturen_Gemüse_DropDown[Ackerkulturen])-1)/(--(SEARCH(CI$2,Liste_Ackerkulturen_Gemüse_DropDown[Ackerkulturen])>0)),ROW()-2),1),"") -> Körnermais | CJ14: =IFERROR(INDEX(Liste_Ackerkulturen_Gemüse_DropDown[Ackerkulturen],_xlfn.AGGREGATE(15,6,(ROW(Liste_Ackerkulturen_Gemüse_DropDown[Ackerkulturen])-1)/(--(SEARCH(CK$2,Liste_Ackerkulturen_Gemüse_DropDown[Ackerkulturen])>0)),ROW()-2),1),"") -> Körnermais | CL14: =IFERROR(INDEX(Liste_Ackerkulturen_Gemüse_DropDown[Ackerkulturen],_xlfn.AGGREGATE(15,6,(ROW(Liste_Ackerkulturen_Gemüse_DropDown[Ackerkulturen])-1)/(--(SEARCH(CM$2,Liste_Ackerkulturen_Gemüse_DropDown[Ackerkulturen])>0)),ROW()-2),1),"") -> Körnermais | CN14: =IFERROR(INDEX(Liste_Ackerkulturen_Gemüse_DropDown[Ackerkulturen],_xlfn.AGGREGATE(15,6,(ROW(Liste_Ackerkulturen_Gemüse_DropDown[Ackerkulturen])-1)/(--(SEARCH(CO$2,Liste_Ackerkulturen_Gemüse_DropDown[Ackerkulturen])>0)),ROW()-2),1),"") -> Körnermais | CP14: =IFERROR(INDEX(Liste_Ackerkulturen_Gemüse_DropDown[Ackerkulturen],_xlfn.AGGREGATE(15,6,(ROW(Liste_Ackerkulturen_Gemüse_DropDown[Ackerkulturen])-1)/(--(SEARCH(CQ$2,Liste_Ackerkulturen_Gemüse_DropDown[Ackerkulturen])>0)),ROW()-2),1),"") -> Körnermais | CR14: =IFERROR(INDEX(Liste_Ackerkulturen_Gemüse_DropDown[Ackerkulturen],_xlfn.AGGREGATE(15,6,(ROW(Liste_Ackerkulturen_Gemüse_DropDown[Ackerkulturen])-1)/(--(SEARCH(CS$2,Liste_Ackerkulturen_Gemüse_DropDown[Ackerkulturen])>0)),ROW()-2),1),"") -> Körnermais | CV14: GL über 40 % Leguminosen 6 Nutzungen | CW14: =IFERROR(INDEX(Liste_Grünland_DropDown[Grünland],_xlfn.AGGREGATE(15,6,(ROW(Liste_Grünland_DropDown[Grünland])-1)/(--(SEARCH(CX$2,Liste_Grünland_DropDown[Grünland])>0)),ROW()-2),1),"") -> GL über 40 % Leguminosen 5 Nutzungen | CY14: =IFERROR(INDEX(Liste_Grünland_DropDown[Grünland],_xlfn.AGGREGATE(15,6,(ROW(Liste_Grünland_DropDown[Grünland])-1)/(--(SEARCH(CZ$2,Liste_Grünland_DropDown[Grünland])>0)),ROW()-2),1),"") -> GL über 40 % Leguminosen 5 Nutzungen | DA14: =IFERROR(INDEX(Liste_Grünland_DropDown[Grünland],_xlfn.AGGREGATE(15,6,(ROW(Liste_Grünland_DropDown[Grünland])-1)/(--(SEARCH(DB$2,Liste_Grünland_DropDown[Grünland])>0)),ROW()-2),1),"") -> GL über 40 % Leguminosen 5 Nutzungen | DC14: =IFERROR(INDEX(Liste_Grünland_DropDown[Grünland],_xlfn.AGGREGATE(15,6,(ROW(Liste_Grünland_DropDown[Grünland])-1)/(--(SEARCH(DD$2,Liste_Grünland_DropDown[Grünland])>0)),ROW()-2),1),"") -> GL über 40 % Leguminosen 5 Nutzungen | DE14: =IFERROR(INDEX(Liste_Grünland_DropDown[Grünland],_xlfn.AGGREGATE(15,6,(ROW(Liste_Grünland_DropDown[Grünland])-1)/(--(SEARCH(DF$2,Liste_Grünland_DropDown[Grünland])>0)),ROW()-2),1),"") -> GL über 40 % Leguminosen 5 Nutzungen | DG14: =IFERROR(INDEX(Liste_Grünland_DropDown[Grünland],_xlfn.AGGREGATE(15,6,(ROW(Liste_Grünland_DropDown[Grünland])-1)/(--(SEARCH(DH$2,Liste_Grünland_DropDown[Grünland])>0)),ROW()-2),1),"") -> GL über 40 % Leguminosen 5 Nutzungen
A15: k | B15: =CONCATENATE(A15," - ",C15) -> k - | G15: =IF(ISERROR(AE15),"",AE15) | I15: =IF(AND(ISNA(AH15),ISBLANK(C15)),0,IF(ISNA(AH15),H15,AH15)) -> 0 | J15: =E15*I15 -> 0 | L15: =IF(ISNA(AI15),0,AI15) -> 0 | M15: =IF(ISBLANK(K15),E15*L15,E15*K15) -> 0 | N15: Klee, mehrjährige Leguminosen nach Umbruch | R15: 40 | S15: =Q15*R15 -> 0 | AE15: =IFERROR(IF(OR(C15="",E15="",F15=""),"",(IF(F15="niedrig",VLOOKUP(C15,Liste_N_Bedarf,3,0),IF(F15="mittel",VLOOKUP(C15,Liste_N_Bedarf,5,0),IF(F15="hoch 1",VLOOKUP(C15,Liste_N_Bedarf,7,0),IF(F15="hoch 2",VLOOKUP(C15,Liste_N_Bedarf,9,0),IF(F15="hoch 3",VLOOKUP(C15,Liste_N_Bedarf,11,0),IF(F15="GW-mittel",VLOOKUP(C15,Liste_N_Bedarf,13,0),IF(F15="GW-hoch",VLOOKUP(C15,Liste_N_Bedarf,15,0)))))))))),"") | AF15: =IF(J15>0,E15,0) -> 0 | AG15: =IF(ISBLANK(F15),0,VLOOKUP(C15,Liste_N_Bedarf,9,0)) -> 0 | AH15: =IF(F15="niedrig",VLOOKUP(C15,Liste_N_Bedarf,2,0),IF(F15="mittel",VLOOKUP(C15,Liste_N_Bedarf,4,0),IF(F15="hoch 1",VLOOKUP(C15,Liste_N_Bedarf,6,0),IF(F15="hoch 2",VLOOKUP(C15,Liste_N_Bedarf,8,0),IF(F15="hoch 3",VLOOKUP(C15,Liste_N_Bedarf,10,0),IF(F15="GW-mittel",VLOOKUP(C15,Liste_N_Bedarf,12,0),IF(F15="GW-hoch",VLOOKUP(C15,Liste_N_Bedarf,14,0),0))))))) -> 0 | AI15: =IF(F15="niedrig",VLOOKUP(C15,Liste_P_Bedarf,2,0),IF(F15="GW-mittel",VLOOKUP(C15,Liste_P_Bedarf,3,0),IF(F15="mittel",VLOOKUP(C15,Liste_P_Bedarf,3,0),IF(F15="GW-hoch",VLOOKUP(C15,Liste_P_Bedarf,4,0),IF(F15="hoch 1",VLOOKUP(C15,Liste_P_Bedarf,4,0),IF(F15="hoch 2",VLOOKUP(C15,Liste_P_Bedarf,4,0),IF(F15="hoch 3",VLOOKUP(C15,Liste_P_Bedarf,4,0),0))))))) -> 0 | AJ15: =IF(F15="niedrig",VLOOKUP(C15,Liste_K_Bedarf,2,0),IF(F15="GW-mittel",VLOOKUP(C15,Liste_K_Bedarf,3,0),IF(F15="mittel",VLOOKUP(C15,Liste_K_Bedarf,3,0),IF(F15="GW-hoch",VLOOKUP(C15,Liste_K_Bedarf,4,0),IF(F15="hoch 1",VLOOKUP(C15,Liste_K_Bedarf,4,0),IF(F15="hoch 2",VLOOKUP(C15,Liste_K_Bedarf,4,0),IF(F15="hoch 3",VLOOKUP(C15,Liste_K_Bedarf,4,0),0))))))) -> 0 | AK15: =IF(ISBLANK(F15),0,VLOOKUP(C15,Liste_K_Bedarf,5,0)) -> 0 | AL15: =IF(ISBLANK(F15),0,VLOOKUP(C15,Liste_N_Bedarf,17,0)) -> 0 | AM15: Körnermais | AN15: 110 | AO15: < 8,0 | AP15: 155 | AQ15: 8,0 - 10,0 | AR15: 180 | AS15: 10,0 - 11,5 | AT15: 195 | AU15: 11,5 - 13,0 | AV15: 210 | AW15: > 13,0 | AX15: 140 | AY15: 8,0 - 10,0 | AZ15: 160 | BA15: > 10,0 | BB15: 13 | BE15: Körnermais | BF15: 75 | BG15: 85 | BH15: 100 | BJ15: Körnermais | BK15: 180 | BL15: 200 | BM15: 230 | BN15: 120 | BO15: 120 | BQ15: =IFERROR(COUNTIF(Liste_Ackerkulturen_Gemüse_DropDown[Ackerkulturen],N_Bedarf!$C17),0) -> 2 | BS15: Körnerhirse/-sorghum | BT15: =IFERROR(INDEX(Liste_Ackerkulturen_Gemüse_DropDown[Ackerkulturen],_xlfn.AGGREGATE(15,6,(ROW(Liste_Ackerkulturen_Gemüse_DropDown[Ackerkulturen])-1)/(--(SEARCH(BU$2,Liste_Ackerkulturen_Gemüse_DropDown[Ackerkulturen])>0)),ROW()-2),1),"") -> Silomais | BV15: =IFERROR(INDEX(Liste_Ackerkulturen_Gemüse_DropDown[Ackerkulturen],_xlfn.AGGREGATE(15,6,(ROW(Liste_Ackerkulturen_Gemüse_DropDown[Ackerkulturen])-1)/(--(SEARCH(BW$2,Liste_Ackerkulturen_Gemüse_DropDown[Ackerkulturen])>0)),ROW()-2),1),"") -> Silomais | BX15: =IFERROR(INDEX(Liste_Ackerkulturen_Gemüse_DropDown[Ackerkulturen],_xlfn.AGGREGATE(15,6,(ROW(Liste_Ackerkulturen_Gemüse_DropDown[Ackerkulturen])-1)/(--(SEARCH(BY$2,Liste_Ackerkulturen_Gemüse_DropDown[Ackerkulturen])>0)),ROW()-2),1),"") -> Silomais | BZ15: =IFERROR(INDEX(Liste_Ackerkulturen_Gemüse_DropDown[Ackerkulturen],_xlfn.AGGREGATE(15,6,(ROW(Liste_Ackerkulturen_Gemüse_DropDown[Ackerkulturen])-1)/(--(SEARCH(CA$2,Liste_Ackerkulturen_Gemüse_DropDown[Ackerkulturen])>0)),ROW()-2),1),"") -> Silomais | CB15: =IFERROR(INDEX(Liste_Ackerkulturen_Gemüse_DropDown[Ackerkulturen],_xlfn.AGGREGATE(15,6,(ROW(Liste_Ackerkulturen_Gemüse_DropDown[Ackerkulturen])-1)/(--(SEARCH(CC$2,Liste_Ackerkulturen_Gemüse_DropDown[Ackerkulturen])>0)),ROW()-2),1),"") -> Silomais | CD15: =IFERROR(INDEX(Liste_Ackerkulturen_Gemüse_DropDown[Ackerkulturen],_xlfn.AGGREGATE(15,6,(ROW(Liste_Ackerkulturen_Gemüse_DropDown[Ackerkulturen])-1)/(--(SEARCH(CE$2,Liste_Ackerkulturen_Gemüse_DropDown[Ackerkulturen])>0)),ROW()-2),1),"") -> Silomais | CF15: =IFERROR(INDEX(Liste_Ackerkulturen_Gemüse_DropDown[Ackerkulturen],_xlfn.AGGREGATE(15,6,(ROW(Liste_Ackerkulturen_Gemüse_DropDown[Ackerkulturen])-1)/(--(SEARCH(CG$2,Liste_Ackerkulturen_Gemüse_DropDown[Ackerkulturen])>0)),ROW()-2),1),"") -> Silomais | CH15: =IFERROR(INDEX(Liste_Ackerkulturen_Gemüse_DropDown[Ackerkulturen],_xlfn.AGGREGATE(15,6,(ROW(Liste_Ackerkulturen_Gemüse_DropDown[Ackerkulturen])-1)/(--(SEARCH(CI$2,Liste_Ackerkulturen_Gemüse_DropDown[Ackerkulturen])>0)),ROW()-2),1),"") -> Silomais | CJ15: =IFERROR(INDEX(Liste_Ackerkulturen_Gemüse_DropDown[Ackerkulturen],_xlfn.AGGREGATE(15,6,(ROW(Liste_Ackerkulturen_Gemüse_DropDown[Ackerkulturen])-1)/(--(SEARCH(CK$2,Liste_Ackerkulturen_Gemüse_DropDown[Ackerkulturen])>0)),ROW()-2),1),"") -> Silomais | CL15: =IFERROR(INDEX(Liste_Ackerkulturen_Gemüse_DropDown[Ackerkulturen],_xlfn.AGGREGATE(15,6,(ROW(Liste_Ackerkulturen_Gemüse_DropDown[Ackerkulturen])-1)/(--(SEARCH(CM$2,Liste_Ackerkulturen_Gemüse_DropDown[Ackerkulturen])>0)),ROW()-2),1),"") -> Silomais | CN15: =IFERROR(INDEX(Liste_Ackerkulturen_Gemüse_DropDown[Ackerkulturen],_xlfn.AGGREGATE(15,6,(ROW(Liste_Ackerkulturen_Gemüse_DropDown[Ackerkulturen])-1)/(--(SEARCH(CO$2,Liste_Ackerkulturen_Gemüse_DropDown[Ackerkulturen])>0)),ROW()-2),1),"") -> Silomais | CP15: =IFERROR(INDEX(Liste_Ackerkulturen_Gemüse_DropDown[Ackerkulturen],_xlfn.AGGREGATE(15,6,(ROW(Liste_Ackerkulturen_Gemüse_DropDown[Ackerkulturen])-1)/(--(SEARCH(CQ$2,Liste_Ackerkulturen_Gemüse_DropDown[Ackerkulturen])>0)),ROW()-2),1),"") -> Silomais | CR15: =IFERROR(INDEX(Liste_Ackerkulturen_Gemüse_DropDown[Ackerkulturen],_xlfn.AGGREGATE(15,6,(ROW(Liste_Ackerkulturen_Gemüse_DropDown[Ackerkulturen])-1)/(--(SEARCH(CS$2,Liste_Ackerkulturen_Gemüse_DropDown[Ackerkulturen])>0)),ROW()-2),1),"") -> Silomais | CV15: Almfutterfläche mit Düngung | CW15: =IFERROR(INDEX(Liste_Grünland_DropDown[Grünland],_xlfn.AGGREGATE(15,6,(ROW(Liste_Grünland_DropDown[Grünland])-1)/(--(SEARCH(CX$2,Liste_Grünland_DropDown[Grünland])>0)),ROW()-2),1),"") -> GL über 40 % Leguminosen 6 Nutzungen | CY15: =IFERROR(INDEX(Liste_Grünland_DropDown[Grünland],_xlfn.AGGREGATE(15,6,(ROW(Liste_Grünland_DropDown[Grünland])-1)/(--(SEARCH(CZ$2,Liste_Grünland_DropDown[Grünland])>0)),ROW()-2),1),"") -> GL über 40 % Leguminosen 6 Nutzungen | DA15: =IFERROR(INDEX(Liste_Grünland_DropDown[Grünland],_xlfn.AGGREGATE(15,6,(ROW(Liste_Grünland_DropDown[Grünland])-1)/(--(SEARCH(DB$2,Liste_Grünland_DropDown[Grünland])>0)),ROW()-2),1),"") -> GL über 40 % Leguminosen 6 Nutzungen | DC15: =IFERROR(INDEX(Liste_Grünland_DropDown[Grünland],_xlfn.AGGREGATE(15,6,(ROW(Liste_Grünland_DropDown[Grünland])-1)/(--(SEARCH(DD$2,Liste_Grünland_DropDown[Grünland])>0)),ROW()-2),1),"") -> GL über 40 % Leguminosen 6 Nutzungen | DE15: =IFERROR(INDEX(Liste_Grünland_DropDown[Grünland],_xlfn.AGGREGATE(15,6,(ROW(Liste_Grünland_DropDown[Grünland])-1)/(--(SEARCH(DF$2,Liste_Grünland_DropDown[Grünland])>0)),ROW()-2),1),"") -> GL über 40 % Leguminosen 6 Nutzungen | DG15: =IFERROR(INDEX(Liste_Grünland_DropDown[Grünland],_xlfn.AGGREGATE(15,6,(ROW(Liste_Grünland_DropDown[Grünland])-1)/(--(SEARCH(DH$2,Liste_Grünland_DropDown[Grünland])>0)),ROW()-2),1),"") -> GL über 40 % Leguminosen 6 Nutzungen
A16: l | B16: =CONCATENATE(A16," - ",C16) -> l - | G16: =IF(ISERROR(AE16),"",AE16) | I16: =IF(AND(ISNA(AH16),ISBLANK(C16)),0,IF(ISNA(AH16),H16,AH16)) -> 0 | J16: =E16*I16 -> 0 | L16: =IF(ISNA(AI16),0,AI16) -> 0 | M16: =IF(ISBLANK(K16),E16*L16,E16*K16) -> 0 | S16: =Q16*R16 -> 0 | AE16: =IFERROR(IF(OR(C16="",E16="",F16=""),"",(IF(F16="niedrig",VLOOKUP(C16,Liste_N_Bedarf,3,0),IF(F16="mittel",VLOOKUP(C16,Liste_N_Bedarf,5,0),IF(F16="hoch 1",VLOOKUP(C16,Liste_N_Bedarf,7,0),IF(F16="hoch 2",VLOOKUP(C16,Liste_N_Bedarf,9,0),IF(F16="hoch 3",VLOOKUP(C16,Liste_N_Bedarf,11,0),IF(F16="GW-mittel",VLOOKUP(C16,Liste_N_Bedarf,13,0),IF(F16="GW-hoch",VLOOKUP(C16,Liste_N_Bedarf,15,0)))))))))),"") | AF16: =IF(J16>0,E16,0) -> 0 | AG16: =IF(ISBLANK(F16),0,VLOOKUP(C16,Liste_N_Bedarf,9,0)) -> 0 | AH16: =IF(F16="niedrig",VLOOKUP(C16,Liste_N_Bedarf,2,0),IF(F16="mittel",VLOOKUP(C16,Liste_N_Bedarf,4,0),IF(F16="hoch 1",VLOOKUP(C16,Liste_N_Bedarf,6,0),IF(F16="hoch 2",VLOOKUP(C16,Liste_N_Bedarf,8,0),IF(F16="hoch 3",VLOOKUP(C16,Liste_N_Bedarf,10,0),IF(F16="GW-mittel",VLOOKUP(C16,Liste_N_Bedarf,12,0),IF(F16="GW-hoch",VLOOKUP(C16,Liste_N_Bedarf,14,0),0))))))) -> 0 | AI16: =IF(F16="niedrig",VLOOKUP(C16,Liste_P_Bedarf,2,0),IF(F16="GW-mittel",VLOOKUP(C16,Liste_P_Bedarf,3,0),IF(F16="mittel",VLOOKUP(C16,Liste_P_Bedarf,3,0),IF(F16="GW-hoch",VLOOKUP(C16,Liste_P_Bedarf,4,0),IF(F16="hoch 1",VLOOKUP(C16,Liste_P_Bedarf,4,0),IF(F16="hoch 2",VLOOKUP(C16,Liste_P_Bedarf,4,0),IF(F16="hoch 3",VLOOKUP(C16,Liste_P_Bedarf,4,0),0))))))) -> 0 | AJ16: =IF(F16="niedrig",VLOOKUP(C16,Liste_K_Bedarf,2,0),IF(F16="GW-mittel",VLOOKUP(C16,Liste_K_Bedarf,3,0),IF(F16="mittel",VLOOKUP(C16,Liste_K_Bedarf,3,0),IF(F16="GW-hoch",VLOOKUP(C16,Liste_K_Bedarf,4,0),IF(F16="hoch 1",VLOOKUP(C16,Liste_K_Bedarf,4,0),IF(F16="hoch 2",VLOOKUP(C16,Liste_K_Bedarf,4,0),IF(F16="hoch 3",VLOOKUP(C16,Liste_K_Bedarf,4,0),0))))))) -> 0 | AK16: =IF(ISBLANK(F16),0,VLOOKUP(C16,Liste_K_Bedarf,5,0)) -> 0 | AL16: =IF(ISBLANK(F16),0,VLOOKUP(C16,Liste_N_Bedarf,17,0)) -> 0 | AM16: Silomais | AN16: 130 | AO16: < 40 | AP16: 175 | AQ16: 40 - 50 | AR16: 210 | AS16: 50 - 57,5 | AT16: 225 | AU16: 57,5 - 65,0 | AV16: 240 | AW16: > 65,0 | AX16: 160 | AY16: 40 - 50 | AZ16: 180 | BA16: > 50 | BB16: 4 | BE16: Silomais | BF16: 80 | BG16: 90 | BH16: 105 | BJ16: Silomais | BK16: 205 | BL16: 225 | BM16: 260 | BN16: 0 | BO16: 0 | BQ16: Grünland | BS16: Silohirse/sorghum (FM) | BT16: =IFERROR(INDEX(Liste_Ackerkulturen_Gemüse_DropDown[Ackerkulturen],_xlfn.AGGREGATE(15,6,(ROW(Liste_Ackerkulturen_Gemüse_DropDown[Ackerkulturen])-1)/(--(SEARCH(BU$2,Liste_Ackerkulturen_Gemüse_DropDown[Ackerkulturen])>0)),ROW()-2),1),"") -> Körnerhirse/-sorghum | BV16: =IFERROR(INDEX(Liste_Ackerkulturen_Gemüse_DropDown[Ackerkulturen],_xlfn.AGGREGATE(15,6,(ROW(Liste_Ackerkulturen_Gemüse_DropDown[Ackerkulturen])-1)/(--(SEARCH(BW$2,Liste_Ackerkulturen_Gemüse_DropDown[Ackerkulturen])>0)),ROW()-2),1),"") -> Körnerhirse/-sorghum | BX16: =IFERROR(INDEX(Liste_Ackerkulturen_Gemüse_DropDown[Ackerkulturen],_xlfn.AGGREGATE(15,6,(ROW(Liste_Ackerkulturen_Gemüse_DropDown[Ackerkulturen])-1)/(--(SEARCH(BY$2,Liste_Ackerkulturen_Gemüse_DropDown[Ackerkulturen])>0)),ROW()-2),1),"") -> Körnerhirse/-sorghum | BZ16: =IFERROR(INDEX(Liste_Ackerkulturen_Gemüse_DropDown[Ackerkulturen],_xlfn.AGGREGATE(15,6,(ROW(Liste_Ackerkulturen_Gemüse_DropDown[Ackerkulturen])-1)/(--(SEARCH(CA$2,Liste_Ackerkulturen_Gemüse_DropDown[Ackerkulturen])>0)),ROW()-2),1),"") -> Körnerhirse/-sorghum | CB16: =IFERROR(INDEX(Liste_Ackerkulturen_Gemüse_DropDown[Ackerkulturen],_xlfn.AGGREGATE(15,6,(ROW(Liste_Ackerkulturen_Gemüse_DropDown[Ackerkulturen])-1)/(--(SEARCH(CC$2,Liste_Ackerkulturen_Gemüse_DropDown[Ackerkulturen])>0)),ROW()-2),1),"") -> Körnerhirse/-sorghum | CD16: =IFERROR(INDEX(Liste_Ackerkulturen_Gemüse_DropDown[Ackerkulturen],_xlfn.AGGREGATE(15,6,(ROW(Liste_Ackerkulturen_Gemüse_DropDown[Ackerkulturen])-1)/(--(SEARCH(CE$2,Liste_Ackerkulturen_Gemüse_DropDown[Ackerkulturen])>0)),ROW()-2),1),"") -> Körnerhirse/-sorghum | CF16: =IFERROR(INDEX(Liste_Ackerkulturen_Gemüse_DropDown[Ackerkulturen],_xlfn.AGGREGATE(15,6,(ROW(Liste_Ackerkulturen_Gemüse_DropDown[Ackerkulturen])-1)/(--(SEARCH(CG$2,Liste_Ackerkulturen_Gemüse_DropDown[Ackerkulturen])>0)),ROW()-2),1),"") -> Körnerhirse/-sorghum | CH16: =IFERROR(INDEX(Liste_Ackerkulturen_Gemüse_DropDown[Ackerkulturen],_xlfn.AGGREGATE(15,6,(ROW(Liste_Ackerkulturen_Gemüse_DropDown[Ackerkulturen])-1)/(--(SEARCH(CI$2,Liste_Ackerkulturen_Gemüse_DropDown[Ackerkulturen])>0)),ROW()-2),1),"") -> Körnerhirse/-sorghum | CJ16: =IFERROR(INDEX(Liste_Ackerkulturen_Gemüse_DropDown[Ackerkulturen],_xlfn.AGGREGATE(15,6,(ROW(Liste_Ackerkulturen_Gemüse_DropDown[Ackerkulturen])-1)/(--(SEARCH(CK$2,Liste_Ackerkulturen_Gemüse_DropDown[Ackerkulturen])>0)),ROW()-2),1),"") -> Körnerhirse/-sorghum | CL16: =IFERROR(INDEX(Liste_Ackerkulturen_Gemüse_DropDown[Ackerkulturen],_xlfn.AGGREGATE(15,6,(ROW(Liste_Ackerkulturen_Gemüse_DropDown[Ackerkulturen])-1)/(--(SEARCH(CM$2,Liste_Ackerkulturen_Gemüse_DropDown[Ackerkulturen])>0)),ROW()-2),1),"") -> Körnerhirse/-sorghum | CN16: =IFERROR(INDEX(Liste_Ackerkulturen_Gemüse_DropDown[Ackerkulturen],_xlfn.AGGREGATE(15,6,(ROW(Liste_Ackerkulturen_Gemüse_DropDown[Ackerkulturen])-1)/(--(SEARCH(CO$2,Liste_Ackerkulturen_Gemüse_DropDown[Ackerkulturen])>0)),ROW()-2),1),"") -> Körnerhirse/-sorghum | CP16: =IFERROR(INDEX(Liste_Ackerkulturen_Gemüse_DropDown[Ackerkulturen],_xlfn.AGGREGATE(15,6,(ROW(Liste_Ackerkulturen_Gemüse_DropDown[Ackerkulturen])-1)/(--(SEARCH(CQ$2,Liste_Ackerkulturen_Gemüse_DropDown[Ackerkulturen])>0)),ROW()-2),1),"") -> Körnerhirse/-sorghum | CR16: =IFERROR(INDEX(Liste_Ackerkulturen_Gemüse_DropDown[Ackerkulturen],_xlfn.AGGREGATE(15,6,(ROW(Liste_Ackerkulturen_Gemüse_DropDown[Ackerkulturen])-1)/(--(SEARCH(CS$2,Liste_Ackerkulturen_Gemüse_DropDown[Ackerkulturen])>0)),ROW()-2),1),"") -> Körnerhirse/-sorghum | CV16: Bergmähder mit Code "BM 1/ 2 / 3" | CW16: =IFERROR(INDEX(Liste_Grünland_DropDown[Grünland],_xlfn.AGGREGATE(15,6,(ROW(Liste_Grünland_DropDown[Grünland])-1)/(--(SEARCH(CX$2,Liste_Grünland_DropDown[Grünland])>0)),ROW()-2),1),"") -> Almfutterfläche mit Düngung | CY16: =IFERROR(INDEX(Liste_Grünland_DropDown[Grünland],_xlfn.AGGREGATE(15,6,(ROW(Liste_Grünland_DropDown[Grünland])-1)/(--(SEARCH(CZ$2,Liste_Grünland_DropDown[Grünland])>0)),ROW()-2),1),"") -> Almfutterfläche mit Düngung | DA16: =IFERROR(INDEX(Liste_Grünland_DropDown[Grünland],_xlfn.AGGREGATE(15,6,(ROW(Liste_Grünland_DropDown[Grünland])-1)/(--(SEARCH(DB$2,Liste_Grünland_DropDown[Grünland])>0)),ROW()-2),1),"") -> Almfutterfläche mit Düngung | DC16: =IFERROR(INDEX(Liste_Grünland_DropDown[Grünland],_xlfn.AGGREGATE(15,6,(ROW(Liste_Grünland_DropDown[Grünland])-1)/(--(SEARCH(DD$2,Liste_Grünland_DropDown[Grünland])>0)),ROW()-2),1),"") -> Almfutterfläche mit Düngung | DE16: =IFERROR(INDEX(Liste_Grünland_DropDown[Grünland],_xlfn.AGGREGATE(15,6,(ROW(Liste_Grünland_DropDown[Grünland])-1)/(--(SEARCH(DF$2,Liste_Grünland_DropDown[Grünland])>0)),ROW()-2),1),"") -> Almfutterfläche mit Düngung | DG16: =IFERROR(INDEX(Liste_Grünland_DropDown[Grünland],_xlfn.AGGREGATE(15,6,(ROW(Liste_Grünland_DropDown[Grünland])-1)/(--(SEARCH(DH$2,Liste_Grünland_DropDown[Grünland])>0)),ROW()-2),1),"") -> Almfutterfläche mit Düngung
A17: m | B17: =CONCATENATE(A17," - ",C17) -> m - | G17: =IF(ISERROR(AE17),"",AE17) | I17: =IF(AND(ISNA(AH17),ISBLANK(C17)),0,IF(ISNA(AH17),H17,AH17)) -> 0 | J17: =E17*I17 -> 0 | L17: =IF(ISNA(AI17),0,AI17) -> 0 | M17: =IF(ISBLANK(K17),E17*L17,E17*K17) -> 0 | N17: Summe kg N aus Vorfrucht: * | S17: =SUM(S5:S15) -> 0 | AE17: =IFERROR(IF(OR(C17="",E17="",F17=""),"",(IF(F17="niedrig",VLOOKUP(C17,Liste_N_Bedarf,3,0),IF(F17="mittel",VLOOKUP(C17,Liste_N_Bedarf,5,0),IF(F17="hoch 1",VLOOKUP(C17,Liste_N_Bedarf,7,0),IF(F17="hoch 2",VLOOKUP(C17,Liste_N_Bedarf,9,0),IF(F17="hoch 3",VLOOKUP(C17,Liste_N_Bedarf,11,0),IF(F17="GW-mittel",VLOOKUP(C17,Liste_N_Bedarf,13,0),IF(F17="GW-hoch",VLOOKUP(C17,Liste_N_Bedarf,15,0)))))))))),"") | AF17: =IF(J17>0,E17,0) -> 0 | AG17: =IF(ISBLANK(F17),0,VLOOKUP(C17,Liste_N_Bedarf,9,0)) -> 0 | AH17: =IF(F17="niedrig",VLOOKUP(C17,Liste_N_Bedarf,2,0),IF(F17="mittel",VLOOKUP(C17,Liste_N_Bedarf,4,0),IF(F17="hoch 1",VLOOKUP(C17,Liste_N_Bedarf,6,0),IF(F17="hoch 2",VLOOKUP(C17,Liste_N_Bedarf,8,0),IF(F17="hoch 3",VLOOKUP(C17,Liste_N_Bedarf,10,0),IF(F17="GW-mittel",VLOOKUP(C17,Liste_N_Bedarf,12,0),IF(F17="GW-hoch",VLOOKUP(C17,Liste_N_Bedarf,14,0),0))))))) -> 0 | AI17: =IF(F17="niedrig",VLOOKUP(C17,Liste_P_Bedarf,2,0),IF(F17="GW-mittel",VLOOKUP(C17,Liste_P_Bedarf,3,0),IF(F17="mittel",VLOOKUP(C17,Liste_P_Bedarf,3,0),IF(F17="GW-hoch",VLOOKUP(C17,Liste_P_Bedarf,4,0),IF(F17="hoch 1",VLOOKUP(C17,Liste_P_Bedarf,4,0),IF(F17="hoch 2",VLOOKUP(C17,Liste_P_Bedarf,4,0),IF(F17="hoch 3",VLOOKUP(C17,Liste_P_Bedarf,4,0),0))))))) -> 0 | AJ17: =IF(F17="niedrig",VLOOKUP(C17,Liste_K_Bedarf,2,0),IF(F17="GW-mittel",VLOOKUP(C17,Liste_K_Bedarf,3,0),IF(F17="mittel",VLOOKUP(C17,Liste_K_Bedarf,3,0),IF(F17="GW-hoch",VLOOKUP(C17,Liste_K_Bedarf,4,0),IF(F17="hoch 1",VLOOKUP(C17,Liste_K_Bedarf,4,0),IF(F17="hoch 2",VLOOKUP(C17,Liste_K_Bedarf,4,0),IF(F17="hoch 3",VLOOKUP(C17,Liste_K_Bedarf,4,0),0))))))) -> 0 | AK17: =IF(ISBLANK(F17),0,VLOOKUP(C17,Liste_K_Bedarf,5,0)) -> 0 | AL17: =IF(ISBLANK(F17),0,VLOOKUP(C17,Liste_N_Bedarf,17,0)) -> 0 | AM17: Körnerhirse/-sorghum | AN17: 110 | AO17: < 6,5 | AP17: 155 | AQ17: 6,5 - 8,0 | AR17: 180 | AS17: 8,0 - 9,5 | AT17: 195 | AU17: 9,5 - 10 | AV17: 210 | AW17: > 10 | AX17: 140 | AY17: 6,5 - 8,0 | AZ17: 160 | BA17: > 8,0 | BE17: Körnerhirse/-sorghum | BF17: 75 | BG17: 85 | BH17: 100 | BJ17: Körnerhirse/-sorghum | BK17: 190 | BL17: 210 | BM17: 240 | BN17: 170 | BO17: 170 | BQ17: =IFERROR(COUNTIF(Liste_Grünland_DropDown[Grünland],N_Bedarf!$C20),0) -> 2 | BS17: Winterraps | BT17: =IFERROR(INDEX(Liste_Ackerkulturen_Gemüse_DropDown[Ackerkulturen],_xlfn.AGGREGATE(15,6,(ROW(Liste_Ackerkulturen_Gemüse_DropDown[Ackerkulturen])-1)/(--(SEARCH(BU$2,Liste_Ackerkulturen_Gemüse_DropDown[Ackerkulturen])>0)),ROW()-2),1),"") -> Silohirse/sorghum (FM) | BV17: =IFERROR(INDEX(Liste_Ackerkulturen_Gemüse_DropDown[Ackerkulturen],_xlfn.AGGREGATE(15,6,(ROW(Liste_Ackerkulturen_Gemüse_DropDown[Ackerkulturen])-1)/(--(SEARCH(BW$2,Liste_Ackerkulturen_Gemüse_DropDown[Ackerkulturen])>0)),ROW()-2),1),"") -> Silohirse/sorghum (FM) | BX17: =IFERROR(INDEX(Liste_Ackerkulturen_Gemüse_DropDown[Ackerkulturen],_xlfn.AGGREGATE(15,6,(ROW(Liste_Ackerkulturen_Gemüse_DropDown[Ackerkulturen])-1)/(--(SEARCH(BY$2,Liste_Ackerkulturen_Gemüse_DropDown[Ackerkulturen])>0)),ROW()-2),1),"") -> Silohirse/sorghum (FM) | BZ17: =IFERROR(INDEX(Liste_Ackerkulturen_Gemüse_DropDown[Ackerkulturen],_xlfn.AGGREGATE(15,6,(ROW(Liste_Ackerkulturen_Gemüse_DropDown[Ackerkulturen])-1)/(--(SEARCH(CA$2,Liste_Ackerkulturen_Gemüse_DropDown[Ackerkulturen])>0)),ROW()-2),1),"") -> Silohirse/sorghum (FM) | CB17: =IFERROR(INDEX(Liste_Ackerkulturen_Gemüse_DropDown[Ackerkulturen],_xlfn.AGGREGATE(15,6,(ROW(Liste_Ackerkulturen_Gemüse_DropDown[Ackerkulturen])-1)/(--(SEARCH(CC$2,Liste_Ackerkulturen_Gemüse_DropDown[Ackerkulturen])>0)),ROW()-2),1),"") -> Silohirse/sorghum (FM) | CD17: =IFERROR(INDEX(Liste_Ackerkulturen_Gemüse_DropDown[Ackerkulturen],_xlfn.AGGREGATE(15,6,(ROW(Liste_Ackerkulturen_Gemüse_DropDown[Ackerkulturen])-1)/(--(SEARCH(CE$2,Liste_Ackerkulturen_Gemüse_DropDown[Ackerkulturen])>0)),ROW()-2),1),"") -> Silohirse/sorghum (FM) | CF17: =IFERROR(INDEX(Liste_Ackerkulturen_Gemüse_DropDown[Ackerkulturen],_xlfn.AGGREGATE(15,6,(ROW(Liste_Ackerkulturen_Gemüse_DropDown[Ackerkulturen])-1)/(--(SEARCH(CG$2,Liste_Ackerkulturen_Gemüse_DropDown[Ackerkulturen])>0)),ROW()-2),1),"") -> Silohirse/sorghum (FM) | CH17: =IFERROR(INDEX(Liste_Ackerkulturen_Gemüse_DropDown[Ackerkulturen],_xlfn.AGGREGATE(15,6,(ROW(Liste_Ackerkulturen_Gemüse_DropDown[Ackerkulturen])-1)/(--(SEARCH(CI$2,Liste_Ackerkulturen_Gemüse_DropDown[Ackerkulturen])>0)),ROW()-2),1),"") -> Silohirse/sorghum (FM) | CJ17: =IFERROR(INDEX(Liste_Ackerkulturen_Gemüse_DropDown[Ackerkulturen],_xlfn.AGGREGATE(15,6,(ROW(Liste_Ackerkulturen_Gemüse_DropDown[Ackerkulturen])-1)/(--(SEARCH(CK$2,Liste_Ackerkulturen_Gemüse_DropDown[Ackerkulturen])>0)),ROW()-2),1),"") -> Silohirse/sorghum (FM) | CL17: =IFERROR(INDEX(Liste_Ackerkulturen_Gemüse_DropDown[Ackerkulturen],_xlfn.AGGREGATE(15,6,(ROW(Liste_Ackerkulturen_Gemüse_DropDown[Ackerkulturen])-1)/(--(SEARCH(CM$2,Liste_Ackerkulturen_Gemüse_DropDown[Ackerkulturen])>0)),ROW()-2),1),"") -> Silohirse/sorghum (FM) | CN17: =IFERROR(INDEX(Liste_Ackerkulturen_Gemüse_DropDown[Ackerkulturen],_xlfn.AGGREGATE(15,6,(ROW(Liste_Ackerkulturen_Gemüse_DropDown[Ackerkulturen])-1)/(--(SEARCH(CO$2,Liste_Ackerkulturen_Gemüse_DropDown[Ackerkulturen])>0)),ROW()-2),1),"") -> Silohirse/sorghum (FM) | CP17: =IFERROR(INDEX(Liste_Ackerkulturen_Gemüse_DropDown[Ackerkulturen],_xlfn.AGGREGATE(15,6,(ROW(Liste_Ackerkulturen_Gemüse_DropDown[Ackerkulturen])-1)/(--(SEARCH(CQ$2,Liste_Ackerkulturen_Gemüse_DropDown[Ackerkulturen])>0)),ROW()-2),1),"") -> Silohirse/sorghum (FM) | CR17: =IFERROR(INDEX(Liste_Ackerkulturen_Gemüse_DropDown[Ackerkulturen],_xlfn.AGGREGATE(15,6,(ROW(Liste_Ackerkulturen_Gemüse_DropDown[Ackerkulturen])-1)/(--(SEARCH(CS$2,Liste_Ackerkulturen_Gemüse_DropDown[Ackerkulturen])>0)),ROW()-2),1),"") -> Silohirse/sorghum (FM) | CV17: Dauerweide | CW17: =IFERROR(INDEX(Liste_Grünland_DropDown[Grünland],_xlfn.AGGREGATE(15,6,(ROW(Liste_Grünland_DropDown[Grünland])-1)/(--(SEARCH(CX$2,Liste_Grünland_DropDown[Grünland])>0)),ROW()-2),1),"") -> Bergmähder mit Code "BM 1/ 2 / 3" | CY17: =IFERROR(INDEX(Liste_Grünland_DropDown[Grünland],_xlfn.AGGREGATE(15,6,(ROW(Liste_Grünland_DropDown[Grünland])-1)/(--(SEARCH(CZ$2,Liste_Grünland_DropDown[Grünland])>0)),ROW()-2),1),"") -> Bergmähder mit Code "BM 1/ 2 / 3" | DA17: =IFERROR(INDEX(Liste_Grünland_DropDown[Grünland],_xlfn.AGGREGATE(15,6,(ROW(Liste_Grünland_DropDown[Grünland])-1)/(--(SEARCH(DB$2,Liste_Grünland_DropDown[Grünland])>0)),ROW()-2),1),"") -> Bergmähder mit Code "BM 1/ 2 / 3" | DC17: =IFERROR(INDEX(Liste_Grünland_DropDown[Grünland],_xlfn.AGGREGATE(15,6,(ROW(Liste_Grünland_DropDown[Grünland])-1)/(--(SEARCH(DD$2,Liste_Grünland_DropDown[Grünland])>0)),ROW()-2),1),"") -> Bergmähder mit Code "BM 1/ 2 / 3" | DE17: =IFERROR(INDEX(Liste_Grünland_DropDown[Grünland],_xlfn.AGGREGATE(15,6,(ROW(Liste_Grünland_DropDown[Grünland])-1)/(--(SEARCH(DF$2,Liste_Grünland_DropDown[Grünland])>0)),ROW()-2),1),"") -> Bergmähder mit Code "BM 1/ 2 / 3" | DG17: =IFERROR(INDEX(Liste_Grünland_DropDown[Grünland],_xlfn.AGGREGATE(15,6,(ROW(Liste_Grünland_DropDown[Grünland])-1)/(--(SEARCH(DH$2,Liste_Grünland_DropDown[Grünland])>0)),ROW()-2),1),"") -> Bergmähder mit Code "BM 1/ 2 / 3"
A18: n | B18: =CONCATENATE(A18," - ",C18) -> n - diverse Grünbrachen zB Biodiv. | C18: diverse Grünbrachen zB Biodiv. | I18: =IF(AND(ISNA(AH18),ISBLANK(C18)),0,IF(ISNA(AH18),H18,AH18)) -> 0 | J18: =E18*I18 -> 0 | L18: =IF(ISNA(AI18),0,AI18) -> 0 | M18: =IF(ISBLANK(K18),E18*L18,E18*K18) -> 0 | AF18: =IF(J18>0,E18,0) -> 0 | AG18: =IF(ISBLANK(F18),0,VLOOKUP(C18,Liste_N_Bedarf,9,0)) -> 0 | AH18: =IF(F18="niedrig",VLOOKUP(C18,Liste_N_Bedarf,2,0),IF(F18="mittel",VLOOKUP(C18,Liste_N_Bedarf,4,0),IF(F18="hoch 1",VLOOKUP(C18,Liste_N_Bedarf,6,0),IF(F18="hoch 2",VLOOKUP(C18,Liste_N_Bedarf,8,0),IF(F18="hoch 3",VLOOKUP(C18,Liste_N_Bedarf,10,0),IF(F18="GW-mittel",VLOOKUP(C18,Liste_N_Bedarf,12,0),IF(F18="GW-hoch",VLOOKUP(C18,Liste_N_Bedarf,14,0),0))))))) -> 0 | AI18: =IF(F18="niedrig",VLOOKUP(C18,Liste_P_Bedarf,2,0),IF(F18="GW-mittel",VLOOKUP(C18,Liste_P_Bedarf,3,0),IF(F18="mittel",VLOOKUP(C18,Liste_P_Bedarf,3,0),IF(F18="GW-hoch",VLOOKUP(C18,Liste_P_Bedarf,4,0),IF(F18="hoch 1",VLOOKUP(C18,Liste_P_Bedarf,4,0),IF(F18="hoch 2",VLOOKUP(C18,Liste_P_Bedarf,4,0),IF(F18="hoch 3",VLOOKUP(C18,Liste_P_Bedarf,4,0),0))))))) -> 0 | AJ18: =IF(F18="niedrig",VLOOKUP(C18,Liste_K_Bedarf,2,0),IF(F18="GW-mittel",VLOOKUP(C18,Liste_K_Bedarf,3,0),IF(F18="mittel",VLOOKUP(C18,Liste_K_Bedarf,3,0),IF(F18="GW-hoch",VLOOKUP(C18,Liste_K_Bedarf,4,0),IF(F18="hoch 1",VLOOKUP(C18,Liste_K_Bedarf,4,0),IF(F18="hoch 2",VLOOKUP(C18,Liste_K_Bedarf,4,0),IF(F18="hoch 3",VLOOKUP(C18,Liste_K_Bedarf,4,0),0))))))) -> 0 | AK18: =IF(ISBLANK(F18),0,VLOOKUP(C18,Liste_K_Bedarf,5,0)) -> 0 | AL18: =IF(ISBLANK(F18),0,VLOOKUP(C18,Liste_N_Bedarf,17,0)) -> 0 | AM18: Silohirse/sorghum (FM) | AN18: 130 | AO18: < 55 | AP18: 175 | AQ18: 55 - 68 | AR18: 210 | AS18: 68 - 77 | AT18: 225 | AU18: 77 - 83 | AV18: 240 | AW18: > 83 | AX18: 140 | AY18: 55 - 68 | AZ18: 160 | BA18: > 68 | BE18: Silohirse/sorghum (FM) | BF18: 85 | BG18: 95 | BH18: 110 | BJ18: Silohirse/sorghum (FM) | BK18: 340 | BL18: 375 | BM18: 430 | BN18: 0 | BO18: 0 | BQ18: =IFERROR(COUNTIF(Liste_Grünland_DropDown[Grünland],N_Bedarf!$C21),0) -> 2 | BS18: Ackerbohnen | BT18: =IFERROR(INDEX(Liste_Ackerkulturen_Gemüse_DropDown[Ackerkulturen],_xlfn.AGGREGATE(15,6,(ROW(Liste_Ackerkulturen_Gemüse_DropDown[Ackerkulturen])-1)/(--(SEARCH(BU$2,Liste_Ackerkulturen_Gemüse_DropDown[Ackerkulturen])>0)),ROW()-2),1),"") -> Winterraps | BV18: =IFERROR(INDEX(Liste_Ackerkulturen_Gemüse_DropDown[Ackerkulturen],_xlfn.AGGREGATE(15,6,(ROW(Liste_Ackerkulturen_Gemüse_DropDown[Ackerkulturen])-1)/(--(SEARCH(BW$2,Liste_Ackerkulturen_Gemüse_DropDown[Ackerkulturen])>0)),ROW()-2),1),"") -> Winterraps | BX18: =IFERROR(INDEX(Liste_Ackerkulturen_Gemüse_DropDown[Ackerkulturen],_xlfn.AGGREGATE(15,6,(ROW(Liste_Ackerkulturen_Gemüse_DropDown[Ackerkulturen])-1)/(--(SEARCH(BY$2,Liste_Ackerkulturen_Gemüse_DropDown[Ackerkulturen])>0)),ROW()-2),1),"") -> Winterraps | BZ18: =IFERROR(INDEX(Liste_Ackerkulturen_Gemüse_DropDown[Ackerkulturen],_xlfn.AGGREGATE(15,6,(ROW(Liste_Ackerkulturen_Gemüse_DropDown[Ackerkulturen])-1)/(--(SEARCH(CA$2,Liste_Ackerkulturen_Gemüse_DropDown[Ackerkulturen])>0)),ROW()-2),1),"") -> Winterraps | CB18: =IFERROR(INDEX(Liste_Ackerkulturen_Gemüse_DropDown[Ackerkulturen],_xlfn.AGGREGATE(15,6,(ROW(Liste_Ackerkulturen_Gemüse_DropDown[Ackerkulturen])-1)/(--(SEARCH(CC$2,Liste_Ackerkulturen_Gemüse_DropDown[Ackerkulturen])>0)),ROW()-2),1),"") -> Winterraps | CD18: =IFERROR(INDEX(Liste_Ackerkulturen_Gemüse_DropDown[Ackerkulturen],_xlfn.AGGREGATE(15,6,(ROW(Liste_Ackerkulturen_Gemüse_DropDown[Ackerkulturen])-1)/(--(SEARCH(CE$2,Liste_Ackerkulturen_Gemüse_DropDown[Ackerkulturen])>0)),ROW()-2),1),"") -> Winterraps | CF18: =IFERROR(INDEX(Liste_Ackerkulturen_Gemüse_DropDown[Ackerkulturen],_xlfn.AGGREGATE(15,6,(ROW(Liste_Ackerkulturen_Gemüse_DropDown[Ackerkulturen])-1)/(--(SEARCH(CG$2,Liste_Ackerkulturen_Gemüse_DropDown[Ackerkulturen])>0)),ROW()-2),1),"") -> Winterraps | CH18: =IFERROR(INDEX(Liste_Ackerkulturen_Gemüse_DropDown[Ackerkulturen],_xlfn.AGGREGATE(15,6,(ROW(Liste_Ackerkulturen_Gemüse_DropDown[Ackerkulturen])-1)/(--(SEARCH(CI$2,Liste_Ackerkulturen_Gemüse_DropDown[Ackerkulturen])>0)),ROW()-2),1),"") -> Winterraps | CJ18: =IFERROR(INDEX(Liste_Ackerkulturen_Gemüse_DropDown[Ackerkulturen],_xlfn.AGGREGATE(15,6,(ROW(Liste_Ackerkulturen_Gemüse_DropDown[Ackerkulturen])-1)/(--(SEARCH(CK$2,Liste_Ackerkulturen_Gemüse_DropDown[Ackerkulturen])>0)),ROW()-2),1),"") -> Winterraps | CL18: =IFERROR(INDEX(Liste_Ackerkulturen_Gemüse_DropDown[Ackerkulturen],_xlfn.AGGREGATE(15,6,(ROW(Liste_Ackerkulturen_Gemüse_DropDown[Ackerkulturen])-1)/(--(SEARCH(CM$2,Liste_Ackerkulturen_Gemüse_DropDown[Ackerkulturen])>0)),ROW()-2),1),"") -> Winterraps | CN18: =IFERROR(INDEX(Liste_Ackerkulturen_Gemüse_DropDown[Ackerkulturen],_xlfn.AGGREGATE(15,6,(ROW(Liste_Ackerkulturen_Gemüse_DropDown[Ackerkulturen])-1)/(--(SEARCH(CO$2,Liste_Ackerkulturen_Gemüse_DropDown[Ackerkulturen])>0)),ROW()-2),1),"") -> Winterraps | CP18: =IFERROR(INDEX(Liste_Ackerkulturen_Gemüse_DropDown[Ackerkulturen],_xlfn.AGGREGATE(15,6,(ROW(Liste_Ackerkulturen_Gemüse_DropDown[Ackerkulturen])-1)/(--(SEARCH(CQ$2,Liste_Ackerkulturen_Gemüse_DropDown[Ackerkulturen])>0)),ROW()-2),1),"") -> Winterraps | CR18: =IFERROR(INDEX(Liste_Ackerkulturen_Gemüse_DropDown[Ackerkulturen],_xlfn.AGGREGATE(15,6,(ROW(Liste_Ackerkulturen_Gemüse_DropDown[Ackerkulturen])-1)/(--(SEARCH(CS$2,Liste_Ackerkulturen_Gemüse_DropDown[Ackerkulturen])>0)),ROW()-2),1),"") -> Winterraps | CV18: Hutweide mit Düngung | CW18: =IFERROR(INDEX(Liste_Grünland_DropDown[Grünland],_xlfn.AGGREGATE(15,6,(ROW(Liste_Grünland_DropDown[Grünland])-1)/(--(SEARCH(CX$2,Liste_Grünland_DropDown[Grünland])>0)),ROW()-2),1),"") -> Dauerweide | CY18: =IFERROR(INDEX(Liste_Grünland_DropDown[Grünland],_xlfn.AGGREGATE(15,6,(ROW(Liste_Grünland_DropDown[Grünland])-1)/(--(SEARCH(CZ$2,Liste_Grünland_DropDown[Grünland])>0)),ROW()-2),1),"") -> Dauerweide | DA18: =IFERROR(INDEX(Liste_Grünland_DropDown[Grünland],_xlfn.AGGREGATE(15,6,(ROW(Liste_Grünland_DropDown[Grünland])-1)/(--(SEARCH(DB$2,Liste_Grünland_DropDown[Grünland])>0)),ROW()-2),1),"") -> Dauerweide | DC18: =IFERROR(INDEX(Liste_Grünland_DropDown[Grünland],_xlfn.AGGREGATE(15,6,(ROW(Liste_Grünland_DropDown[Grünland])-1)/(--(SEARCH(DD$2,Liste_Grünland_DropDown[Grünland])>0)),ROW()-2),1),"") -> Dauerweide | DE18: =IFERROR(INDEX(Liste_Grünland_DropDown[Grünland],_xlfn.AGGREGATE(15,6,(ROW(Liste_Grünland_DropDown[Grünland])-1)/(--(SEARCH(DF$2,Liste_Grünland_DropDown[Grünland])>0)),ROW()-2),1),"") -> Dauerweide | DG18: =IFERROR(INDEX(Liste_Grünland_DropDown[Grünland],_xlfn.AGGREGATE(15,6,(ROW(Liste_Grünland_DropDown[Grünland])-1)/(--(SEARCH(DH$2,Liste_Grünland_DropDown[Grünland])>0)),ROW()-2),1),"") -> Dauerweide
B19: Grünland | C19: Grünland | E19: ha | H19: händisch | J19: kg | M19: kg | N19: =IFERROR(IF(AND(AL19>0,S17=0),"Achtung Vorfruchtwirkung beachten! Wurden im Vorjahr Ackerbohnen, Erbsen, Ackerfutterflächen und Grünbrachen oder Grünland umgebrochen ist eine Vorfruchtwirkung einzugeben!",""),"") | U19: Vergleich der Flächenangaben dient nur zur Orientierung | AK19: Vorf.-W: | AL19: =SUM(AL5:AL18) -> 0 | AM19: Winterraps | AN19: 110 | AO19: < 2,5 | AP19: 155 | AQ19: 2,5 - 3,5 | AR19: 180 | AS19: 3,5 - 4,25 | AT19: 195 | AU19: 4,25 - 5,0 | AV19: 210 | AW19: > 5,0 | AX19: 140 | AY19: 2,5 - 3,5 | AZ19: 160 | BA19: > 3,5 | BB19: 33 | BE19: Winterraps | BF19: 70 | BG19: 75 | BH19: 85 | BJ19: Winterraps | BK19: 180 | BL19: 200 | BM19: 230 | BN19: 120 | BO19: 120 | BQ19: =IFERROR(COUNTIF(Liste_Grünland_DropDown[Grünland],N_Bedarf!$C22),0) -> 2 | BS19: Körnererbsen | BT19: =IFERROR(INDEX(Liste_Ackerkulturen_Gemüse_DropDown[Ackerkulturen],_xlfn.AGGREGATE(15,6,(ROW(Liste_Ackerkulturen_Gemüse_DropDown[Ackerkulturen])-1)/(--(SEARCH(BU$2,Liste_Ackerkulturen_Gemüse_DropDown[Ackerkulturen])>0)),ROW()-2),1),"") -> Ackerbohnen | BV19: =IFERROR(INDEX(Liste_Ackerkulturen_Gemüse_DropDown[Ackerkulturen],_xlfn.AGGREGATE(15,6,(ROW(Liste_Ackerkulturen_Gemüse_DropDown[Ackerkulturen])-1)/(--(SEARCH(BW$2,Liste_Ackerkulturen_Gemüse_DropDown[Ackerkulturen])>0)),ROW()-2),1),"") -> Ackerbohnen | BX19: =IFERROR(INDEX(Liste_Ackerkulturen_Gemüse_DropDown[Ackerkulturen],_xlfn.AGGREGATE(15,6,(ROW(Liste_Ackerkulturen_Gemüse_DropDown[Ackerkulturen])-1)/(--(SEARCH(BY$2,Liste_Ackerkulturen_Gemüse_DropDown[Ackerkulturen])>0)),ROW()-2),1),"") -> Ackerbohnen | BZ19: =IFERROR(INDEX(Liste_Ackerkulturen_Gemüse_DropDown[Ackerkulturen],_xlfn.AGGREGATE(15,6,(ROW(Liste_Ackerkulturen_Gemüse_DropDown[Ackerkulturen])-1)/(--(SEARCH(CA$2,Liste_Ackerkulturen_Gemüse_DropDown[Ackerkulturen])>0)),ROW()-2),1),"") -> Ackerbohnen | CB19: =IFERROR(INDEX(Liste_Ackerkulturen_Gemüse_DropDown[Ackerkulturen],_xlfn.AGGREGATE(15,6,(ROW(Liste_Ackerkulturen_Gemüse_DropDown[Ackerkulturen])-1)/(--(SEARCH(CC$2,Liste_Ackerkulturen_Gemüse_DropDown[Ackerkulturen])>0)),ROW()-2),1),"") -> Ackerbohnen | CD19: =IFERROR(INDEX(Liste_Ackerkulturen_Gemüse_DropDown[Ackerkulturen],_xlfn.AGGREGATE(15,6,(ROW(Liste_Ackerkulturen_Gemüse_DropDown[Ackerkulturen])-1)/(--(SEARCH(CE$2,Liste_Ackerkulturen_Gemüse_DropDown[Ackerkulturen])>0)),ROW()-2),1),"") -> Ackerbohnen | CF19: =IFERROR(INDEX(Liste_Ackerkulturen_Gemüse_DropDown[Ackerkulturen],_xlfn.AGGREGATE(15,6,(ROW(Liste_Ackerkulturen_Gemüse_DropDown[Ackerkulturen])-1)/(--(SEARCH(CG$2,Liste_Ackerkulturen_Gemüse_DropDown[Ackerkulturen])>0)),ROW()-2),1),"") -> Ackerbohnen | CH19: =IFERROR(INDEX(Liste_Ackerkulturen_Gemüse_DropDown[Ackerkulturen],_xlfn.AGGREGATE(15,6,(ROW(Liste_Ackerkulturen_Gemüse_DropDown[Ackerkulturen])-1)/(--(SEARCH(CI$2,Liste_Ackerkulturen_Gemüse_DropDown[Ackerkulturen])>0)),ROW()-2),1),"") -> Ackerbohnen | CJ19: =IFERROR(INDEX(Liste_Ackerkulturen_Gemüse_DropDown[Ackerkulturen],_xlfn.AGGREGATE(15,6,(ROW(Liste_Ackerkulturen_Gemüse_DropDown[Ackerkulturen])-1)/(--(SEARCH(CK$2,Liste_Ackerkulturen_Gemüse_DropDown[Ackerkulturen])>0)),ROW()-2),1),"") -> Ackerbohnen | CL19: =IFERROR(INDEX(Liste_Ackerkulturen_Gemüse_DropDown[Ackerkulturen],_xlfn.AGGREGATE(15,6,(ROW(Liste_Ackerkulturen_Gemüse_DropDown[Ackerkulturen])-1)/(--(SEARCH(CM$2,Liste_Ackerkulturen_Gemüse_DropDown[Ackerkulturen])>0)),ROW()-2),1),"") -> Ackerbohnen | CN19: =IFERROR(INDEX(Liste_Ackerkulturen_Gemüse_DropDown[Ackerkulturen],_xlfn.AGGREGATE(15,6,(ROW(Liste_Ackerkulturen_Gemüse_DropDown[Ackerkulturen])-1)/(--(SEARCH(CO$2,Liste_Ackerkulturen_Gemüse_DropDown[Ackerkulturen])>0)),ROW()-2),1),"") -> Ackerbohnen | CP19: =IFERROR(INDEX(Liste_Ackerkulturen_Gemüse_DropDown[Ackerkulturen],_xlfn.AGGREGATE(15,6,(ROW(Liste_Ackerkulturen_Gemüse_DropDown[Ackerkulturen])-1)/(--(SEARCH(CQ$2,Liste_Ackerkulturen_Gemüse_DropDown[Ackerkulturen])>0)),ROW()-2),1),"") -> Ackerbohnen | CR19: =IFERROR(INDEX(Liste_Ackerkulturen_Gemüse_DropDown[Ackerkulturen],_xlfn.AGGREGATE(15,6,(ROW(Liste_Ackerkulturen_Gemüse_DropDown[Ackerkulturen])-1)/(--(SEARCH(CS$2,Liste_Ackerkulturen_Gemüse_DropDown[Ackerkulturen])>0)),ROW()-2),1),"") -> Ackerbohnen | CV19: Streuwiese | CW19: =IFERROR(INDEX(Liste_Grünland_DropDown[Grünland],_xlfn.AGGREGATE(15,6,(ROW(Liste_Grünland_DropDown[Grünland])-1)/(--(SEARCH(CX$2,Liste_Grünland_DropDown[Grünland])>0)),ROW()-2),1),"") -> Hutweide mit Düngung | CY19: =IFERROR(INDEX(Liste_Grünland_DropDown[Grünland],_xlfn.AGGREGATE(15,6,(ROW(Liste_Grünland_DropDown[Grünland])-1)/(--(SEARCH(CZ$2,Liste_Grünland_DropDown[Grünland])>0)),ROW()-2),1),"") -> Hutweide mit Düngung | DA19: =IFERROR(INDEX(Liste_Grünland_DropDown[Grünland],_xlfn.AGGREGATE(15,6,(ROW(Liste_Grünland_DropDown[Grünland])-1)/(--(SEARCH(DB$2,Liste_Grünland_DropDown[Grünland])>0)),ROW()-2),1),"") -> Hutweide mit Düngung | DC19: =IFERROR(INDEX(Liste_Grünland_DropDown[Grünland],_xlfn.AGGREGATE(15,6,(ROW(Liste_Grünland_DropDown[Grünland])-1)/(--(SEARCH(DD$2,Liste_Grünland_DropDown[Grünland])>0)),ROW()-2),1),"") -> Hutweide mit Düngung | DE19: =IFERROR(INDEX(Liste_Grünland_DropDown[Grünland],_xlfn.AGGREGATE(15,6,(ROW(Liste_Grünland_DropDown[Grünland])-1)/(--(SEARCH(DF$2,Liste_Grünland_DropDown[Grünland])>0)),ROW()-2),1),"") -> Hutweide mit Düngung | DG19: =IFERROR(INDEX(Liste_Grünland_DropDown[Grünland],_xlfn.AGGREGATE(15,6,(ROW(Liste_Grünland_DropDown[Grünland])-1)/(--(SEARCH(DH$2,Liste_Grünland_DropDown[Grünland])>0)),ROW()-2),1),"") -> Hutweide mit Düngung
A20: o | B20: =CONCATENATE(A20," - ",C20) -> o - | G20: =IF(ISERROR(AE20),"",AE20) | I20: =IF(AND(ISNA(AH20),ISBLANK(C20)),0,IF(ISNA(AH20),H20,AH20)) -> 0 | J20: =E20*I20 -> 0 | L20: =IF(ISNA(AI20),0,AI20) -> 0 | M20: =IF(ISBLANK(K20),E20*L20,E20*K20) -> 0 | AE20: =IFERROR(IF(F20="niedrig",VLOOKUP(C20,Liste_N_GL,3,0),IF(F20="mittel",VLOOKUP(C20,Liste_N_GL,5,0),IF(F20="hoch",VLOOKUP(C20,Liste_N_GL,7,0),""))),"") | AF20: =IF(J20>0,E20,0) -> 0 | AH20: =IF(F20="niedrig",VLOOKUP(C20,Liste_N_GL,2,0),IF(F20="mittel",VLOOKUP(C20,Liste_N_GL,4,0),IF(F20="hoch",VLOOKUP(C20,Liste_N_GL,6,0),0))) -> 0 | AI20: =IF(F20="niedrig",VLOOKUP(C20,Liste_P_Bedarf,2,0),IF(F20="mittel",VLOOKUP(C20,Liste_P_Bedarf,3,0),IF(F20="hoch",VLOOKUP(C20,Liste_P_Bedarf,4,0),0))) -> 0 | AJ20: =IF(F20="niedrig",VLOOKUP(C20,Liste_K_Bedarf,2,0),IF(F20="mittel",VLOOKUP(C20,Liste_K_Bedarf,3,0),IF(F20="hoch",VLOOKUP(C20,Liste_K_Bedarf,4,0),0))) -> 0 | AM20: Ackerbohnen | AN20: 60 | AO20: < 2,0 | AP20: 60 | AQ20: 2,0 - 3,5 | AR20: 60 | AS20: >3,5 | AT20: 60 | AU20: >3,5 | AV20: 60 | AW20: >3,5 | AX20: 60 | AY20: 2,0 - 3,5 | AZ20: 60 | BA20: > 3,5 | BC20: 1 | BE20: Ackerbohnen | BF20: 60 | BG20: 65 | BH20: 75 | BJ20: Ackerbohnen | BK20: 110 | BL20: 120 | BM20: 140 | BN20: 45 | BO20: 45 | BQ20: =IFERROR(COUNTIF(Liste_Grünland_DropDown[Grünland],N_Bedarf!$C23),0) -> 2 | BS20: Sojabohnen | BT20: =IFERROR(INDEX(Liste_Ackerkulturen_Gemüse_DropDown[Ackerkulturen],_xlfn.AGGREGATE(15,6,(ROW(Liste_Ackerkulturen_Gemüse_DropDown[Ackerkulturen])-1)/(--(SEARCH(BU$2,Liste_Ackerkulturen_Gemüse_DropDown[Ackerkulturen])>0)),ROW()-2),1),"") -> Körnererbsen | BV20: =IFERROR(INDEX(Liste_Ackerkulturen_Gemüse_DropDown[Ackerkulturen],_xlfn.AGGREGATE(15,6,(ROW(Liste_Ackerkulturen_Gemüse_DropDown[Ackerkulturen])-1)/(--(SEARCH(BW$2,Liste_Ackerkulturen_Gemüse_DropDown[Ackerkulturen])>0)),ROW()-2),1),"") -> Körnererbsen | BX20: =IFERROR(INDEX(Liste_Ackerkulturen_Gemüse_DropDown[Ackerkulturen],_xlfn.AGGREGATE(15,6,(ROW(Liste_Ackerkulturen_Gemüse_DropDown[Ackerkulturen])-1)/(--(SEARCH(BY$2,Liste_Ackerkulturen_Gemüse_DropDown[Ackerkulturen])>0)),ROW()-2),1),"") -> Körnererbsen | BZ20: =IFERROR(INDEX(Liste_Ackerkulturen_Gemüse_DropDown[Ackerkulturen],_xlfn.AGGREGATE(15,6,(ROW(Liste_Ackerkulturen_Gemüse_DropDown[Ackerkulturen])-1)/(--(SEARCH(CA$2,Liste_Ackerkulturen_Gemüse_DropDown[Ackerkulturen])>0)),ROW()-2),1),"") -> Körnererbsen | CB20: =IFERROR(INDEX(Liste_Ackerkulturen_Gemüse_DropDown[Ackerkulturen],_xlfn.AGGREGATE(15,6,(ROW(Liste_Ackerkulturen_Gemüse_DropDown[Ackerkulturen])-1)/(--(SEARCH(CC$2,Liste_Ackerkulturen_Gemüse_DropDown[Ackerkulturen])>0)),ROW()-2),1),"") -> Körnererbsen | CD20: =IFERROR(INDEX(Liste_Ackerkulturen_Gemüse_DropDown[Ackerkulturen],_xlfn.AGGREGATE(15,6,(ROW(Liste_Ackerkulturen_Gemüse_DropDown[Ackerkulturen])-1)/(--(SEARCH(CE$2,Liste_Ackerkulturen_Gemüse_DropDown[Ackerkulturen])>0)),ROW()-2),1),"") -> Körnererbsen | CF20: =IFERROR(INDEX(Liste_Ackerkulturen_Gemüse_DropDown[Ackerkulturen],_xlfn.AGGREGATE(15,6,(ROW(Liste_Ackerkulturen_Gemüse_DropDown[Ackerkulturen])-1)/(--(SEARCH(CG$2,Liste_Ackerkulturen_Gemüse_DropDown[Ackerkulturen])>0)),ROW()-2),1),"") -> Körnererbsen | CH20: =IFERROR(INDEX(Liste_Ackerkulturen_Gemüse_DropDown[Ackerkulturen],_xlfn.AGGREGATE(15,6,(ROW(Liste_Ackerkulturen_Gemüse_DropDown[Ackerkulturen])-1)/(--(SEARCH(CI$2,Liste_Ackerkulturen_Gemüse_DropDown[Ackerkulturen])>0)),ROW()-2),1),"") -> Körnererbsen | CJ20: =IFERROR(INDEX(Liste_Ackerkulturen_Gemüse_DropDown[Ackerkulturen],_xlfn.AGGREGATE(15,6,(ROW(Liste_Ackerkulturen_Gemüse_DropDown[Ackerkulturen])-1)/(--(SEARCH(CK$2,Liste_Ackerkulturen_Gemüse_DropDown[Ackerkulturen])>0)),ROW()-2),1),"") -> Körnererbsen | CL20: =IFERROR(INDEX(Liste_Ackerkulturen_Gemüse_DropDown[Ackerkulturen],_xlfn.AGGREGATE(15,6,(ROW(Liste_Ackerkulturen_Gemüse_DropDown[Ackerkulturen])-1)/(--(SEARCH(CM$2,Liste_Ackerkulturen_Gemüse_DropDown[Ackerkulturen])>0)),ROW()-2),1),"") -> Körnererbsen | CN20: =IFERROR(INDEX(Liste_Ackerkulturen_Gemüse_DropDown[Ackerkulturen],_xlfn.AGGREGATE(15,6,(ROW(Liste_Ackerkulturen_Gemüse_DropDown[Ackerkulturen])-1)/(--(SEARCH(CO$2,Liste_Ackerkulturen_Gemüse_DropDown[Ackerkulturen])>0)),ROW()-2),1),"") -> Körnererbsen | CP20: =IFERROR(INDEX(Liste_Ackerkulturen_Gemüse_DropDown[Ackerkulturen],_xlfn.AGGREGATE(15,6,(ROW(Liste_Ackerkulturen_Gemüse_DropDown[Ackerkulturen])-1)/(--(SEARCH(CQ$2,Liste_Ackerkulturen_Gemüse_DropDown[Ackerkulturen])>0)),ROW()-2),1),"") -> Körnererbsen | CR20: =IFERROR(INDEX(Liste_Ackerkulturen_Gemüse_DropDown[Ackerkulturen],_xlfn.AGGREGATE(15,6,(ROW(Liste_Ackerkulturen_Gemüse_DropDown[Ackerkulturen])-1)/(--(SEARCH(CS$2,Liste_Ackerkulturen_Gemüse_DropDown[Ackerkulturen])>0)),ROW()-2),1),"") -> Körnererbsen | CV20: Grünlandbrache | CW20: =IFERROR(INDEX(Liste_Grünland_DropDown[Grünland],_xlfn.AGGREGATE(15,6,(ROW(Liste_Grünland_DropDown[Grünland])-1)/(--(SEARCH(CX$2,Liste_Grünland_DropDown[Grünland])>0)),ROW()-2),1),"") -> Streuwiese | CX20: =IF(N_Bedarf!$C38="","",IF(COUNTIF(Liste_Grünland_DropDown[Grünland],N_Bedarf!$C38),"",N_Bedarf!$C38)) -> Durum - Hartweizen | CY20: =IFERROR(INDEX(Liste_Grünland_DropDown[Grünland],_xlfn.AGGREGATE(15,6,(ROW(Liste_Grünland_DropDown[Grünland])-1)/(--(SEARCH(CZ$2,Liste_Grünland_DropDown[Grünland])>0)),ROW()-2),1),"") -> Streuwiese | DA20: =IFERROR(INDEX(Liste_Grünland_DropDown[Grünland],_xlfn.AGGREGATE(15,6,(ROW(Liste_Grünland_DropDown[Grünland])-1)/(--(SEARCH(DB$2,Liste_Grünland_DropDown[Grünland])>0)),ROW()-2),1),"") -> Streuwiese | DC20: =IFERROR(INDEX(Liste_Grünland_DropDown[Grünland],_xlfn.AGGREGATE(15,6,(ROW(Liste_Grünland_DropDown[Grünland])-1)/(--(SEARCH(DD$2,Liste_Grünland_DropDown[Grünland])>0)),ROW()-2),1),"") -> Streuwiese | DE20: =IFERROR(INDEX(Liste_Grünland_DropDown[Grünland],_xlfn.AGGREGATE(15,6,(ROW(Liste_Grünland_DropDown[Grünland])-1)/(--(SEARCH(DF$2,Liste_Grünland_DropDown[Grünland])>0)),ROW()-2),1),"") -> Streuwiese | DG20: =IFERROR(INDEX(Liste_Grünland_DropDown[Grünland],_xlfn.AGGREGATE(15,6,(ROW(Liste_Grünland_DropDown[Grünland])-1)/(--(SEARCH(DH$2,Liste_Grünland_DropDown[Grünland])>0)),ROW()-2),1),"") -> Streuwiese
A21: p | B21: =CONCATENATE(A21," - ",C21) -> p - | G21: =IF(ISERROR(AE21),"",AE21) | I21: =IF(AND(ISNA(AH21),ISBLANK(C21)),0,IF(ISNA(AH21),H21,AH21)) -> 0 | J21: =E21*I21 -> 0 | L21: =IF(ISNA(AI21),0,AI21) -> 0 | M21: =IF(ISBLANK(K21),E21*L21,E21*K21) -> 0 | U21: landw. Nutzfläche lt. Tabellenblatt "Betrieb" | X21: =Betrieb!D18 -> 0 | AE21: =IFERROR(IF(F21="niedrig",VLOOKUP(C21,Liste_N_GL,3,0),IF(F21="mittel",VLOOKUP(C21,Liste_N_GL,5,0),IF(F21="hoch",VLOOKUP(C21,Liste_N_GL,7,0),""))),"") | AF21: =IF(J21>0,E21,0) -> 0 | AH21: =IF(F21="niedrig",VLOOKUP(C21,Liste_N_GL,2,0),IF(F21="mittel",VLOOKUP(C21,Liste_N_GL,4,0),IF(F21="hoch",VLOOKUP(C21,Liste_N_GL,6,0),0))) -> 0 | AI21: =IF(F21="niedrig",VLOOKUP(C21,Liste_P_Bedarf,2,0),IF(F21="mittel",VLOOKUP(C21,Liste_P_Bedarf,3,0),IF(F21="hoch",VLOOKUP(C21,Liste_P_Bedarf,4,0),0))) -> 0 | AJ21: =IF(F21="niedrig",VLOOKUP(C21,Liste_K_Bedarf,2,0),IF(F21="mittel",VLOOKUP(C21,Liste_K_Bedarf,3,0),IF(F21="hoch",VLOOKUP(C21,Liste_K_Bedarf,4,0),0))) -> 0 | AM21: Körnererbsen | AN21: 60 | AO21: < 2 | AP21: 60 | AQ21: 2,0 - 3,0 | AR21: 60 | AS21: >3 | AT21: 60 | AU21: >3 | AV21: 60 | AW21: >3 | AX21: 60 | AY21: 2,0 - 3,5 | AZ21: 60 | BA21: > 3,5 | BC21: 1 | BE21: Körnererbsen | BF21: 60 | BG21: 65 | BH21: 75 | BJ21: Körnererbsen | BK21: 90 | BL21: 100 | BM21: 115 | BN21: 40 | BO21: 40 | BQ21: =IFERROR(COUNTIF(Liste_Grünland_DropDown[Grünland],N_Bedarf!$C24),0) -> 2 | BS21: Sonnenblumen | BT21: =IFERROR(INDEX(Liste_Ackerkulturen_Gemüse_DropDown[Ackerkulturen],_xlfn.AGGREGATE(15,6,(ROW(Liste_Ackerkulturen_Gemüse_DropDown[Ackerkulturen])-1)/(--(SEARCH(BU$2,Liste_Ackerkulturen_Gemüse_DropDown[Ackerkulturen])>0)),ROW()-2),1),"") -> Sojabohnen | BV21: =IFERROR(INDEX(Liste_Ackerkulturen_Gemüse_DropDown[Ackerkulturen],_xlfn.AGGREGATE(15,6,(ROW(Liste_Ackerkulturen_Gemüse_DropDown[Ackerkulturen])-1)/(--(SEARCH(BW$2,Liste_Ackerkulturen_Gemüse_DropDown[Ackerkulturen])>0)),ROW()-2),1),"") -> Sojabohnen | BX21: =IFERROR(INDEX(Liste_Ackerkulturen_Gemüse_DropDown[Ackerkulturen],_xlfn.AGGREGATE(15,6,(ROW(Liste_Ackerkulturen_Gemüse_DropDown[Ackerkulturen])-1)/(--(SEARCH(BY$2,Liste_Ackerkulturen_Gemüse_DropDown[Ackerkulturen])>0)),ROW()-2),1),"") -> Sojabohnen | BZ21: =IFERROR(INDEX(Liste_Ackerkulturen_Gemüse_DropDown[Ackerkulturen],_xlfn.AGGREGATE(15,6,(ROW(Liste_Ackerkulturen_Gemüse_DropDown[Ackerkulturen])-1)/(--(SEARCH(CA$2,Liste_Ackerkulturen_Gemüse_DropDown[Ackerkulturen])>0)),ROW()-2),1),"") -> Sojabohnen | CB21: =IFERROR(INDEX(Liste_Ackerkulturen_Gemüse_DropDown[Ackerkulturen],_xlfn.AGGREGATE(15,6,(ROW(Liste_Ackerkulturen_Gemüse_DropDown[Ackerkulturen])-1)/(--(SEARCH(CC$2,Liste_Ackerkulturen_Gemüse_DropDown[Ackerkulturen])>0)),ROW()-2),1),"") -> Sojabohnen | CD21: =IFERROR(INDEX(Liste_Ackerkulturen_Gemüse_DropDown[Ackerkulturen],_xlfn.AGGREGATE(15,6,(ROW(Liste_Ackerkulturen_Gemüse_DropDown[Ackerkulturen])-1)/(--(SEARCH(CE$2,Liste_Ackerkulturen_Gemüse_DropDown[Ackerkulturen])>0)),ROW()-2),1),"") -> Sojabohnen | CF21: =IFERROR(INDEX(Liste_Ackerkulturen_Gemüse_DropDown[Ackerkulturen],_xlfn.AGGREGATE(15,6,(ROW(Liste_Ackerkulturen_Gemüse_DropDown[Ackerkulturen])-1)/(--(SEARCH(CG$2,Liste_Ackerkulturen_Gemüse_DropDown[Ackerkulturen])>0)),ROW()-2),1),"") -> Sojabohnen | CH21: =IFERROR(INDEX(Liste_Ackerkulturen_Gemüse_DropDown[Ackerkulturen],_xlfn.AGGREGATE(15,6,(ROW(Liste_Ackerkulturen_Gemüse_DropDown[Ackerkulturen])-1)/(--(SEARCH(CI$2,Liste_Ackerkulturen_Gemüse_DropDown[Ackerkulturen])>0)),ROW()-2),1),"") -> Sojabohnen | CJ21: =IFERROR(INDEX(Liste_Ackerkulturen_Gemüse_DropDown[Ackerkulturen],_xlfn.AGGREGATE(15,6,(ROW(Liste_Ackerkulturen_Gemüse_DropDown[Ackerkulturen])-1)/(--(SEARCH(CK$2,Liste_Ackerkulturen_Gemüse_DropDown[Ackerkulturen])>0)),ROW()-2),1),"") -> Sojabohnen | CL21: =IFERROR(INDEX(Liste_Ackerkulturen_Gemüse_DropDown[Ackerkulturen],_xlfn.AGGREGATE(15,6,(ROW(Liste_Ackerkulturen_Gemüse_DropDown[Ackerkulturen])-1)/(--(SEARCH(CM$2,Liste_Ackerkulturen_Gemüse_DropDown[Ackerkulturen])>0)),ROW()-2),1),"") -> Sojabohnen | CN21: =IFERROR(INDEX(Liste_Ackerkulturen_Gemüse_DropDown[Ackerkulturen],_xlfn.AGGREGATE(15,6,(ROW(Liste_Ackerkulturen_Gemüse_DropDown[Ackerkulturen])-1)/(--(SEARCH(CO$2,Liste_Ackerkulturen_Gemüse_DropDown[Ackerkulturen])>0)),ROW()-2),1),"") -> Sojabohnen | CP21: =IFERROR(INDEX(Liste_Ackerkulturen_Gemüse_DropDown[Ackerkulturen],_xlfn.AGGREGATE(15,6,(ROW(Liste_Ackerkulturen_Gemüse_DropDown[Ackerkulturen])-1)/(--(SEARCH(CQ$2,Liste_Ackerkulturen_Gemüse_DropDown[Ackerkulturen])>0)),ROW()-2),1),"") -> Sojabohnen | CR21: =IFERROR(INDEX(Liste_Ackerkulturen_Gemüse_DropDown[Ackerkulturen],_xlfn.AGGREGATE(15,6,(ROW(Liste_Ackerkulturen_Gemüse_DropDown[Ackerkulturen])-1)/(--(SEARCH(CS$2,Liste_Ackerkulturen_Gemüse_DropDown[Ackerkulturen])>0)),ROW()-2),1),"") -> Sojabohnen | CV21: =0 -> 0 | CW21: =IFERROR(INDEX(Liste_Grünland_DropDown[Grünland],_xlfn.AGGREGATE(15,6,(ROW(Liste_Grünland_DropDown[Grünland])-1)/(--(SEARCH(CX$2,Liste_Grünland_DropDown[Grünland])>0)),ROW()-2),1),"") -> Grünlandbrache | CX21: =IF(N_Bedarf!$C39="","",IF(COUNTIF(Liste_Grünland_DropDown[Grünland],N_Bedarf!$C39),"",N_Bedarf!$C39)) -> Dinkel (Spelzenanteil ca. 30 %) | CY21: =IFERROR(INDEX(Liste_Grünland_DropDown[Grünland],_xlfn.AGGREGATE(15,6,(ROW(Liste_Grünland_DropDown[Grünland])-1)/(--(SEARCH(CZ$2,Liste_Grünland_DropDown[Grünland])>0)),ROW()-2),1),"") -> Grünlandbrache | DA21: =IFERROR(INDEX(Liste_Grünland_DropDown[Grünland],_xlfn.AGGREGATE(15,6,(ROW(Liste_Grünland_DropDown[Grünland])-1)/(--(SEARCH(DB$2,Liste_Grünland_DropDown[Grünland])>0)),ROW()-2),1),"") -> Grünlandbrache | DC21: =IFERROR(INDEX(Liste_Grünland_DropDown[Grünland],_xlfn.AGGREGATE(15,6,(ROW(Liste_Grünland_DropDown[Grünland])-1)/(--(SEARCH(DD$2,Liste_Grünland_DropDown[Grünland])>0)),ROW()-2),1),"") -> Grünlandbrache | DE21: =IFERROR(INDEX(Liste_Grünland_DropDown[Grünland],_xlfn.AGGREGATE(15,6,(ROW(Liste_Grünland_DropDown[Grünland])-1)/(--(SEARCH(DF$2,Liste_Grünland_DropDown[Grünland])>0)),ROW()-2),1),"") -> Grünlandbrache | DG21: =IFERROR(INDEX(Liste_Grünland_DropDown[Grünland],_xlfn.AGGREGATE(15,6,(ROW(Liste_Grünland_DropDown[Grünland])-1)/(--(SEARCH(DH$2,Liste_Grünland_DropDown[Grünland])>0)),ROW()-2),1),"") -> Grünlandbrache
A22: q | B22: =CONCATENATE(A22," - ",C22) -> q - | G22: =IF(ISERROR(AE22),"",AE22) | I22: =IF(AND(ISNA(AH22),ISBLANK(C22)),0,IF(ISNA(AH22),H22,AH22)) -> 0 | J22: =E22*I22 -> 0 | L22: =IF(ISNA(AI22),0,AI22) -> 0 | M22: =IF(ISBLANK(K22),E22*L22,E22*K22) -> 0 | AE22: =IFERROR(IF(F22="niedrig",VLOOKUP(C22,Liste_N_GL,3,0),IF(F22="mittel",VLOOKUP(C22,Liste_N_GL,5,0),IF(F22="hoch",VLOOKUP(C22,Liste_N_GL,7,0),""))),"") | AF22: =IF(J22>0,E22,0) -> 0 | AH22: =IF(F22="niedrig",VLOOKUP(C22,Liste_N_GL,2,0),IF(F22="mittel",VLOOKUP(C22,Liste_N_GL,4,0),IF(F22="hoch",VLOOKUP(C22,Liste_N_GL,6,0),0))) -> 0 | AI22: =IF(F22="niedrig",VLOOKUP(C22,Liste_P_Bedarf,2,0),IF(F22="mittel",VLOOKUP(C22,Liste_P_Bedarf,3,0),IF(F22="hoch",VLOOKUP(C22,Liste_P_Bedarf,4,0),0))) -> 0 | AJ22: =IF(F22="niedrig",VLOOKUP(C22,Liste_K_Bedarf,2,0),IF(F22="mittel",VLOOKUP(C22,Liste_K_Bedarf,3,0),IF(F22="hoch",VLOOKUP(C22,Liste_K_Bedarf,4,0),0))) -> 0 | AM22: Sojabohnen | AN22: 60 | AO22: < 2 | AP22: 60 | AQ22: 2,0 - 3,0 | AR22: 60 | AS22: > 3,0 | AT22: 60 | AU22: > 3,0 | AV22: 60 | AW22: > 3,0 | AX22: 60 | AY22: 2,0 - 3,0 | AZ22: 60 | BA22: > 3,0 | BE22: Sojabohnen | BF22: 60 | BG22: 65 | BH22: 75 | BJ22: Sojabohnen | BK22: 80 | BL22: 90 | BM22: 105 | BN22: 40 | BO22: 40 | BQ22: =IFERROR(COUNTIF(Liste_Grünland_DropDown[Grünland],N_Bedarf!$C25),0) -> 2 | BS22: Futterrüben (Runkel-, Kohlrüben) | BT22: =IFERROR(INDEX(Liste_Ackerkulturen_Gemüse_DropDown[Ackerkulturen],_xlfn.AGGREGATE(15,6,(ROW(Liste_Ackerkulturen_Gemüse_DropDown[Ackerkulturen])-1)/(--(SEARCH(BU$2,Liste_Ackerkulturen_Gemüse_DropDown[Ackerkulturen])>0)),ROW()-2),1),"") -> Sonnenblumen | BV22: =IFERROR(INDEX(Liste_Ackerkulturen_Gemüse_DropDown[Ackerkulturen],_xlfn.AGGREGATE(15,6,(ROW(Liste_Ackerkulturen_Gemüse_DropDown[Ackerkulturen])-1)/(--(SEARCH(BW$2,Liste_Ackerkulturen_Gemüse_DropDown[Ackerkulturen])>0)),ROW()-2),1),"") -> Sonnenblumen | BX22: =IFERROR(INDEX(Liste_Ackerkulturen_Gemüse_DropDown[Ackerkulturen],_xlfn.AGGREGATE(15,6,(ROW(Liste_Ackerkulturen_Gemüse_DropDown[Ackerkulturen])-1)/(--(SEARCH(BY$2,Liste_Ackerkulturen_Gemüse_DropDown[Ackerkulturen])>0)),ROW()-2),1),"") -> Sonnenblumen | BZ22: =IFERROR(INDEX(Liste_Ackerkulturen_Gemüse_DropDown[Ackerkulturen],_xlfn.AGGREGATE(15,6,(ROW(Liste_Ackerkulturen_Gemüse_DropDown[Ackerkulturen])-1)/(--(SEARCH(CA$2,Liste_Ackerkulturen_Gemüse_DropDown[Ackerkulturen])>0)),ROW()-2),1),"") -> Sonnenblumen | CB22: =IFERROR(INDEX(Liste_Ackerkulturen_Gemüse_DropDown[Ackerkulturen],_xlfn.AGGREGATE(15,6,(ROW(Liste_Ackerkulturen_Gemüse_DropDown[Ackerkulturen])-1)/(--(SEARCH(CC$2,Liste_Ackerkulturen_Gemüse_DropDown[Ackerkulturen])>0)),ROW()-2),1),"") -> Sonnenblumen | CD22: =IFERROR(INDEX(Liste_Ackerkulturen_Gemüse_DropDown[Ackerkulturen],_xlfn.AGGREGATE(15,6,(ROW(Liste_Ackerkulturen_Gemüse_DropDown[Ackerkulturen])-1)/(--(SEARCH(CE$2,Liste_Ackerkulturen_Gemüse_DropDown[Ackerkulturen])>0)),ROW()-2),1),"") -> Sonnenblumen | CF22: =IFERROR(INDEX(Liste_Ackerkulturen_Gemüse_DropDown[Ackerkulturen],_xlfn.AGGREGATE(15,6,(ROW(Liste_Ackerkulturen_Gemüse_DropDown[Ackerkulturen])-1)/(--(SEARCH(CG$2,Liste_Ackerkulturen_Gemüse_DropDown[Ackerkulturen])>0)),ROW()-2),1),"") -> Sonnenblumen | CH22: =IFERROR(INDEX(Liste_Ackerkulturen_Gemüse_DropDown[Ackerkulturen],_xlfn.AGGREGATE(15,6,(ROW(Liste_Ackerkulturen_Gemüse_DropDown[Ackerkulturen])-1)/(--(SEARCH(CI$2,Liste_Ackerkulturen_Gemüse_DropDown[Ackerkulturen])>0)),ROW()-2),1),"") -> Sonnenblumen | CJ22: =IFERROR(INDEX(Liste_Ackerkulturen_Gemüse_DropDown[Ackerkulturen],_xlfn.AGGREGATE(15,6,(ROW(Liste_Ackerkulturen_Gemüse_DropDown[Ackerkulturen])-1)/(--(SEARCH(CK$2,Liste_Ackerkulturen_Gemüse_DropDown[Ackerkulturen])>0)),ROW()-2),1),"") -> Sonnenblumen | CL22: =IFERROR(INDEX(Liste_Ackerkulturen_Gemüse_DropDown[Ackerkulturen],_xlfn.AGGREGATE(15,6,(ROW(Liste_Ackerkulturen_Gemüse_DropDown[Ackerkulturen])-1)/(--(SEARCH(CM$2,Liste_Ackerkulturen_Gemüse_DropDown[Ackerkulturen])>0)),ROW()-2),1),"") -> Sonnenblumen | CN22: =IFERROR(INDEX(Liste_Ackerkulturen_Gemüse_DropDown[Ackerkulturen],_xlfn.AGGREGATE(15,6,(ROW(Liste_Ackerkulturen_Gemüse_DropDown[Ackerkulturen])-1)/(--(SEARCH(CO$2,Liste_Ackerkulturen_Gemüse_DropDown[Ackerkulturen])>0)),ROW()-2),1),"") -> Sonnenblumen | CP22: =IFERROR(INDEX(Liste_Ackerkulturen_Gemüse_DropDown[Ackerkulturen],_xlfn.AGGREGATE(15,6,(ROW(Liste_Ackerkulturen_Gemüse_DropDown[Ackerkulturen])-1)/(--(SEARCH(CQ$2,Liste_Ackerkulturen_Gemüse_DropDown[Ackerkulturen])>0)),ROW()-2),1),"") -> Sonnenblumen | CR22: =IFERROR(INDEX(Liste_Ackerkulturen_Gemüse_DropDown[Ackerkulturen],_xlfn.AGGREGATE(15,6,(ROW(Liste_Ackerkulturen_Gemüse_DropDown[Ackerkulturen])-1)/(--(SEARCH(CS$2,Liste_Ackerkulturen_Gemüse_DropDown[Ackerkulturen])>0)),ROW()-2),1),"") -> Sonnenblumen | CW22: =IFERROR(INDEX(Liste_Grünland_DropDown[Grünland],_xlfn.AGGREGATE(15,6,(ROW(Liste_Grünland_DropDown[Grünland])-1)/(--(SEARCH(CX$2,Liste_Grünland_DropDown[Grünland])>0)),ROW()-2),1),"") -> 0 | CX22: =IF(N_Bedarf!$C40="","",IF(COUNTIF(Liste_Grünland_DropDown[Grünland],N_Bedarf!$C40),"",N_Bedarf!$C40)) -> Wintergerste | CY22: =IFERROR(INDEX(Liste_Grünland_DropDown[Grünland],_xlfn.AGGREGATE(15,6,(ROW(Liste_Grünland_DropDown[Grünland])-1)/(--(SEARCH(CZ$2,Liste_Grünland_DropDown[Grünland])>0)),ROW()-2),1),"") -> 0 | DA22: =IFERROR(INDEX(Liste_Grünland_DropDown[Grünland],_xlfn.AGGREGATE(15,6,(ROW(Liste_Grünland_DropDown[Grünland])-1)/(--(SEARCH(DB$2,Liste_Grünland_DropDown[Grünland])>0)),ROW()-2),1),"") -> 0 | DC22: =IFERROR(INDEX(Liste_Grünland_DropDown[Grünland],_xlfn.AGGREGATE(15,6,(ROW(Liste_Grünland_DropDown[Grünland])-1)/(--(SEARCH(DD$2,Liste_Grünland_DropDown[Grünland])>0)),ROW()-2),1),"") -> 0 | DE22: =IFERROR(INDEX(Liste_Grünland_DropDown[Grünland],_xlfn.AGGREGATE(15,6,(ROW(Liste_Grünland_DropDown[Grünland])-1)/(--(SEARCH(DF$2,Liste_Grünland_DropDown[Grünland])>0)),ROW()-2),1),"") -> 0 | DG22: =IFERROR(INDEX(Liste_Grünland_DropDown[Grünland],_xlfn.AGGREGATE(15,6,(ROW(Liste_Grünland_DropDown[Grünland])-1)/(--(SEARCH(DH$2,Liste_Grünland_DropDown[Grünland])>0)),ROW()-2),1),"") -> 0
A23: r | B23: =CONCATENATE(A23," - ",C23) -> r - | G23: =IF(ISERROR(AE23),"",AE23) | I23: =IF(AND(ISNA(AH23),ISBLANK(C23)),0,IF(ISNA(AH23),H23,AH23)) -> 0 | J23: =E23*I23 -> 0 | L23: =IF(ISNA(AI23),0,AI23) -> 0 | M23: =IF(ISBLANK(K23),E23*L23,E23*K23) -> 0 | N23: =IF(Mineral!H28<=0,"",IF((AND(Tabelle1!AO14=1,(M27/Betrieb!D18)>100)),"Der Phosphoreinsatz liegt über 100 kg je ha LN, eine Dokumentation und Begründung ist erforderlich!","")) | U23: landw. Nutzfläche lt. Kulturliste (siehe nebenan) | X23: =SUM(E5:E25) -> 0 | AE23: =IFERROR(IF(F23="niedrig",VLOOKUP(C23,Liste_N_GL,3,0),IF(F23="mittel",VLOOKUP(C23,Liste_N_GL,5,0),IF(F23="hoch",VLOOKUP(C23,Liste_N_GL,7,0),""))),"") | AF23: =IF(J23>0,E23,0) -> 0 | AH23: =IF(F23="niedrig",VLOOKUP(C23,Liste_N_GL,2,0),IF(F23="mittel",VLOOKUP(C23,Liste_N_GL,4,0),IF(F23="hoch",VLOOKUP(C23,Liste_N_GL,6,0),0))) -> 0 | AI23: =IF(F23="niedrig",VLOOKUP(C23,Liste_P_Bedarf,2,0),IF(F23="mittel",VLOOKUP(C23,Liste_P_Bedarf,3,0),IF(F23="hoch",VLOOKUP(C23,Liste_P_Bedarf,4,0),0))) -> 0 | AJ23: =IF(F23="niedrig",VLOOKUP(C23,Liste_K_Bedarf,2,0),IF(F23="mittel",VLOOKUP(C23,Liste_K_Bedarf,3,0),IF(F23="hoch",VLOOKUP(C23,Liste_K_Bedarf,4,0),0))) -> 0 | AM23: Sonnenblumen | AN23: 50 | AO23: < 2,0 | AP23: 65 | AQ23: 2,0 - 3,0 | AR23: 80 | AS23: 3,0 - 4,0 | AT23: 85 | AU23: 4,0 - 5,0 | AV23: 90 | AW23: > 5,0 | AX23: 60 | AY23: 2,0 - 3,0 | AZ23: 70 | BA23: > 3,0 | BB23: 26 | BE23: Sonnenblumen | BF23: 60 | BG23: 65 | BH23: 75 | BJ23: Sonnenblumen | BK23: 180 | BL23: 200 | BM23: 230 | BN23: 150 | BO23: 150 | BS23: Zuckerrübe | BT23: =IFERROR(INDEX(Liste_Ackerkulturen_Gemüse_DropDown[Ackerkulturen],_xlfn.AGGREGATE(15,6,(ROW(Liste_Ackerkulturen_Gemüse_DropDown[Ackerkulturen])-1)/(--(SEARCH(BU$2,Liste_Ackerkulturen_Gemüse_DropDown[Ackerkulturen])>0)),ROW()-2),1),"") -> Futterrüben (Runkel-, Kohlrüben) | BV23: =IFERROR(INDEX(Liste_Ackerkulturen_Gemüse_DropDown[Ackerkulturen],_xlfn.AGGREGATE(15,6,(ROW(Liste_Ackerkulturen_Gemüse_DropDown[Ackerkulturen])-1)/(--(SEARCH(BW$2,Liste_Ackerkulturen_Gemüse_DropDown[Ackerkulturen])>0)),ROW()-2),1),"") -> Futterrüben (Runkel-, Kohlrüben) | BX23: =IFERROR(INDEX(Liste_Ackerkulturen_Gemüse_DropDown[Ackerkulturen],_xlfn.AGGREGATE(15,6,(ROW(Liste_Ackerkulturen_Gemüse_DropDown[Ackerkulturen])-1)/(--(SEARCH(BY$2,Liste_Ackerkulturen_Gemüse_DropDown[Ackerkulturen])>0)),ROW()-2),1),"") -> Futterrüben (Runkel-, Kohlrüben) | BZ23: =IFERROR(INDEX(Liste_Ackerkulturen_Gemüse_DropDown[Ackerkulturen],_xlfn.AGGREGATE(15,6,(ROW(Liste_Ackerkulturen_Gemüse_DropDown[Ackerkulturen])-1)/(--(SEARCH(CA$2,Liste_Ackerkulturen_Gemüse_DropDown[Ackerkulturen])>0)),ROW()-2),1),"") -> Futterrüben (Runkel-, Kohlrüben) | CB23: =IFERROR(INDEX(Liste_Ackerkulturen_Gemüse_DropDown[Ackerkulturen],_xlfn.AGGREGATE(15,6,(ROW(Liste_Ackerkulturen_Gemüse_DropDown[Ackerkulturen])-1)/(--(SEARCH(CC$2,Liste_Ackerkulturen_Gemüse_DropDown[Ackerkulturen])>0)),ROW()-2),1),"") -> Futterrüben (Runkel-, Kohlrüben) | CD23: =IFERROR(INDEX(Liste_Ackerkulturen_Gemüse_DropDown[Ackerkulturen],_xlfn.AGGREGATE(15,6,(ROW(Liste_Ackerkulturen_Gemüse_DropDown[Ackerkulturen])-1)/(--(SEARCH(CE$2,Liste_Ackerkulturen_Gemüse_DropDown[Ackerkulturen])>0)),ROW()-2),1),"") -> Futterrüben (Runkel-, Kohlrüben) | CF23: =IFERROR(INDEX(Liste_Ackerkulturen_Gemüse_DropDown[Ackerkulturen],_xlfn.AGGREGATE(15,6,(ROW(Liste_Ackerkulturen_Gemüse_DropDown[Ackerkulturen])-1)/(--(SEARCH(CG$2,Liste_Ackerkulturen_Gemüse_DropDown[Ackerkulturen])>0)),ROW()-2),1),"") -> Futterrüben (Runkel-, Kohlrüben) | CH23: =IFERROR(INDEX(Liste_Ackerkulturen_Gemüse_DropDown[Ackerkulturen],_xlfn.AGGREGATE(15,6,(ROW(Liste_Ackerkulturen_Gemüse_DropDown[Ackerkulturen])-1)/(--(SEARCH(CI$2,Liste_Ackerkulturen_Gemüse_DropDown[Ackerkulturen])>0)),ROW()-2),1),"") -> Futterrüben (Runkel-, Kohlrüben) | CJ23: =IFERROR(INDEX(Liste_Ackerkulturen_Gemüse_DropDown[Ackerkulturen],_xlfn.AGGREGATE(15,6,(ROW(Liste_Ackerkulturen_Gemüse_DropDown[Ackerkulturen])-1)/(--(SEARCH(CK$2,Liste_Ackerkulturen_Gemüse_DropDown[Ackerkulturen])>0)),ROW()-2),1),"") -> Futterrüben (Runkel-, Kohlrüben) | CL23: =IFERROR(INDEX(Liste_Ackerkulturen_Gemüse_DropDown[Ackerkulturen],_xlfn.AGGREGATE(15,6,(ROW(Liste_Ackerkulturen_Gemüse_DropDown[Ackerkulturen])-1)/(--(SEARCH(CM$2,Liste_Ackerkulturen_Gemüse_DropDown[Ackerkulturen])>0)),ROW()-2),1),"") -> Futterrüben (Runkel-, Kohlrüben) | CN23: =IFERROR(INDEX(Liste_Ackerkulturen_Gemüse_DropDown[Ackerkulturen],_xlfn.AGGREGATE(15,6,(ROW(Liste_Ackerkulturen_Gemüse_DropDown[Ackerkulturen])-1)/(--(SEARCH(CO$2,Liste_Ackerkulturen_Gemüse_DropDown[Ackerkulturen])>0)),ROW()-2),1),"") -> Futterrüben (Runkel-, Kohlrüben) | CP23: =IFERROR(INDEX(Liste_Ackerkulturen_Gemüse_DropDown[Ackerkulturen],_xlfn.AGGREGATE(15,6,(ROW(Liste_Ackerkulturen_Gemüse_DropDown[Ackerkulturen])-1)/(--(SEARCH(CQ$2,Liste_Ackerkulturen_Gemüse_DropDown[Ackerkulturen])>0)),ROW()-2),1),"") -> Futterrüben (Runkel-, Kohlrüben) | CR23: =IFERROR(INDEX(Liste_Ackerkulturen_Gemüse_DropDown[Ackerkulturen],_xlfn.AGGREGATE(15,6,(ROW(Liste_Ackerkulturen_Gemüse_DropDown[Ackerkulturen])-1)/(--(SEARCH(CS$2,Liste_Ackerkulturen_Gemüse_DropDown[Ackerkulturen])>0)),ROW()-2),1),"") -> Futterrüben (Runkel-, Kohlrüben)
A24: s | B24: =CONCATENATE(A24," - ",C24) -> s - | G24: =IF(ISERROR(AE24),"",AE24) | I24: =IF(AND(ISNA(AH24),ISBLANK(C24)),0,IF(ISNA(AH24),H24,AH24)) -> 0 | J24: =E24*I24 -> 0 | L24: =IF(ISNA(AI24),0,AI24) -> 0 | M24: =IF(ISBLANK(K24),E24*L24,E24*K24) -> 0 | AE24: =IFERROR(IF(F24="niedrig",VLOOKUP(C24,Liste_N_GL,3,0),IF(F24="mittel",VLOOKUP(C24,Liste_N_GL,5,0),IF(F24="hoch",VLOOKUP(C24,Liste_N_GL,7,0),""))),"") | AF24: =IF(J24>0,E24,0) -> 0 | AH24: =IF(F24="niedrig",VLOOKUP(C24,Liste_N_GL,2,0),IF(F24="mittel",VLOOKUP(C24,Liste_N_GL,4,0),IF(F24="hoch",VLOOKUP(C24,Liste_N_GL,6,0),0))) -> 0 | AI24: =IF(F24="niedrig",VLOOKUP(C24,Liste_P_Bedarf,2,0),IF(F24="mittel",VLOOKUP(C24,Liste_P_Bedarf,3,0),IF(F24="hoch",VLOOKUP(C24,Liste_P_Bedarf,4,0),0))) -> 0 | AJ24: =IF(F24="niedrig",VLOOKUP(C24,Liste_K_Bedarf,2,0),IF(F24="mittel",VLOOKUP(C24,Liste_K_Bedarf,3,0),IF(F24="hoch",VLOOKUP(C24,Liste_K_Bedarf,4,0),0))) -> 0 | AM24: Futterrüben (Runkel-, Kohlrüben) | AN24: 110 | AO24: < 60 | AP24: 155 | AQ24: 60 - 100 | AR24: 180 | AS24: > 100 | AT24: 180 | AU24: > 100 | AV24: 180 | AW24: > 100 | AX24: 140 | AY24: 60 - 100 | AZ24: 150 | BA24: > 100 | BB24: 1.4 | BE24: Futterrüben (Runkel-, Kohlrüben) | BF24: 75 | BG24: 85 | BH24: 100 | BJ24: Futterrüben (Runkel-, Kohlrüben) | BK24: 290 | BL24: 320 | BM24: 370 | BN24: 150 | BO24: 150 | BS24: Frühkartoffeln, Saatkartoffeln | BT24: =IFERROR(INDEX(Liste_Ackerkulturen_Gemüse_DropDown[Ackerkulturen],_xlfn.AGGREGATE(15,6,(ROW(Liste_Ackerkulturen_Gemüse_DropDown[Ackerkulturen])-1)/(--(SEARCH(BU$2,Liste_Ackerkulturen_Gemüse_DropDown[Ackerkulturen])>0)),ROW()-2),1),"") -> Zuckerrübe | BV24: =IFERROR(INDEX(Liste_Ackerkulturen_Gemüse_DropDown[Ackerkulturen],_xlfn.AGGREGATE(15,6,(ROW(Liste_Ackerkulturen_Gemüse_DropDown[Ackerkulturen])-1)/(--(SEARCH(BW$2,Liste_Ackerkulturen_Gemüse_DropDown[Ackerkulturen])>0)),ROW()-2),1),"") -> Zuckerrübe | BX24: =IFERROR(INDEX(Liste_Ackerkulturen_Gemüse_DropDown[Ackerkulturen],_xlfn.AGGREGATE(15,6,(ROW(Liste_Ackerkulturen_Gemüse_DropDown[Ackerkulturen])-1)/(--(SEARCH(BY$2,Liste_Ackerkulturen_Gemüse_DropDown[Ackerkulturen])>0)),ROW()-2),1),"") -> Zuckerrübe | BZ24: =IFERROR(INDEX(Liste_Ackerkulturen_Gemüse_DropDown[Ackerkulturen],_xlfn.AGGREGATE(15,6,(ROW(Liste_Ackerkulturen_Gemüse_DropDown[Ackerkulturen])-1)/(--(SEARCH(CA$2,Liste_Ackerkulturen_Gemüse_DropDown[Ackerkulturen])>0)),ROW()-2),1),"") -> Zuckerrübe | CB24: =IFERROR(INDEX(Liste_Ackerkulturen_Gemüse_DropDown[Ackerkulturen],_xlfn.AGGREGATE(15,6,(ROW(Liste_Ackerkulturen_Gemüse_DropDown[Ackerkulturen])-1)/(--(SEARCH(CC$2,Liste_Ackerkulturen_Gemüse_DropDown[Ackerkulturen])>0)),ROW()-2),1),"") -> Zuckerrübe | CD24: =IFERROR(INDEX(Liste_Ackerkulturen_Gemüse_DropDown[Ackerkulturen],_xlfn.AGGREGATE(15,6,(ROW(Liste_Ackerkulturen_Gemüse_DropDown[Ackerkulturen])-1)/(--(SEARCH(CE$2,Liste_Ackerkulturen_Gemüse_DropDown[Ackerkulturen])>0)),ROW()-2),1),"") -> Zuckerrübe | CF24: =IFERROR(INDEX(Liste_Ackerkulturen_Gemüse_DropDown[Ackerkulturen],_xlfn.AGGREGATE(15,6,(ROW(Liste_Ackerkulturen_Gemüse_DropDown[Ackerkulturen])-1)/(--(SEARCH(CG$2,Liste_Ackerkulturen_Gemüse_DropDown[Ackerkulturen])>0)),ROW()-2),1),"") -> Zuckerrübe | CH24: =IFERROR(INDEX(Liste_Ackerkulturen_Gemüse_DropDown[Ackerkulturen],_xlfn.AGGREGATE(15,6,(ROW(Liste_Ackerkulturen_Gemüse_DropDown[Ackerkulturen])-1)/(--(SEARCH(CI$2,Liste_Ackerkulturen_Gemüse_DropDown[Ackerkulturen])>0)),ROW()-2),1),"") -> Zuckerrübe | CJ24: =IFERROR(INDEX(Liste_Ackerkulturen_Gemüse_DropDown[Ackerkulturen],_xlfn.AGGREGATE(15,6,(ROW(Liste_Ackerkulturen_Gemüse_DropDown[Ackerkulturen])-1)/(--(SEARCH(CK$2,Liste_Ackerkulturen_Gemüse_DropDown[Ackerkulturen])>0)),ROW()-2),1),"") -> Zuckerrübe | CL24: =IFERROR(INDEX(Liste_Ackerkulturen_Gemüse_DropDown[Ackerkulturen],_xlfn.AGGREGATE(15,6,(ROW(Liste_Ackerkulturen_Gemüse_DropDown[Ackerkulturen])-1)/(--(SEARCH(CM$2,Liste_Ackerkulturen_Gemüse_DropDown[Ackerkulturen])>0)),ROW()-2),1),"") -> Zuckerrübe | CN24: =IFERROR(INDEX(Liste_Ackerkulturen_Gemüse_DropDown[Ackerkulturen],_xlfn.AGGREGATE(15,6,(ROW(Liste_Ackerkulturen_Gemüse_DropDown[Ackerkulturen])-1)/(--(SEARCH(CO$2,Liste_Ackerkulturen_Gemüse_DropDown[Ackerkulturen])>0)),ROW()-2),1),"") -> Zuckerrübe | CP24: =IFERROR(INDEX(Liste_Ackerkulturen_Gemüse_DropDown[Ackerkulturen],_xlfn.AGGREGATE(15,6,(ROW(Liste_Ackerkulturen_Gemüse_DropDown[Ackerkulturen])-1)/(--(SEARCH(CQ$2,Liste_Ackerkulturen_Gemüse_DropDown[Ackerkulturen])>0)),ROW()-2),1),"") -> Zuckerrübe | CR24: =IFERROR(INDEX(Liste_Ackerkulturen_Gemüse_DropDown[Ackerkulturen],_xlfn.AGGREGATE(15,6,(ROW(Liste_Ackerkulturen_Gemüse_DropDown[Ackerkulturen])-1)/(--(SEARCH(CS$2,Liste_Ackerkulturen_Gemüse_DropDown[Ackerkulturen])>0)),ROW()-2),1),"") -> Zuckerrübe
A25: t | B25: =CONCATENATE(A25," - ",C25) -> t - | G25: =IF(ISERROR(AE25),"",AE25) | I25: =IF(AND(ISNA(AH25),ISBLANK(C25)),0,IF(ISNA(AH25),H25,AH25)) -> 0 | J25: =E25*I25 -> 0 | L25: =IF(ISNA(AI25),0,AI25) -> 0 | M25: =IF(ISBLANK(K25),E25*L25,E25*K25) -> 0 | U25: Grünland lt. Tabellenblatt "Betrieb" | X25: =Betrieb!D15 -> 0 | AE25: =IFERROR(IF(F25="niedrig",VLOOKUP(C25,Liste_N_GL,3,0),IF(F25="mittel",VLOOKUP(C25,Liste_N_GL,5,0),IF(F25="hoch",VLOOKUP(C25,Liste_N_GL,7,0),""))),"") | AF25: =IF(J25>0,E25,0) -> 0 | AH25: =IF(F25="niedrig",VLOOKUP(C25,Liste_N_GL,2,0),IF(F25="mittel",VLOOKUP(C25,Liste_N_GL,4,0),IF(F25="hoch",VLOOKUP(C25,Liste_N_GL,6,0),0))) -> 0 | AI25: =IF(F25="niedrig",VLOOKUP(C25,Liste_P_Bedarf,2,0),IF(F25="mittel",VLOOKUP(C25,Liste_P_Bedarf,3,0),IF(F25="hoch",VLOOKUP(C25,Liste_P_Bedarf,4,0),0))) -> 0 | AJ25: =IF(F25="niedrig",VLOOKUP(C25,Liste_K_Bedarf,2,0),IF(F25="mittel",VLOOKUP(C25,Liste_K_Bedarf,3,0),IF(F25="hoch",VLOOKUP(C25,Liste_K_Bedarf,4,0),0))) -> 0 | AM25: Zuckerrübe | AN25: 110 | AO25: < 55 | AP25: 155 | AQ25: 55 - 75 | AR25: 180 | AS25: 75 - 85 | AT25: 195 | AU25: 85 - 95 | AV25: 210 | AW25: > 95 | AX25: 110 | AY25: 55 - 75 | AZ25: 130 | BA25: > 75 | BB25: 1.8 | BE25: Zuckerrübe | BF25: 75 | BG25: 85 | BH25: 100 | BJ25: Zuckerrübe | BK25: 290 | BL25: 320 | BM25: 370 | BN25: 150 | BO25: 150 | BS25: Speise- und Industriekartoffeln | BT25: =IFERROR(INDEX(Liste_Ackerkulturen_Gemüse_DropDown[Ackerkulturen],_xlfn.AGGREGATE(15,6,(ROW(Liste_Ackerkulturen_Gemüse_DropDown[Ackerkulturen])-1)/(--(SEARCH(BU$2,Liste_Ackerkulturen_Gemüse_DropDown[Ackerkulturen])>0)),ROW()-2),1),"") -> Frühkartoffeln, Saatkartoffeln | BV25: =IFERROR(INDEX(Liste_Ackerkulturen_Gemüse_DropDown[Ackerkulturen],_xlfn.AGGREGATE(15,6,(ROW(Liste_Ackerkulturen_Gemüse_DropDown[Ackerkulturen])-1)/(--(SEARCH(BW$2,Liste_Ackerkulturen_Gemüse_DropDown[Ackerkulturen])>0)),ROW()-2),1),"") -> Frühkartoffeln, Saatkartoffeln | BX25: =IFERROR(INDEX(Liste_Ackerkulturen_Gemüse_DropDown[Ackerkulturen],_xlfn.AGGREGATE(15,6,(ROW(Liste_Ackerkulturen_Gemüse_DropDown[Ackerkulturen])-1)/(--(SEARCH(BY$2,Liste_Ackerkulturen_Gemüse_DropDown[Ackerkulturen])>0)),ROW()-2),1),"") -> Frühkartoffeln, Saatkartoffeln | BZ25: =IFERROR(INDEX(Liste_Ackerkulturen_Gemüse_DropDown[Ackerkulturen],_xlfn.AGGREGATE(15,6,(ROW(Liste_Ackerkulturen_Gemüse_DropDown[Ackerkulturen])-1)/(--(SEARCH(CA$2,Liste_Ackerkulturen_Gemüse_DropDown[Ackerkulturen])>0)),ROW()-2),1),"") -> Frühkartoffeln, Saatkartoffeln | CB25: =IFERROR(INDEX(Liste_Ackerkulturen_Gemüse_DropDown[Ackerkulturen],_xlfn.AGGREGATE(15,6,(ROW(Liste_Ackerkulturen_Gemüse_DropDown[Ackerkulturen])-1)/(--(SEARCH(CC$2,Liste_Ackerkulturen_Gemüse_DropDown[Ackerkulturen])>0)),ROW()-2),1),"") -> Frühkartoffeln, Saatkartoffeln | CD25: =IFERROR(INDEX(Liste_Ackerkulturen_Gemüse_DropDown[Ackerkulturen],_xlfn.AGGREGATE(15,6,(ROW(Liste_Ackerkulturen_Gemüse_DropDown[Ackerkulturen])-1)/(--(SEARCH(CE$2,Liste_Ackerkulturen_Gemüse_DropDown[Ackerkulturen])>0)),ROW()-2),1),"") -> Frühkartoffeln, Saatkartoffeln | CF25: =IFERROR(INDEX(Liste_Ackerkulturen_Gemüse_DropDown[Ackerkulturen],_xlfn.AGGREGATE(15,6,(ROW(Liste_Ackerkulturen_Gemüse_DropDown[Ackerkulturen])-1)/(--(SEARCH(CG$2,Liste_Ackerkulturen_Gemüse_DropDown[Ackerkulturen])>0)),ROW()-2),1),"") -> Frühkartoffeln, Saatkartoffeln | CH25: =IFERROR(INDEX(Liste_Ackerkulturen_Gemüse_DropDown[Ackerkulturen],_xlfn.AGGREGATE(15,6,(ROW(Liste_Ackerkulturen_Gemüse_DropDown[Ackerkulturen])-1)/(--(SEARCH(CI$2,Liste_Ackerkulturen_Gemüse_DropDown[Ackerkulturen])>0)),ROW()-2),1),"") -> Frühkartoffeln, Saatkartoffeln | CJ25: =IFERROR(INDEX(Liste_Ackerkulturen_Gemüse_DropDown[Ackerkulturen],_xlfn.AGGREGATE(15,6,(ROW(Liste_Ackerkulturen_Gemüse_DropDown[Ackerkulturen])-1)/(--(SEARCH(CK$2,Liste_Ackerkulturen_Gemüse_DropDown[Ackerkulturen])>0)),ROW()-2),1),"") -> Frühkartoffeln, Saatkartoffeln | CL25: =IFERROR(INDEX(Liste_Ackerkulturen_Gemüse_DropDown[Ackerkulturen],_xlfn.AGGREGATE(15,6,(ROW(Liste_Ackerkulturen_Gemüse_DropDown[Ackerkulturen])-1)/(--(SEARCH(CM$2,Liste_Ackerkulturen_Gemüse_DropDown[Ackerkulturen])>0)),ROW()-2),1),"") -> Frühkartoffeln, Saatkartoffeln | CN25: =IFERROR(INDEX(Liste_Ackerkulturen_Gemüse_DropDown[Ackerkulturen],_xlfn.AGGREGATE(15,6,(ROW(Liste_Ackerkulturen_Gemüse_DropDown[Ackerkulturen])-1)/(--(SEARCH(CO$2,Liste_Ackerkulturen_Gemüse_DropDown[Ackerkulturen])>0)),ROW()-2),1),"") -> Frühkartoffeln, Saatkartoffeln | CP25: =IFERROR(INDEX(Liste_Ackerkulturen_Gemüse_DropDown[Ackerkulturen],_xlfn.AGGREGATE(15,6,(ROW(Liste_Ackerkulturen_Gemüse_DropDown[Ackerkulturen])-1)/(--(SEARCH(CQ$2,Liste_Ackerkulturen_Gemüse_DropDown[Ackerkulturen])>0)),ROW()-2),1),"") -> Frühkartoffeln, Saatkartoffeln | CR25: =IFERROR(INDEX(Liste_Ackerkulturen_Gemüse_DropDown[Ackerkulturen],_xlfn.AGGREGATE(15,6,(ROW(Liste_Ackerkulturen_Gemüse_DropDown[Ackerkulturen])-1)/(--(SEARCH(CS$2,Liste_Ackerkulturen_Gemüse_DropDown[Ackerkulturen])>0)),ROW()-2),1),"") -> Frühkartoffeln, Saatkartoffeln
C26: abzüglich Stickstoffnachlieferung aus Vorfrüchten (siehe nebenan) | J26: =-S17 -> 0 | L26: max P-Bedarf | M26: =SUM(M5:M25) -> 0 | N26: =IF(AND(Tabelle1!AO14=1,M29>0,Mineral!H28>0),"P-Mineraldünger reduzieren und eventuell den P-Bedarf genau nach Bodenversorgung und Ertragslagen eingeben!",IF(Betrieb!D18=0,"Betriebsfläche am Tabellenblatt Betrieb muss noch angeführt werden","")) -> Betriebsfläche am Tabellenblatt Betrieb muss noch angeführt werden | AF26: =SUM(AF5:AF25) -> 0 | AM26: Frühkartoffeln, Saatkartoffeln | AN26: 90 | AO26: < 15 | AP26: 120 | AQ26: 15 - 20 | AR26: 145 | AS26: > 20 | AT26: 145 | AU26: > 20 | AV26: 145 | AW26: > 20 | AX26: 110 | AY26: 15 - 20 | AZ26: 125 | BA26: > 20 | BB26: 5 | BE26: Frühkartoffeln, Saatkartoffeln | BF26: 55 | BG26: 60 | BH26: 70 | BJ26: Frühkartoffeln, Saatkartoffeln | BK26: 160 | BL26: 180 | BM26: 205 | BN26: 40 | BO26: 40 | BS26: Erdbeeren | BT26: =IFERROR(INDEX(Liste_Ackerkulturen_Gemüse_DropDown[Ackerkulturen],_xlfn.AGGREGATE(15,6,(ROW(Liste_Ackerkulturen_Gemüse_DropDown[Ackerkulturen])-1)/(--(SEARCH(BU$2,Liste_Ackerkulturen_Gemüse_DropDown[Ackerkulturen])>0)),ROW()-2),1),"") -> Speise- und Industriekartoffeln | BV26: =IFERROR(INDEX(Liste_Ackerkulturen_Gemüse_DropDown[Ackerkulturen],_xlfn.AGGREGATE(15,6,(ROW(Liste_Ackerkulturen_Gemüse_DropDown[Ackerkulturen])-1)/(--(SEARCH(BW$2,Liste_Ackerkulturen_Gemüse_DropDown[Ackerkulturen])>0)),ROW()-2),1),"") -> Speise- und Industriekartoffeln | BX26: =IFERROR(INDEX(Liste_Ackerkulturen_Gemüse_DropDown[Ackerkulturen],_xlfn.AGGREGATE(15,6,(ROW(Liste_Ackerkulturen_Gemüse_DropDown[Ackerkulturen])-1)/(--(SEARCH(BY$2,Liste_Ackerkulturen_Gemüse_DropDown[Ackerkulturen])>0)),ROW()-2),1),"") -> Speise- und Industriekartoffeln | BZ26: =IFERROR(INDEX(Liste_Ackerkulturen_Gemüse_DropDown[Ackerkulturen],_xlfn.AGGREGATE(15,6,(ROW(Liste_Ackerkulturen_Gemüse_DropDown[Ackerkulturen])-1)/(--(SEARCH(CA$2,Liste_Ackerkulturen_Gemüse_DropDown[Ackerkulturen])>0)),ROW()-2),1),"") -> Speise- und Industriekartoffeln | CB26: =IFERROR(INDEX(Liste_Ackerkulturen_Gemüse_DropDown[Ackerkulturen],_xlfn.AGGREGATE(15,6,(ROW(Liste_Ackerkulturen_Gemüse_DropDown[Ackerkulturen])-1)/(--(SEARCH(CC$2,Liste_Ackerkulturen_Gemüse_DropDown[Ackerkulturen])>0)),ROW()-2),1),"") -> Speise- und Industriekartoffeln | CD26: =IFERROR(INDEX(Liste_Ackerkulturen_Gemüse_DropDown[Ackerkulturen],_xlfn.AGGREGATE(15,6,(ROW(Liste_Ackerkulturen_Gemüse_DropDown[Ackerkulturen])-1)/(--(SEARCH(CE$2,Liste_Ackerkulturen_Gemüse_DropDown[Ackerkulturen])>0)),ROW()-2),1),"") -> Speise- und Industriekartoffeln | CF26: =IFERROR(INDEX(Liste_Ackerkulturen_Gemüse_DropDown[Ackerkulturen],_xlfn.AGGREGATE(15,6,(ROW(Liste_Ackerkulturen_Gemüse_DropDown[Ackerkulturen])-1)/(--(SEARCH(CG$2,Liste_Ackerkulturen_Gemüse_DropDown[Ackerkulturen])>0)),ROW()-2),1),"") -> Speise- und Industriekartoffeln | CH26: =IFERROR(INDEX(Liste_Ackerkulturen_Gemüse_DropDown[Ackerkulturen],_xlfn.AGGREGATE(15,6,(ROW(Liste_Ackerkulturen_Gemüse_DropDown[Ackerkulturen])-1)/(--(SEARCH(CI$2,Liste_Ackerkulturen_Gemüse_DropDown[Ackerkulturen])>0)),ROW()-2),1),"") -> Speise- und Industriekartoffeln | CJ26: =IFERROR(INDEX(Liste_Ackerkulturen_Gemüse_DropDown[Ackerkulturen],_xlfn.AGGREGATE(15,6,(ROW(Liste_Ackerkulturen_Gemüse_DropDown[Ackerkulturen])-1)/(--(SEARCH(CK$2,Liste_Ackerkulturen_Gemüse_DropDown[Ackerkulturen])>0)),ROW()-2),1),"") -> Speise- und Industriekartoffeln | CL26: =IFERROR(INDEX(Liste_Ackerkulturen_Gemüse_DropDown[Ackerkulturen],_xlfn.AGGREGATE(15,6,(ROW(Liste_Ackerkulturen_Gemüse_DropDown[Ackerkulturen])-1)/(--(SEARCH(CM$2,Liste_Ackerkulturen_Gemüse_DropDown[Ackerkulturen])>0)),ROW()-2),1),"") -> Speise- und Industriekartoffeln | CN26: =IFERROR(INDEX(Liste_Ackerkulturen_Gemüse_DropDown[Ackerkulturen],_xlfn.AGGREGATE(15,6,(ROW(Liste_Ackerkulturen_Gemüse_DropDown[Ackerkulturen])-1)/(--(SEARCH(CO$2,Liste_Ackerkulturen_Gemüse_DropDown[Ackerkulturen])>0)),ROW()-2),1),"") -> Speise- und Industriekartoffeln | CP26: =IFERROR(INDEX(Liste_Ackerkulturen_Gemüse_DropDown[Ackerkulturen],_xlfn.AGGREGATE(15,6,(ROW(Liste_Ackerkulturen_Gemüse_DropDown[Ackerkulturen])-1)/(--(SEARCH(CQ$2,Liste_Ackerkulturen_Gemüse_DropDown[Ackerkulturen])>0)),ROW()-2),1),"") -> Speise- und Industriekartoffeln | CR26: =IFERROR(INDEX(Liste_Ackerkulturen_Gemüse_DropDown[Ackerkulturen],_xlfn.AGGREGATE(15,6,(ROW(Liste_Ackerkulturen_Gemüse_DropDown[Ackerkulturen])-1)/(--(SEARCH(CS$2,Liste_Ackerkulturen_Gemüse_DropDown[Ackerkulturen])>0)),ROW()-2),1),"") -> Speise- und Industriekartoffeln
C27: Gesamtbetrieblicher maximaler N-Bedarf in kg | J27: =SUM(J5:J26) -> 0 | L27: P am Betrieb | M27: =Tabelle1!BI33 -> 0 | U27: Summe Grünland laut Kulturliste: | X27: =SUM(E20:E25) -> 0 | AF27: Summe Flächen N-Bedarf | AM27: Speise- und Industriekartoffeln | AN27: 120 | AO27: < 30 | AP27: 165 | AQ27: 30 - 45 | AR27: 195 | AS27: 45 - 55 | AT27: 210 | AU27: 55- 65 | AV27: 225 | AW27: > 65 | AX27: 130 | AY27: 30 - 45 | AZ27: 150 | BA27: > 45 | BB27: 3.5 | BE27: Speise- und Industriekartoffeln | BF27: 60 | BG27: 65 | BH27: 75 | BJ27: Speise- und Industriekartoffeln | BK27: 180 | BL27: 200 | BM27: 230 | BN27: 60 | BO27: 60 | BS27: Kümmel | BT27: =IFERROR(INDEX(Liste_Ackerkulturen_Gemüse_DropDown[Ackerkulturen],_xlfn.AGGREGATE(15,6,(ROW(Liste_Ackerkulturen_Gemüse_DropDown[Ackerkulturen])-1)/(--(SEARCH(BU$2,Liste_Ackerkulturen_Gemüse_DropDown[Ackerkulturen])>0)),ROW()-2),1),"") -> Erdbeeren | BV27: =IFERROR(INDEX(Liste_Ackerkulturen_Gemüse_DropDown[Ackerkulturen],_xlfn.AGGREGATE(15,6,(ROW(Liste_Ackerkulturen_Gemüse_DropDown[Ackerkulturen])-1)/(--(SEARCH(BW$2,Liste_Ackerkulturen_Gemüse_DropDown[Ackerkulturen])>0)),ROW()-2),1),"") -> Erdbeeren | BX27: =IFERROR(INDEX(Liste_Ackerkulturen_Gemüse_DropDown[Ackerkulturen],_xlfn.AGGREGATE(15,6,(ROW(Liste_Ackerkulturen_Gemüse_DropDown[Ackerkulturen])-1)/(--(SEARCH(BY$2,Liste_Ackerkulturen_Gemüse_DropDown[Ackerkulturen])>0)),ROW()-2),1),"") -> Erdbeeren | BZ27: =IFERROR(INDEX(Liste_Ackerkulturen_Gemüse_DropDown[Ackerkulturen],_xlfn.AGGREGATE(15,6,(ROW(Liste_Ackerkulturen_Gemüse_DropDown[Ackerkulturen])-1)/(--(SEARCH(CA$2,Liste_Ackerkulturen_Gemüse_DropDown[Ackerkulturen])>0)),ROW()-2),1),"") -> Erdbeeren | CB27: =IFERROR(INDEX(Liste_Ackerkulturen_Gemüse_DropDown[Ackerkulturen],_xlfn.AGGREGATE(15,6,(ROW(Liste_Ackerkulturen_Gemüse_DropDown[Ackerkulturen])-1)/(--(SEARCH(CC$2,Liste_Ackerkulturen_Gemüse_DropDown[Ackerkulturen])>0)),ROW()-2),1),"") -> Erdbeeren | CD27: =IFERROR(INDEX(Liste_Ackerkulturen_Gemüse_DropDown[Ackerkulturen],_xlfn.AGGREGATE(15,6,(ROW(Liste_Ackerkulturen_Gemüse_DropDown[Ackerkulturen])-1)/(--(SEARCH(CE$2,Liste_Ackerkulturen_Gemüse_DropDown[Ackerkulturen])>0)),ROW()-2),1),"") -> Erdbeeren | CF27: =IFERROR(INDEX(Liste_Ackerkulturen_Gemüse_DropDown[Ackerkulturen],_xlfn.AGGREGATE(15,6,(ROW(Liste_Ackerkulturen_Gemüse_DropDown[Ackerkulturen])-1)/(--(SEARCH(CG$2,Liste_Ackerkulturen_Gemüse_DropDown[Ackerkulturen])>0)),ROW()-2),1),"") -> Erdbeeren | CH27: =IFERROR(INDEX(Liste_Ackerkulturen_Gemüse_DropDown[Ackerkulturen],_xlfn.AGGREGATE(15,6,(ROW(Liste_Ackerkulturen_Gemüse_DropDown[Ackerkulturen])-1)/(--(SEARCH(CI$2,Liste_Ackerkulturen_Gemüse_DropDown[Ackerkulturen])>0)),ROW()-2),1),"") -> Erdbeeren | CJ27: =IFERROR(INDEX(Liste_Ackerkulturen_Gemüse_DropDown[Ackerkulturen],_xlfn.AGGREGATE(15,6,(ROW(Liste_Ackerkulturen_Gemüse_DropDown[Ackerkulturen])-1)/(--(SEARCH(CK$2,Liste_Ackerkulturen_Gemüse_DropDown[Ackerkulturen])>0)),ROW()-2),1),"") -> Erdbeeren | CL27: =IFERROR(INDEX(Liste_Ackerkulturen_Gemüse_DropDown[Ackerkulturen],_xlfn.AGGREGATE(15,6,(ROW(Liste_Ackerkulturen_Gemüse_DropDown[Ackerkulturen])-1)/(--(SEARCH(CM$2,Liste_Ackerkulturen_Gemüse_DropDown[Ackerkulturen])>0)),ROW()-2),1),"") -> Erdbeeren | CN27: =IFERROR(INDEX(Liste_Ackerkulturen_Gemüse_DropDown[Ackerkulturen],_xlfn.AGGREGATE(15,6,(ROW(Liste_Ackerkulturen_Gemüse_DropDown[Ackerkulturen])-1)/(--(SEARCH(CO$2,Liste_Ackerkulturen_Gemüse_DropDown[Ackerkulturen])>0)),ROW()-2),1),"") -> Erdbeeren | CP27: =IFERROR(INDEX(Liste_Ackerkulturen_Gemüse_DropDown[Ackerkulturen],_xlfn.AGGREGATE(15,6,(ROW(Liste_Ackerkulturen_Gemüse_DropDown[Ackerkulturen])-1)/(--(SEARCH(CQ$2,Liste_Ackerkulturen_Gemüse_DropDown[Ackerkulturen])>0)),ROW()-2),1),"") -> Erdbeeren | CR27: =IFERROR(INDEX(Liste_Ackerkulturen_Gemüse_DropDown[Ackerkulturen],_xlfn.AGGREGATE(15,6,(ROW(Liste_Ackerkulturen_Gemüse_DropDown[Ackerkulturen])-1)/(--(SEARCH(CS$2,Liste_Ackerkulturen_Gemüse_DropDown[Ackerkulturen])>0)),ROW()-2),1),"") -> Erdbeeren
C28: Jahreswirksamer Stickstoff am Betrieb | J28: =Tabelle1!AX78 -> 0 | L28: Phosphor je ha | M28: =IF(Betrieb!D18=0,0,M27/Betrieb!D18) -> 0 | AI28: Liste_ja | AJ28: Liste_ Ertrag | AK28: Liste_ Grünland | AM28: Erdbeeren | AN28: 100 | AO28: < 10 | AP28: 100 | AQ28: 10-18 | AR28: 120 | AS28: >18 | AT28: 120 | AU28: > 18 | AV28: 120 | AW28: > 18 | AX28: 100 | AY28: 10-18 | AZ28: 120 | BA28: > 18 | BE28: Erdbeeren | BF28: 35 | BG28: 35 | BH28: 45 | BJ28: Erdbeeren | BK28: 130 | BL28: 130 | BM28: 170 | BS28: Mohn | BT28: =IFERROR(INDEX(Liste_Ackerkulturen_Gemüse_DropDown[Ackerkulturen],_xlfn.AGGREGATE(15,6,(ROW(Liste_Ackerkulturen_Gemüse_DropDown[Ackerkulturen])-1)/(--(SEARCH(BU$2,Liste_Ackerkulturen_Gemüse_DropDown[Ackerkulturen])>0)),ROW()-2),1),"") -> Kümmel | BV28: =IFERROR(INDEX(Liste_Ackerkulturen_Gemüse_DropDown[Ackerkulturen],_xlfn.AGGREGATE(15,6,(ROW(Liste_Ackerkulturen_Gemüse_DropDown[Ackerkulturen])-1)/(--(SEARCH(BW$2,Liste_Ackerkulturen_Gemüse_DropDown[Ackerkulturen])>0)),ROW()-2),1),"") -> Kümmel | BX28: =IFERROR(INDEX(Liste_Ackerkulturen_Gemüse_DropDown[Ackerkulturen],_xlfn.AGGREGATE(15,6,(ROW(Liste_Ackerkulturen_Gemüse_DropDown[Ackerkulturen])-1)/(--(SEARCH(BY$2,Liste_Ackerkulturen_Gemüse_DropDown[Ackerkulturen])>0)),ROW()-2),1),"") -> Kümmel | BZ28: =IFERROR(INDEX(Liste_Ackerkulturen_Gemüse_DropDown[Ackerkulturen],_xlfn.AGGREGATE(15,6,(ROW(Liste_Ackerkulturen_Gemüse_DropDown[Ackerkulturen])-1)/(--(SEARCH(CA$2,Liste_Ackerkulturen_Gemüse_DropDown[Ackerkulturen])>0)),ROW()-2),1),"") -> Kümmel | CB28: =IFERROR(INDEX(Liste_Ackerkulturen_Gemüse_DropDown[Ackerkulturen],_xlfn.AGGREGATE(15,6,(ROW(Liste_Ackerkulturen_Gemüse_DropDown[Ackerkulturen])-1)/(--(SEARCH(CC$2,Liste_Ackerkulturen_Gemüse_DropDown[Ackerkulturen])>0)),ROW()-2),1),"") -> Kümmel | CD28: =IFERROR(INDEX(Liste_Ackerkulturen_Gemüse_DropDown[Ackerkulturen],_xlfn.AGGREGATE(15,6,(ROW(Liste_Ackerkulturen_Gemüse_DropDown[Ackerkulturen])-1)/(--(SEARCH(CE$2,Liste_Ackerkulturen_Gemüse_DropDown[Ackerkulturen])>0)),ROW()-2),1),"") -> Kümmel | CF28: =IFERROR(INDEX(Liste_Ackerkulturen_Gemüse_DropDown[Ackerkulturen],_xlfn.AGGREGATE(15,6,(ROW(Liste_Ackerkulturen_Gemüse_DropDown[Ackerkulturen])-1)/(--(SEARCH(CG$2,Liste_Ackerkulturen_Gemüse_DropDown[Ackerkulturen])>0)),ROW()-2),1),"") -> Kümmel | CH28: =IFERROR(INDEX(Liste_Ackerkulturen_Gemüse_DropDown[Ackerkulturen],_xlfn.AGGREGATE(15,6,(ROW(Liste_Ackerkulturen_Gemüse_DropDown[Ackerkulturen])-1)/(--(SEARCH(CI$2,Liste_Ackerkulturen_Gemüse_DropDown[Ackerkulturen])>0)),ROW()-2),1),"") -> Kümmel | CJ28: =IFERROR(INDEX(Liste_Ackerkulturen_Gemüse_DropDown[Ackerkulturen],_xlfn.AGGREGATE(15,6,(ROW(Liste_Ackerkulturen_Gemüse_DropDown[Ackerkulturen])-1)/(--(SEARCH(CK$2,Liste_Ackerkulturen_Gemüse_DropDown[Ackerkulturen])>0)),ROW()-2),1),"") -> Kümmel | CL28: =IFERROR(INDEX(Liste_Ackerkulturen_Gemüse_DropDown[Ackerkulturen],_xlfn.AGGREGATE(15,6,(ROW(Liste_Ackerkulturen_Gemüse_DropDown[Ackerkulturen])-1)/(--(SEARCH(CM$2,Liste_Ackerkulturen_Gemüse_DropDown[Ackerkulturen])>0)),ROW()-2),1),"") -> Kümmel | CN28: =IFERROR(INDEX(Liste_Ackerkulturen_Gemüse_DropDown[Ackerkulturen],_xlfn.AGGREGATE(15,6,(ROW(Liste_Ackerkulturen_Gemüse_DropDown[Ackerkulturen])-1)/(--(SEARCH(CO$2,Liste_Ackerkulturen_Gemüse_DropDown[Ackerkulturen])>0)),ROW()-2),1),"") -> Kümmel | CP28: =IFERROR(INDEX(Liste_Ackerkulturen_Gemüse_DropDown[Ackerkulturen],_xlfn.AGGREGATE(15,6,(ROW(Liste_Ackerkulturen_Gemüse_DropDown[Ackerkulturen])-1)/(--(SEARCH(CQ$2,Liste_Ackerkulturen_Gemüse_DropDown[Ackerkulturen])>0)),ROW()-2),1),"") -> Kümmel | CR28: =IFERROR(INDEX(Liste_Ackerkulturen_Gemüse_DropDown[Ackerkulturen],_xlfn.AGGREGATE(15,6,(ROW(Liste_Ackerkulturen_Gemüse_DropDown[Ackerkulturen])-1)/(--(SEARCH(CS$2,Liste_Ackerkulturen_Gemüse_DropDown[Ackerkulturen])>0)),ROW()-2),1),"") -> Kümmel
C29: =IF(J29<=0,"Der N-Saldo ist ok!","Der N-Saldo ist nicht ok!") -> Der N-Saldo ist ok! | I29: N-Saldo: | J29: =J28-J27 -> 0 | L29: P-Saldo | M29: =M27-M26 -> 0 | N29: =IF(Tabelle1!AO14=0,"Nicht im ÖPUL - keine Überprüfung von P!",IF(AND(M29>0,Mineral!H28<=0),"Ok! Kein Mineral-Phosphor am Betrieb!",IF(M29<=0,"Der P-Saldo ist ok!","Achtung, der P-Saldo ist zu hoch!"))) -> Der P-Saldo ist ok! | AI29: ja | AJ29: niedrig | AK29: niedrig | AM29: Kümmel | AN29: 95 | AO29: < 1,0 | AP29: 130 | AQ29: 1,0 - 1,5 | AR29: 155 | AS29: 1,5 - 1,7 | AT29: 170 | AU29: 1,7-1,9 | AV29: 180 | AW29: > 1,9 | AX29: 110 | AY29: 1,0 - 1,5 | AZ29: 110 | BA29: > 1,5 | BB29: 53 | BE29: Kümmel | BF29: 55 | BG29: 60 | BH29: 70 | BJ29: Kümmel | BK29: 70 | BL29: 80 | BM29: 90 | BS29: Ölkürbis | BT29: =IFERROR(INDEX(Liste_Ackerkulturen_Gemüse_DropDown[Ackerkulturen],_xlfn.AGGREGATE(15,6,(ROW(Liste_Ackerkulturen_Gemüse_DropDown[Ackerkulturen])-1)/(--(SEARCH(BU$2,Liste_Ackerkulturen_Gemüse_DropDown[Ackerkulturen])>0)),ROW()-2),1),"") -> Mohn | BV29: =IFERROR(INDEX(Liste_Ackerkulturen_Gemüse_DropDown[Ackerkulturen],_xlfn.AGGREGATE(15,6,(ROW(Liste_Ackerkulturen_Gemüse_DropDown[Ackerkulturen])-1)/(--(SEARCH(BW$2,Liste_Ackerkulturen_Gemüse_DropDown[Ackerkulturen])>0)),ROW()-2),1),"") -> Mohn | BX29: =IFERROR(INDEX(Liste_Ackerkulturen_Gemüse_DropDown[Ackerkulturen],_xlfn.AGGREGATE(15,6,(ROW(Liste_Ackerkulturen_Gemüse_DropDown[Ackerkulturen])-1)/(--(SEARCH(BY$2,Liste_Ackerkulturen_Gemüse_DropDown[Ackerkulturen])>0)),ROW()-2),1),"") -> Mohn | BZ29: =IFERROR(INDEX(Liste_Ackerkulturen_Gemüse_DropDown[Ackerkulturen],_xlfn.AGGREGATE(15,6,(ROW(Liste_Ackerkulturen_Gemüse_DropDown[Ackerkulturen])-1)/(--(SEARCH(CA$2,Liste_Ackerkulturen_Gemüse_DropDown[Ackerkulturen])>0)),ROW()-2),1),"") -> Mohn | CB29: =IFERROR(INDEX(Liste_Ackerkulturen_Gemüse_DropDown[Ackerkulturen],_xlfn.AGGREGATE(15,6,(ROW(Liste_Ackerkulturen_Gemüse_DropDown[Ackerkulturen])-1)/(--(SEARCH(CC$2,Liste_Ackerkulturen_Gemüse_DropDown[Ackerkulturen])>0)),ROW()-2),1),"") -> Mohn | CD29: =IFERROR(INDEX(Liste_Ackerkulturen_Gemüse_DropDown[Ackerkulturen],_xlfn.AGGREGATE(15,6,(ROW(Liste_Ackerkulturen_Gemüse_DropDown[Ackerkulturen])-1)/(--(SEARCH(CE$2,Liste_Ackerkulturen_Gemüse_DropDown[Ackerkulturen])>0)),ROW()-2),1),"") -> Mohn | CF29: =IFERROR(INDEX(Liste_Ackerkulturen_Gemüse_DropDown[Ackerkulturen],_xlfn.AGGREGATE(15,6,(ROW(Liste_Ackerkulturen_Gemüse_DropDown[Ackerkulturen])-1)/(--(SEARCH(CG$2,Liste_Ackerkulturen_Gemüse_DropDown[Ackerkulturen])>0)),ROW()-2),1),"") -> Mohn | CH29: =IFERROR(INDEX(Liste_Ackerkulturen_Gemüse_DropDown[Ackerkulturen],_xlfn.AGGREGATE(15,6,(ROW(Liste_Ackerkulturen_Gemüse_DropDown[Ackerkulturen])-1)/(--(SEARCH(CI$2,Liste_Ackerkulturen_Gemüse_DropDown[Ackerkulturen])>0)),ROW()-2),1),"") -> Mohn | CJ29: =IFERROR(INDEX(Liste_Ackerkulturen_Gemüse_DropDown[Ackerkulturen],_xlfn.AGGREGATE(15,6,(ROW(Liste_Ackerkulturen_Gemüse_DropDown[Ackerkulturen])-1)/(--(SEARCH(CK$2,Liste_Ackerkulturen_Gemüse_DropDown[Ackerkulturen])>0)),ROW()-2),1),"") -> Mohn | CL29: =IFERROR(INDEX(Liste_Ackerkulturen_Gemüse_DropDown[Ackerkulturen],_xlfn.AGGREGATE(15,6,(ROW(Liste_Ackerkulturen_Gemüse_DropDown[Ackerkulturen])-1)/(--(SEARCH(CM$2,Liste_Ackerkulturen_Gemüse_DropDown[Ackerkulturen])>0)),ROW()-2),1),"") -> Mohn | CN29: =IFERROR(INDEX(Liste_Ackerkulturen_Gemüse_DropDown[Ackerkulturen],_xlfn.AGGREGATE(15,6,(ROW(Liste_Ackerkulturen_Gemüse_DropDown[Ackerkulturen])-1)/(--(SEARCH(CO$2,Liste_Ackerkulturen_Gemüse_DropDown[Ackerkulturen])>0)),ROW()-2),1),"") -> Mohn | CP29: =IFERROR(INDEX(Liste_Ackerkulturen_Gemüse_DropDown[Ackerkulturen],_xlfn.AGGREGATE(15,6,(ROW(Liste_Ackerkulturen_Gemüse_DropDown[Ackerkulturen])-1)/(--(SEARCH(CQ$2,Liste_Ackerkulturen_Gemüse_DropDown[Ackerkulturen])>0)),ROW()-2),1),"") -> Mohn | CR29: =IFERROR(INDEX(Liste_Ackerkulturen_Gemüse_DropDown[Ackerkulturen],_xlfn.AGGREGATE(15,6,(ROW(Liste_Ackerkulturen_Gemüse_DropDown[Ackerkulturen])-1)/(--(SEARCH(CS$2,Liste_Ackerkulturen_Gemüse_DropDown[Ackerkulturen])>0)),ROW()-2),1),"") -> Mohn
C30: Kulturen und Ertragslage auswählen oder laut untenstehenden Tabellen eintragen | AI30: nein | AJ30: mittel | AK30: mittel | AM30: Mohn | AN30: 65 | AO30: < 0,6 | AP30: 90 | AQ30: 0,6 - 0,8 | AR30: 105 | AS30: 0,8 - 0,9 | AT30: 110 | AU30: 0,9 - 1 | AV30: 120 | AW30: > 1 | AX30: 70 | AY30: 0,6 - 0,8 | AZ30: 70 | BA30: > 0,8 | BB30: 100 | BE30: Mohn | BF30: 50 | BG30: 55 | BH30: 65 | BJ30: Mohn | BK30: 90 | BL30: 100 | BM30: 115 | BS30: Zwischenfrucht (futter) mit Leguminosen | BT30: =IFERROR(INDEX(Liste_Ackerkulturen_Gemüse_DropDown[Ackerkulturen],_xlfn.AGGREGATE(15,6,(ROW(Liste_Ackerkulturen_Gemüse_DropDown[Ackerkulturen])-1)/(--(SEARCH(BU$2,Liste_Ackerkulturen_Gemüse_DropDown[Ackerkulturen])>0)),ROW()-2),1),"") -> Ölkürbis | BV30: =IFERROR(INDEX(Liste_Ackerkulturen_Gemüse_DropDown[Ackerkulturen],_xlfn.AGGREGATE(15,6,(ROW(Liste_Ackerkulturen_Gemüse_DropDown[Ackerkulturen])-1)/(--(SEARCH(BW$2,Liste_Ackerkulturen_Gemüse_DropDown[Ackerkulturen])>0)),ROW()-2),1),"") -> Ölkürbis | BX30: =IFERROR(INDEX(Liste_Ackerkulturen_Gemüse_DropDown[Ackerkulturen],_xlfn.AGGREGATE(15,6,(ROW(Liste_Ackerkulturen_Gemüse_DropDown[Ackerkulturen])-1)/(--(SEARCH(BY$2,Liste_Ackerkulturen_Gemüse_DropDown[Ackerkulturen])>0)),ROW()-2),1),"") -> Ölkürbis | BZ30: =IFERROR(INDEX(Liste_Ackerkulturen_Gemüse_DropDown[Ackerkulturen],_xlfn.AGGREGATE(15,6,(ROW(Liste_Ackerkulturen_Gemüse_DropDown[Ackerkulturen])-1)/(--(SEARCH(CA$2,Liste_Ackerkulturen_Gemüse_DropDown[Ackerkulturen])>0)),ROW()-2),1),"") -> Ölkürbis | CB30: =IFERROR(INDEX(Liste_Ackerkulturen_Gemüse_DropDown[Ackerkulturen],_xlfn.AGGREGATE(15,6,(ROW(Liste_Ackerkulturen_Gemüse_DropDown[Ackerkulturen])-1)/(--(SEARCH(CC$2,Liste_Ackerkulturen_Gemüse_DropDown[Ackerkulturen])>0)),ROW()-2),1),"") -> Ölkürbis | CD30: =IFERROR(INDEX(Liste_Ackerkulturen_Gemüse_DropDown[Ackerkulturen],_xlfn.AGGREGATE(15,6,(ROW(Liste_Ackerkulturen_Gemüse_DropDown[Ackerkulturen])-1)/(--(SEARCH(CE$2,Liste_Ackerkulturen_Gemüse_DropDown[Ackerkulturen])>0)),ROW()-2),1),"") -> Ölkürbis | CF30: =IFERROR(INDEX(Liste_Ackerkulturen_Gemüse_DropDown[Ackerkulturen],_xlfn.AGGREGATE(15,6,(ROW(Liste_Ackerkulturen_Gemüse_DropDown[Ackerkulturen])-1)/(--(SEARCH(CG$2,Liste_Ackerkulturen_Gemüse_DropDown[Ackerkulturen])>0)),ROW()-2),1),"") -> Ölkürbis | CH30: =IFERROR(INDEX(Liste_Ackerkulturen_Gemüse_DropDown[Ackerkulturen],_xlfn.AGGREGATE(15,6,(ROW(Liste_Ackerkulturen_Gemüse_DropDown[Ackerkulturen])-1)/(--(SEARCH(CI$2,Liste_Ackerkulturen_Gemüse_DropDown[Ackerkulturen])>0)),ROW()-2),1),"") -> Ölkürbis | CJ30: =IFERROR(INDEX(Liste_Ackerkulturen_Gemüse_DropDown[Ackerkulturen],_xlfn.AGGREGATE(15,6,(ROW(Liste_Ackerkulturen_Gemüse_DropDown[Ackerkulturen])-1)/(--(SEARCH(CK$2,Liste_Ackerkulturen_Gemüse_DropDown[Ackerkulturen])>0)),ROW()-2),1),"") -> Ölkürbis | CL30: =IFERROR(INDEX(Liste_Ackerkulturen_Gemüse_DropDown[Ackerkulturen],_xlfn.AGGREGATE(15,6,(ROW(Liste_Ackerkulturen_Gemüse_DropDown[Ackerkulturen])-1)/(--(SEARCH(CM$2,Liste_Ackerkulturen_Gemüse_DropDown[Ackerkulturen])>0)),ROW()-2),1),"") -> Ölkürbis | CN30: =IFERROR(INDEX(Liste_Ackerkulturen_Gemüse_DropDown[Ackerkulturen],_xlfn.AGGREGATE(15,6,(ROW(Liste_Ackerkulturen_Gemüse_DropDown[Ackerkulturen])-1)/(--(SEARCH(CO$2,Liste_Ackerkulturen_Gemüse_DropDown[Ackerkulturen])>0)),ROW()-2),1),"") -> Ölkürbis | CP30: =IFERROR(INDEX(Liste_Ackerkulturen_Gemüse_DropDown[Ackerkulturen],_xlfn.AGGREGATE(15,6,(ROW(Liste_Ackerkulturen_Gemüse_DropDown[Ackerkulturen])-1)/(--(SEARCH(CQ$2,Liste_Ackerkulturen_Gemüse_DropDown[Ackerkulturen])>0)),ROW()-2),1),"") -> Ölkürbis | CR30: =IFERROR(INDEX(Liste_Ackerkulturen_Gemüse_DropDown[Ackerkulturen],_xlfn.AGGREGATE(15,6,(ROW(Liste_Ackerkulturen_Gemüse_DropDown[Ackerkulturen])-1)/(--(SEARCH(CS$2,Liste_Ackerkulturen_Gemüse_DropDown[Ackerkulturen])>0)),ROW()-2),1),"") -> Ölkürbis
AJ31: hoch 1 | AK31: hoch | AM31: Ölkürbis | AN31: 65 | AO31: > 0,6 | AP31: 90 | AQ31: 0,6 - 0,8 | AR31: 105 | AS31: > 0,8 | AT31: 105 | AU31: > 0,8 | AV31: 105 | AW31: > 0,8 | AX31: 80 | AY31: 0,6 - 0,8 | AZ31: 100 | BA31: > 0,8 | BE31: Ölkürbis | BF31: 45 | BG31: 50 | BH31: 65 | BJ31: Ölkürbis | BK31: 160 | BL31: 180 | BM31: 205 | BS31: Zwischenfrucht (futter) ohne Leguminosen | BT31: =IFERROR(INDEX(Liste_Ackerkulturen_Gemüse_DropDown[Ackerkulturen],_xlfn.AGGREGATE(15,6,(ROW(Liste_Ackerkulturen_Gemüse_DropDown[Ackerkulturen])-1)/(--(SEARCH(BU$2,Liste_Ackerkulturen_Gemüse_DropDown[Ackerkulturen])>0)),ROW()-2),1),"") -> Zwischenfrucht (futter) mit Leguminosen | BV31: =IFERROR(INDEX(Liste_Ackerkulturen_Gemüse_DropDown[Ackerkulturen],_xlfn.AGGREGATE(15,6,(ROW(Liste_Ackerkulturen_Gemüse_DropDown[Ackerkulturen])-1)/(--(SEARCH(BW$2,Liste_Ackerkulturen_Gemüse_DropDown[Ackerkulturen])>0)),ROW()-2),1),"") -> Zwischenfrucht (futter) mit Leguminosen | BX31: =IFERROR(INDEX(Liste_Ackerkulturen_Gemüse_DropDown[Ackerkulturen],_xlfn.AGGREGATE(15,6,(ROW(Liste_Ackerkulturen_Gemüse_DropDown[Ackerkulturen])-1)/(--(SEARCH(BY$2,Liste_Ackerkulturen_Gemüse_DropDown[Ackerkulturen])>0)),ROW()-2),1),"") -> Zwischenfrucht (futter) mit Leguminosen | BZ31: =IFERROR(INDEX(Liste_Ackerkulturen_Gemüse_DropDown[Ackerkulturen],_xlfn.AGGREGATE(15,6,(ROW(Liste_Ackerkulturen_Gemüse_DropDown[Ackerkulturen])-1)/(--(SEARCH(CA$2,Liste_Ackerkulturen_Gemüse_DropDown[Ackerkulturen])>0)),ROW()-2),1),"") -> Zwischenfrucht (futter) mit Leguminosen | CB31: =IFERROR(INDEX(Liste_Ackerkulturen_Gemüse_DropDown[Ackerkulturen],_xlfn.AGGREGATE(15,6,(ROW(Liste_Ackerkulturen_Gemüse_DropDown[Ackerkulturen])-1)/(--(SEARCH(CC$2,Liste_Ackerkulturen_Gemüse_DropDown[Ackerkulturen])>0)),ROW()-2),1),"") -> Zwischenfrucht (futter) mit Leguminosen | CD31: =IFERROR(INDEX(Liste_Ackerkulturen_Gemüse_DropDown[Ackerkulturen],_xlfn.AGGREGATE(15,6,(ROW(Liste_Ackerkulturen_Gemüse_DropDown[Ackerkulturen])-1)/(--(SEARCH(CE$2,Liste_Ackerkulturen_Gemüse_DropDown[Ackerkulturen])>0)),ROW()-2),1),"") -> Zwischenfrucht (futter) mit Leguminosen | CF31: =IFERROR(INDEX(Liste_Ackerkulturen_Gemüse_DropDown[Ackerkulturen],_xlfn.AGGREGATE(15,6,(ROW(Liste_Ackerkulturen_Gemüse_DropDown[Ackerkulturen])-1)/(--(SEARCH(CG$2,Liste_Ackerkulturen_Gemüse_DropDown[Ackerkulturen])>0)),ROW()-2),1),"") -> Zwischenfrucht (futter) mit Leguminosen | CH31: =IFERROR(INDEX(Liste_Ackerkulturen_Gemüse_DropDown[Ackerkulturen],_xlfn.AGGREGATE(15,6,(ROW(Liste_Ackerkulturen_Gemüse_DropDown[Ackerkulturen])-1)/(--(SEARCH(CI$2,Liste_Ackerkulturen_Gemüse_DropDown[Ackerkulturen])>0)),ROW()-2),1),"") -> Zwischenfrucht (futter) mit Leguminosen | CJ31: =IFERROR(INDEX(Liste_Ackerkulturen_Gemüse_DropDown[Ackerkulturen],_xlfn.AGGREGATE(15,6,(ROW(Liste_Ackerkulturen_Gemüse_DropDown[Ackerkulturen])-1)/(--(SEARCH(CK$2,Liste_Ackerkulturen_Gemüse_DropDown[Ackerkulturen])>0)),ROW()-2),1),"") -> Zwischenfrucht (futter) mit Leguminosen | CL31: =IFERROR(INDEX(Liste_Ackerkulturen_Gemüse_DropDown[Ackerkulturen],_xlfn.AGGREGATE(15,6,(ROW(Liste_Ackerkulturen_Gemüse_DropDown[Ackerkulturen])-1)/(--(SEARCH(CM$2,Liste_Ackerkulturen_Gemüse_DropDown[Ackerkulturen])>0)),ROW()-2),1),"") -> Zwischenfrucht (futter) mit Leguminosen | CN31: =IFERROR(INDEX(Liste_Ackerkulturen_Gemüse_DropDown[Ackerkulturen],_xlfn.AGGREGATE(15,6,(ROW(Liste_Ackerkulturen_Gemüse_DropDown[Ackerkulturen])-1)/(--(SEARCH(CO$2,Liste_Ackerkulturen_Gemüse_DropDown[Ackerkulturen])>0)),ROW()-2),1),"") -> Zwischenfrucht (futter) mit Leguminosen | CP31: =IFERROR(INDEX(Liste_Ackerkulturen_Gemüse_DropDown[Ackerkulturen],_xlfn.AGGREGATE(15,6,(ROW(Liste_Ackerkulturen_Gemüse_DropDown[Ackerkulturen])-1)/(--(SEARCH(CQ$2,Liste_Ackerkulturen_Gemüse_DropDown[Ackerkulturen])>0)),ROW()-2),1),"") -> Zwischenfrucht (futter) mit Leguminosen | CR31: =IFERROR(INDEX(Liste_Ackerkulturen_Gemüse_DropDown[Ackerkulturen],_xlfn.AGGREGATE(15,6,(ROW(Liste_Ackerkulturen_Gemüse_DropDown[Ackerkulturen])-1)/(--(SEARCH(CS$2,Liste_Ackerkulturen_Gemüse_DropDown[Ackerkulturen])>0)),ROW()-2),1),"") -> Zwischenfrucht (futter) mit Leguminosen
